Workbook

Sheet Deckblatt
B1: zurück zum Cockpit
C7: immocation
C18: Bei dieser Excel-Datei handelt es sich um ein kostenpflichtiges Produkt, welches unter der u.s. Internetadresse erworben werden kann. Die Datei darf ohne Zustimmung weder vervielfältigt, noch weitergegeben oder sonst irgendwie anderen Benutzern zugänglich gemacht werden. Microsoft Excel ist ein Produkt der Firma Microsoft. Wir stehen in keinerlei rechtlicher Beziehung zu Microsoft und handeln auch nicht in Microsofts Namen. Wir weisen ausdrücklich darauf hin, dass wir keinerlei Rechts-, Steuer- oder Finanzberatung erbringen und die geschilderte Rechtslage zum Teil zur besseren Verständlichkeit und Lesbarkeit außerdem auch vereinfacht dargestellt wurde. Alle von uns erteilten Ratschläge fußen ausschließlich auf unserer persönlichen Erfahrung und unserer persönlichen Meinung. Auch wenn wir jede unserer Empfehlungen mit größtmöglicher Sorgfalt und umfangreicher Recherche entwickelt und fortlaufend kritisch hinterfragt haben, können wir hierfür keinerlei Gewähr bieten. Gleiches gilt auch für die Vollständigkeit und Richtigkeit der dargestellten Rechtslage. Die erteilten Ratschläge können ferner auch keine fundierte und auf den Einzelfall zugeschnittene Rechts-, Steuer- oder Finanzberatung ersetzen. Wir können daher weder eine Erfolgsgarantie für die von uns abgegebenen Empfehlungen noch eine Haftung für evtl. Folgen ihrer Anwendung übernehmen. Auch sämtliche Kalkulationstools wurden mit größter Sorgfalt erstellt. Wir haben durch mehrfache Überprüfungen bestmöglich versucht, Berechnungsfehler auszuschließen. Trotzdem können Fehler nicht vollständig ausgeschlossen werden. Daher können wir keine juristische Verantwortung und keinerlei Haftung für eventuell verbliebene Fehler und deren Folgen übernehmen. Um etwaige Fehler so weit wie möglich auszuschließen, empfehlen wir dringend und in jedem Fall eigenständige Kontrollrechnungen durchzuführen und ggf. zusätzlichen Fachrat eines Rechts-, Steuer- oder Finanzberaters einzuholen.
C41: Copyright 2022
C42: www.immocation.de

Sheet Cockpit
C1: Cockpit | D1: Bankgespräch | G1: Kennzahlen im Verlauf | J1: Szenarien-Vergleich | M1: Diagramme | N1: MFH | P1: Sanierungsplaner | S1: Tabelle entsperren
B6: Objekt und Investition | G6: Miete, Steuern, Rücklagen | J6: Bewirtschaftungskosten | M6: Finanzierung | P6: Kennzahlen heute | S6: Kennzahlen in der Zukunft | V6: Profi Kenzahlen
B8: Objekt und Kaufdatum | G8: Soll-Miete pro Monat | J8: Bewirtschaftungskosten pro Monat | M8: Gesamt-Finanzierung | P8: Vermögenszuwachs | S8: Betrachtungszeitpunkt | V8: Break-Even
B9: Adresse | C9: Andréstraße 19-21 | G9: Kaltmiete Wohnfläche pro qm | H9: 16 | J9: Umlagefähig | K9: =K22 -> 259.49333 | M9: Darlehenssumme | N9: =N17+N25+N32+N39 -> 318000 | P9: Vermögenszuwachs p.a. | Q9: =12*(-Q22+Q25)+'Wert, AfA, Darlehen'!D11 -> 14984.3 | S9: Hochrechnung für das Jahr | T9: 2044 | V9: Cashflow nach Steuern erstmals positiv | W9: =IFERROR(OFFSET('Miete, Cashflow, Steuern'!C51,0,MATCH(TRUE,INDEX('Miete, Cashflow, Steuern'!$D$62:$BA$62>0,0),0)),"-") -> 2020
B10: Kaufdatum | C10: 43983 | D10: Kürzel | G10: Kaltmiete Wohnfläche gesamt | H10: =C11*H9 -> 1248 | J10: Nicht umlagefähig | K10: =K30 -> 58.333333 | M10: Eigenkapital | N10: =E34-N9 -> 78528.1 | P10: ohne Wertsteigerung | Q10: =Q9-'Wert, AfA, Darlehen'!D11 -> 7836.3001 | S10: entspricht Jahre nach dem Kauf | T10: =T9-'Wert, AfA, Darlehen'!D33 -> 24 | V10: Kumulierter Cashflow bis dahin | W10: =OFFSET('Miete, Cashflow, Steuern'!C66,0,MATCH(TRUE,INDEX('Miete, Cashflow, Steuern'!$D$62:$BA$62>0,0),0)-1) -> 0
B11: Wohnfläche | C11: 78 | D11: Stellplätze | E11: 1 | G11: + Stellplätze | H11: 85 | J11: entspricht % der Nettokaltmiete | K11: =K10/H15 -> 0.04376094 | M11: Zinssatz gewichtet | N11: =IF(N9=0,"n/a",((N18*$N$17)+(N26*$N$25)+(N33*$N$32)+(N40*$N$39))/$N$9) -> 0.0198 | V11: Kumulierter Cashflow erstmals positiv | W11: =IFERROR(OFFSET('Miete, Cashflow, Steuern'!C51,0,MATCH(TRUE,INDEX('Miete, Cashflow, Steuern'!$D$66:$BA$66>0,0),0)),"-") -> 2020
G12: + Sonstiges | H12: 0 | J12: Insgesamt | K12: =K9+K10 -> 317.82667 | M12: Anfängliche Tilgung gewichtet | N12: =IF(N9=0,"n/a",((N19*$N$17)+(N27*$N$25)+(N34*$N$32)+(N41*$N$39))/$N$9) -> 0.0175 | P12: Miete und Mietrendite | S12: Miete und Wert | V12: Kum. Cashflow inkl. EK erstmals positiv | W12: =IFERROR(OFFSET('Miete, Cashflow, Steuern'!C51,0,MATCH(TRUE,INDEX('Miete, Cashflow, Steuern'!$D$67:$BA$67>0,0),0)),"-") -> 2047
B13: Kaufpreis und Kaufnebenkosten | G13: = Nettokaltmiete | H13: =H10+H11+H12 -> 1333 | M13: Kapitaldienst pro Monat | N13: =N20+N28+N35+N42 -> 988.45 | P13: Nettokaltmiete pro Jahr | Q13: =12*H15 -> 15996 | S13: Nettokaltmiete pro Jahr | T13: =OFFSET('Miete, Cashflow, Steuern'!D12,,Cockpit!T10)*12 -> 20647.303
B14: Kaufpreis | D14: 357400 | G14: Nettokaltmiete laut MFH-Kalkulator | H14: ='MFH-Kalkulator'!E12 -> 1268.75 | P14: Bruttomietrendite | Q14: =Q13/D14 -> 0.044756575 | S14: pro qm und Monat | T14: =T13/12/C11 -> 22.059084 | V14: Wertschätzung über Kaufpreisfaktor
B15: pro m² | D15: =D14/C11 -> 4582.0513 | G15: = Nettokaltmiete (effektiv) | H15: =IF('MFH-Kalkulator'!$C$6="Ein",H14,H13) -> 1333 | J15: Hausgeld | M15: Darlehen I | P15: Faktor | Q15: =D14/Q13 -> 22.343086 | S15: Wert der Immobilie (Jahresende) | T15: =OFFSET('Wert, AfA, Darlehen'!E8,,Cockpit!T10) -> 586352.58 | V15: Nettokaltmiete pro Jahr | W15: =OFFSET('Miete, Cashflow, Steuern'!D12,,Cockpit!T10)*12 -> 20647.303
B16: Makler | D16: 0 | E16: =D16*$D$14 -> 0 | G16: + Umlagefähige Kosten | H16: =K9 -> 259.49333 | J16: Hausgeld insgesamt | K16: =K19+K25 -> 262.44333 | M16: Darlehenssumme % Kaufpreis | N16: =318000/D14 -> 0.88975937 | P16: Nettomietrendite | Q16: =(Q13-12*K10)/E34 -> 0.03857482 | S16: pro qm | T16: =T15/C11 -> 7517.3408 | V16: Faktor | W16: 30
B17: Notar | D17: 0.0065 | E17: =D17*$D$14 -> 2323.1 | G17: = Warmmiete | H17: =H15+H16 -> 1592.4933 | M17: Darlehenssumme | N17: =N16*D14 -> 318000 | V17: Wert der Immobilie | W17: =W15*W16 -> 619419.08
B18: Grundbuch Amt | D18: 0.005 | E18: =D18*$D$14 -> 1787 | J18: Umlagefähige Kosten | M18: Zinssatz | N18: 0.0198 | P18: Cashflow pro Monat (Überschuss) | S18: Cashflow pro Monat (Überschuss) | V18: pro qm | W18: =W17/C11 -> 7941.2702
B19: Grunderwerbssteuer | D19: 0.06 | E19: =D19*$D$14 -> 21444 | G19: Steuern | J19: Hausgeld (umlagefähiger Teil) | K19: 204.11 | M19: Anfängliche Tilgung | N19: 0.0175 | P19: Warmmiete | Q19: =H17 -> 1592.4933 | S19: Warmmiete | T19: =OFFSET('Miete, Cashflow, Steuern'!D14,,Cockpit!T10) -> 2050.0962
B20: Sonstige | D20: 0.01 | E20: =D20*$D$14 -> 3574 | G20: AfA Satz | H20: 0.02 | J20: Grundsteuer | K20: =(166.15+166.15+332.3)/12 -> 55.383333 | M20: Kapitaldienst pro Monat | N20: =(N18+N19)*N17/12 -> 988.45 | P20: - Bewirtschaftungskosten | Q20: =-K12 -> -317.82667 | S20: - Bewirtschaftungskosten | T20: =OFFSET('Miete, Cashflow, Steuern'!D57,,Cockpit!T10) -> -403.55553 | V20: Zinsänderungsrisiko
B21: Summe | D21: =SUM(D16:D20) -> 0.0815 | E21: =SUM(E16:E20) -> 29128.1 | G21: Anteil Gebäude an Kaufpreis | H21: 0.78 | J21: Sonstiges | K21: =K38 -> 0 | M21: Jahr der Volltilgung | N21: =IFERROR(HLOOKUP(0,'Wert, AfA, Darlehen'!D46:BA101,56,FALSE),"-") -> 2058 | P21: - Zinsen | Q21: =-N11*N9/12 -> -524.7 | S21: - Zinsen | T21: =-OFFSET('Wert, AfA, Darlehen'!D106,,Cockpit!T10)/12 -> -246.0395 | V21: Monatl. Zinsen für CF 0 nach Steuern | W21: =-(T21-T25/(1-T33)) -> 742.46111
G22: Basis für langfristige Abschreibung | H22: =H21*(D14+E21)+SUMIF(D26:D29,"Aktivieren",C26:C29) -> 311491.92 | J22: Summe | K22: =SUM(K19:K21) -> 259.49333 | P22: - Tilgung | Q22: =-N12*N9/12 -> -463.75 | S22: - Tilgung | T22: =-OFFSET('Wert, AfA, Darlehen'!D110,,Cockpit!T10)/12 -> -742.4105 | V22: = Zinssatz gewichtet (p.a.) | W22: =IF(OFFSET('Wert, AfA, Darlehen'!D102,,Cockpit!T10)=0,"n/a",W21*12/OFFSET('Wert, AfA, Darlehen'!D102,,Cockpit!T10)) -> 0.059749471
P23: = Cashflow operativ | Q23: =SUM(Q19:Q22) -> 286.21667 | S23: = Cashflow operativ | T23: =SUM(T19:T22) -> 658.09069
B24: Anfängliche Investitionen | G24: Rücklagen | J24: Nicht umlagefähige Kosten | M24: Darlehen II | P24: - Steuern | Q24: =-Q34 -> -96.941657 | S24: - Steuern | T24: =-T34 -> -370.16616 | V24: Vermögenszuwachs bis Jahresende
B25: Was | C25: Kosten | D25: Steuerlich | E25: Wertsteig. | G25: Kalkulatorischer Mietausfall | H25: 0 | J25: Hausgeld (nicht umlagefähiger Teil) | K25: =700/12 -> 58.333333 | M25: Darlehenssumme | N25: 0 | P25: = Cashflow nach Steuern | Q25: =Q23+Q24 -> 189.27501 | S25: = Cashflow nach Steuern | T25: =T23+T24 -> 287.92453 | V25: Wert der Immobilie | W25: =OFFSET('Wert, AfA, Darlehen'!E8,,Cockpit!T10) -> 586352.58
B26: Küche | C26: 5000 | D26: Aktivieren | E26: 0 | G26: Eigene Instandhalt.-Rückl. (pro m² p.a.) | H26: 0 | J26: davon WEG Rücklage | K26: =333/12 -> 27.75 | M26: Zinssatz | N26: 0 | V26: - Restschuld Darlehen | W26: =-OFFSET('Wert, AfA, Darlehen'!D114,,Cockpit!T10) -> -140205.92
B27: Sonstiges | C27: 5000 | D27: Aktivieren | G27: Empfohlene eigene Instandhalt.-Rückl. | H27: =((H21*D14)*(1/80*1.5)-(12*K26))/C11 -> 62.743269 | J27: + Eigene Instandhaltungsrücklage | K27: =C11*H26/12 -> 0 | M27: Anfängliche Tilgung | N27: 0 | P27: Nebenrechnung Steuer (Monatsbasis) | S27: Nebenrechnung Steuer (Monatsbasis) | V27: - Eigenkapital Einsatz | W27: =-N10 -> -78528.1
B28: Sonstiges | C28: 0 | D28: Aktivieren | J28: + Kalkulatorischer Mietausfall | K28: =H25*H17 -> 0 | M28: Kapitaldienst pro Monat | N28: =(N26+N27)*N25/12 -> 0 | P28: Warmmiete | Q28: =Q19 -> 1592.4933 | S28: Warmmiete | T28: =T19 -> 2050.0962 | V28: + Kumulierter Cashflow | W28: =OFFSET('Miete, Cashflow, Steuern'!D66,,Cockpit!T10) -> 71567.727
B29: Sonstiges | C29: 0 | D29: Aktivieren | G29: Prognose | J29: + Sonstiges | K29: =K46 -> 0 | M29: Jahr der Volltilgung | N29: =HLOOKUP(0,'Wert, AfA, Darlehen'!D63:BA101,39,FALSE) -> 2020 | P29: - Bewirt.-Kosten ohne eigene Rückl. | Q29: =-K12+K27+K28 -> -317.82667 | S29: - Bewirt.-Kosten ohne eigene Rückl. | T29: =OFFSET('Miete, Cashflow, Steuern'!D72,,Cockpit!T10) -> -403.55553 | V29: = Vermögenszuwachs | W29: =SUM(W25:W28) -> 439186.29
B30: Summe | C30: =SUM(C26:C29) -> 10000 | D30: Summe | E30: =SUM(E26:E29) -> 0 | G30: Kostensteigerung p.a. | H30: 0.01 | J30: = Summe | K30: =K25+K27+K28+K29 -> 58.333333 | P30: - Zinsen | Q30: =Q21 -> -524.7 | S30: - Zinsen | T30: =T21 -> -246.0395
B31: 15% Grenze | C31: =0.15*H21*(D14+E21)*1.19 -> 53816.307 | D31: Neuer Wert | E31: =D14+E30 -> 357400 | G31: Mietsteigerung p.a. | H31: 0.015 | M31: Darlehen III | P31: - Abschreibung (AfA) | Q31: =-'Wert, AfA, Darlehen'!D21-'Wert, AfA, Darlehen'!D29 -> -519.1532 | S31: - Abschreibung (AfA) | T31: =-OFFSET('Wert, AfA, Darlehen'!D21,,Cockpit!T10)-OFFSET('Wert, AfA, Darlehen'!D29,,Cockpit!T10) -> -519.1532 | V31: Beleihungsreserve
G32: Wertsteigerung p.a. | H32: 0.02 | J32: Sonstige umlagefähige Kosten (Details) | M32: Darlehenssumme | N32: 0 | P32: = zu versteuernder Cashflow | Q32: =SUM(Q28:Q31) -> 230.81347 | S32: = zu versteuernder Cashflow | T32: =SUM(T28:T31) -> 881.34799 | V32: Wert der Immobilie | W32: =W25 -> 586352.58
B33: Gesamtinvestitionskosten | J33: Kostenposition I | M33: Zinssatz | N33: 0 | P33: * persönlicher Grenzsteuersatz | Q33: 0.42 | S33: * persönlicher Grenzsteuersatz | T33: =OFFSET('Miete, Cashflow, Steuern'!D76,,Cockpit!T10) -> 0.42 | V33: - Restschuld Darlehen | W33: =W26 -> -140205.92
B34: Summe | E34: =D14+E21+C30 -> 396528.1 | J34: Kostenposition II | M34: Anfängliche Tilgung | N34: 0 | P34: = Steuern | Q34: =Q33*Q32 -> 96.941657 | S34: = Steuern | T34: =T33*T32 -> 370.16616 | V34: = Beleihungsreserve | W34: =W32+W33 -> 446146.66
J35: Kostenposition III | M35: Kapitaldienst pro Monat | N35: =(N33+N34)*N32/12 -> 0
J36: Kostenposition IV | M36: Jahr der Volltilgung | N36: =HLOOKUP(0,'Wert, AfA, Darlehen'!D80:BA101,22,FALSE) -> 2020 | P36: Eigenkapitalrendite | V36: Kontostand
J37: Weitere Kosten | P37: Eigenkapitalrendite p.a. | Q37: =IF(N10>0,Q9/N10,"n/a") -> 0.1908145 | V37: Eigenkapital Einsatz (anfänglich) | W37: =W27 -> -78528.1
J38: Summe | K38: =SUM(K33:K37) -> 0 | M38: Darlehen IV | P38: ohne Wertsteigerung | Q38: =Q10/N10 -> 0.099789758 | V38: + Kumulierter Cashflow | W38: =W28 -> 71567.727
M39: Darlehenssumme | N39: 0 | V39: = Kontostand | W39: =W37+W38 -> -6960.3728
J40: Sonstige nicht umlagefähige Kosten (Details) | M40: Zinssatz
J41: Kostenposition I | M41: Anfängliche Tilgung
J42: Kostenposition II | M42: Kapitaldienst pro Monat | N42: =(N40+N41)*N39/12 -> 0
J43: Kostenposition III | M43: Jahr der Volltilgung | N43: =HLOOKUP(0,'Wert, AfA, Darlehen'!D97:BA101,5,FALSE) -> 2020
J44: Kostenposition IV
J45: Weitere Kosten
J46: Summe | K46: =SUM(K41:K45) -> 0
B49: Keine Gewähr für die Richtigkeit der Angaben. Dieses Tool ersetzt keine fundierte Rechts-, Steuer- oder Finanzberatung. Mehr Details hier.

Sheet Bankgespräch
C1: zurück zum Cockpit | E1: Bankgespräch
B6: Investitionsübersicht für das Bankgespräch | N6: Erhalte bessere Darlehen:
C8: =Cockpit!C9 -> Andréstraße 19-21 | I8: =Cockpit!C10 -> 43983 | N8: Drucke diese Übersicht aus, um deiner Bank dein Investment vorzustellen. Alle Zahlen stammen aus den vorhandenen Berechnungen. Für noch mehr Transparenz drucke auch die Tabelle "Cockpit". So zeigst du, dass du deine Zahlen wirklich im Griff hast und erhöhst deine Chance auf beste Konditionen.
N18: Um deiner Bank deine persönlichen finanziellen Verhältnisse darzustellen, kannst du folgende Vorlagen verwenden:
N23: zur Vorlage: Haushaltsrechnung
N24: zur Vorlage: Vermögensübersicht
C25: Investition | F25: Finanzierung | I25: Rentabilität
C27: Objektdetails | F27: Haupt-Darlehen | I27: Erwartete Mieteinkünfte | N27: Um die Bilder zu ändern, klicke mit rechts auf das Bild und wähle "Bild ändern".
C28: Wohnfläche | D28: =Cockpit!C11 -> 78 | F28: Summe | G28: =Cockpit!N17 -> 318000 | I28: Nettokaltmiete | J28: =Cockpit!H15 -> 1333
C29: Kaufpreis pro qm | D29: =D33/D28 -> 4582.0513 | F29: Anfängliche Tilgung | G29: =Cockpit!N19 -> 0.0175 | I29: Bruttomietrendite | J29: =Cockpit!Q14 -> 0.044756575
F30: Annahme Zinsen | G30: =Cockpit!N18 -> 0.0198 | I30: Kaufpreis Multiplikator | J30: =Cockpit!Q15 -> 22.343086
C32: Kapitalbedarf | F32: Weitere Darlehen | I32: Monatlicher Cashflow (Jahr 1)
C33: Kaufpreis | D33: =Cockpit!D14 -> 357400 | F33: Summe | G33: =Cockpit!N9-Cockpit!N17 -> 0 | I33: Nettokaltmiete | J33: =Cockpit!H15 -> 1333
C34: Kaufnebenkosten | D34: =Cockpit!E21 -> 29128.1 | F34: Anfängliche Tilgung | G34: =(Cockpit!N12*Cockpit!N9-Cockpit!N19*Cockpit!N17)/(Cockpit!N9-Cockpit!N17) -> #DIV/0! | I34: =CONCATENATE("- Bewirtschaftungskosten (",TEXT(Cockpit!K11*100,"#"),"%)") -> - Bewirtschaftungskosten (4%) | J34: =Cockpit!K10 -> 58.333333
C35: Zusätzl. Investitionsbedarf | D35: =Cockpit!C30 -> 10000 | F35: Annahme Zinsen | G35: =(Cockpit!N11*Cockpit!N9-Cockpit!N18*Cockpit!N17)/(Cockpit!N9-Cockpit!N17) -> #DIV/0! | I35: - Zinsen | J35: =-Cockpit!Q21 -> 524.7
C36: Gesamtinvestitionskosten | D36: =SUM(D33:D35) -> 396528.1 | I36: - Tilgung | J36: =-Cockpit!Q22 -> 463.75
F37: Eigenkapital | I37: = monatlicher Cashflow | J37: =J33-SUM(J34:J36) -> 286.21667
F38: Summe | G38: =Cockpit!N10 -> 78528.1
I42: Einnahme | J42: Ausgabe
H43: Nettokaltmiete | I43: =Cockpit!H15 -> 1333
H44: Bewirt.-Kosten (nicht umlagefähig) | J44: =Cockpit!K10 -> 58.333333
H45: Zinsen | J45: =-Cockpit!Q21 -> 524.7
H46: Tilgung | J46: =-Cockpit!Q22 -> 463.75
B56: Keine Gewähr für die Richtigkeit der Angaben. Dieses Tool ersetzt keine fundierte Rechts-, Steuer- oder Finanzberatung. Mehr Details hier.

Sheet Miete, Cashflow, Steuern
B1: zurück zum Cockpit | E1: Miete, Investments, Cashflow, Steuern | J1: zu Wert, Abschreibung und Darlehen wechseln
B6: Miete pro Monat
D7: ='Wert, AfA, Darlehen'!D7 -> 2020 | E7: ='Wert, AfA, Darlehen'!E7 -> 2021 | F7: ='Wert, AfA, Darlehen'!F7 -> 2022 | G7: ='Wert, AfA, Darlehen'!G7 -> 2023 | H7: ='Wert, AfA, Darlehen'!H7 -> 2024 | I7: ='Wert, AfA, Darlehen'!I7 -> 2025 | J7: ='Wert, AfA, Darlehen'!J7 -> 2026 | K7: ='Wert, AfA, Darlehen'!K7 -> 2027 | ... BA7: ='Wert, AfA, Darlehen'!BA7 -> 2069
B8: Nettokaltmiete vor Erhöhung | E8: =D10 -> 1333 | F8: =E10 -> 1333 | G8: =F10 -> 1363.659 | H8: =G10 -> 1363.659 | I8: =H10 -> 1397.7505 | J8: =I10 -> 1397.7505 | K8: =J10 -> 1431.2965 | L8: =K10 -> 1431.2965 | ... BA8: =AZ10 -> 2182.1477
B9: + geplante Mieterhöhung | E9: 0 | F9: 0.023 | G9: 0 | H9: 0.025 | I9: 0 | J9: 0.024 | K9: 0 | L9: 0.023 | M9: 0 | N9: 0.023 | O9: 0 | P9: 0.02 | Q9: 0 | R9: 0.02 | S9: 0 | T9: 0.02 | U9: 0 | V9: 0.02 | W9: 0 | X9: 0.02 | Y9: 0 | Z9: 0.02 | AA9: 0 | AB9: 0.02 | AC9: 0 | AD9: 0.02 | AE9: 0 | AF9: 0.02 | AG9: 0 | AH9: 0.02 | AI9: 0 | AJ9: 0.02 | AK9: 0 | AL9: 0.02 | AM9: 0 | AN9: 0.02 | AO9: 0 | AP9: 0.02 | AQ9: 0 | AR9: 0.02 | AS9: 0 | AT9: 0.02 | AU9: 0 | AV9: 0.02 | AW9: 0 | AX9: 0.02 | AY9: 0 | AZ9: 0.02 | BA9: 0
B10: = Nettokaltmiete | D10: =Cockpit!H15 -> 1333 | E10: =E8*(1+E9) -> 1333 | F10: =F8*(1+F9) -> 1363.659 | G10: =G8*(1+G9) -> 1363.659 | H10: =H8*(1+H9) -> 1397.7505 | I10: =I8*(1+I9) -> 1397.7505 | J10: =J8*(1+J9) -> 1431.2965 | K10: =K8*(1+K9) -> 1431.2965 | L10: =L8*(1+L9) -> 1464.2163 | ... BA10: =BA8*(1+BA9) -> 2182.1477
B11: Nettokaltmiete laut MFH-Kalkulator | D11: ='MFH-Kalkulator'!E12 -> 1268.75 | E11: ='MFH-Kalkulator'!F12 -> 1287.7812 | F11: ='MFH-Kalkulator'!G12 -> 1307.098 | G11: ='MFH-Kalkulator'!H12 -> 1326.7044 | H11: ='MFH-Kalkulator'!I12 -> 1346.605 | I11: ='MFH-Kalkulator'!J12 -> 1366.8041 | J11: ='MFH-Kalkulator'!K12 -> 1387.3061 | K11: ='MFH-Kalkulator'!L12 -> 1408.1157 | ... BA11: ='MFH-Kalkulator'!BB12 -> 2631.553
B12: = Nettokaltmiete (effektiv) | D12: =IF('MFH-Kalkulator'!$C$6="Ein",'Miete, Cashflow, Steuern'!D11,'Miete, Cashflow, Steuern'!D10) -> 1333 | E12: =IF('MFH-Kalkulator'!$C$6="Ein",'Miete, Cashflow, Steuern'!E11,'Miete, Cashflow, Steuern'!E10) -> 1333 | F12: =IF('MFH-Kalkulator'!$C$6="Ein",'Miete, Cashflow, Steuern'!F11,'Miete, Cashflow, Steuern'!F10) -> 1363.659 | G12: =IF('MFH-Kalkulator'!$C$6="Ein",'Miete, Cashflow, Steuern'!G11,'Miete, Cashflow, Steuern'!G10) -> 1363.659 | H12: =IF('MFH-Kalkulator'!$C$6="Ein",'Miete, Cashflow, Steuern'!H11,'Miete, Cashflow, Steuern'!H10) -> 1397.7505 | I12: =IF('MFH-Kalkulator'!$C$6="Ein",'Miete, Cashflow, Steuern'!I11,'Miete, Cashflow, Steuern'!I10) -> 1397.7505 | J12: =IF('MFH-Kalkulator'!$C$6="Ein",'Miete, Cashflow, Steuern'!J11,'Miete, Cashflow, Steuern'!J10) -> 1431.2965 | K12: =IF('MFH-Kalkulator'!$C$6="Ein",'Miete, Cashflow, Steuern'!K11,'Miete, Cashflow, Steuern'!K10) -> 1431.2965 | ... BA12: =IF('MFH-Kalkulator'!$C$6="Ein",'Miete, Cashflow, Steuern'!BA11,'Miete, Cashflow, Steuern'!BA10) -> 2182.1477
B13: + umlagefähige Kosten | D13: =Cockpit!K9 -> 259.49333 | E13: =D13*(1+Cockpit!$H$30) -> 262.08827 | F13: =E13*(1+Cockpit!$H$30) -> 264.70915 | G13: =F13*(1+Cockpit!$H$30) -> 267.35624 | H13: =G13*(1+Cockpit!$H$30) -> 270.0298 | I13: =H13*(1+Cockpit!$H$30) -> 272.7301 | J13: =I13*(1+Cockpit!$H$30) -> 275.4574 | K13: =J13*(1+Cockpit!$H$30) -> 278.21198 | L13: =K13*(1+Cockpit!$H$30) -> 280.9941 | ... BA13: =AZ13*(1+Cockpit!$H$30) -> 422.54554
B14: = Warmmiete | D14: =D12+D13 -> 1592.4933 | E14: =E12+E13 -> 1595.0883 | F14: =F12+F13 -> 1628.3681 | G14: =G12+G13 -> 1631.0152 | H14: =H12+H13 -> 1667.7803 | I14: =I12+I13 -> 1670.4806 | J14: =J12+J13 -> 1706.7539 | K14: =K12+K13 -> 1709.5085 | ... BA14: =BA12+BA13 -> 2604.6932
B16: Investitionsmaßnahmen
D17: =D7 -> 2020 | E17: =E7 -> 2021 | F17: =F7 -> 2022 | G17: =G7 -> 2023 | H17: =H7 -> 2024 | I17: =I7 -> 2025 | J17: =J7 -> 2026 | K17: =K7 -> 2027 | ... BA17: =BA7 -> 2069
B47: = Summe | D47: =SUM(D18:D46) -> 0 | E47: =SUM(E18:E46) -> 0 | F47: =SUM(F18:F46) -> 0 | G47: =SUM(G18:G46) -> 0 | H47: =SUM(H18:H46) -> 0 | I47: =SUM(I18:I46) -> 0 | J47: =SUM(J18:J46) -> 0 | K47: =SUM(K18:K46) -> 0 | ... BA47: =SUM(BA18:BA46) -> 0
B50: Cashflow pro Monat
D51: =D7 -> 2020 | E51: =E7 -> 2021 | F51: =F7 -> 2022 | G51: =G7 -> 2023 | H51: =H7 -> 2024 | I51: =I7 -> 2025 | J51: =J7 -> 2026 | K51: =K7 -> 2027 | ... BA51: =BA7 -> 2069
B52: Warmmiete | D52: =D14 -> 1592.4933 | E52: =E14 -> 1595.0883 | F52: =F14 -> 1628.3681 | G52: =G14 -> 1631.0152 | H52: =H14 -> 1667.7803 | I52: =I14 -> 1670.4806 | J52: =J14 -> 1706.7539 | K52: =K14 -> 1709.5085 | ... BA52: =BA14 -> 2604.6932
B53: - Bewirtschaftungskosten ohne eigene Rücklagen | D53: =-(Cockpit!K12-Cockpit!K27-Cockpit!K28) -> -317.82667 | E53: =D53*(1+Cockpit!$H$30) -> -321.00493 | F53: =E53*(1+Cockpit!$H$30) -> -324.21498 | G53: =F53*(1+Cockpit!$H$30) -> -327.45713 | H53: =G53*(1+Cockpit!$H$30) -> -330.7317 | I53: =H53*(1+Cockpit!$H$30) -> -334.03902 | J53: =I53*(1+Cockpit!$H$30) -> -337.37941 | K53: =J53*(1+Cockpit!$H$30) -> -340.75321 | L53: =K53*(1+Cockpit!$H$30) -> -344.16074 | ... BA53: =AZ53*(1+Cockpit!$H$30) -> -517.53252
B54: - Eigene Instandhaltungsrücklage | D54: =-Cockpit!K27 -> 0 | E54: =D54*(1+Cockpit!$H$30) -> 0 | F54: =E54*(1+Cockpit!$H$30) -> 0 | G54: =F54*(1+Cockpit!$H$30) -> 0 | H54: =G54*(1+Cockpit!$H$30) -> 0 | I54: =H54*(1+Cockpit!$H$30) -> 0 | J54: =I54*(1+Cockpit!$H$30) -> 0 | K54: =J54*(1+Cockpit!$H$30) -> 0 | L54: =K54*(1+Cockpit!$H$30) -> 0 | ... BA54: =AZ54*(1+Cockpit!$H$30) -> 0
B55: - Rücklage Kalkulatorischer Mietausfall | D55: =-Cockpit!K28 -> 0 | E55: =-Cockpit!$H$25*'Miete, Cashflow, Steuern'!E14 -> 0 | F55: =-Cockpit!$H$25*'Miete, Cashflow, Steuern'!F14 -> 0 | G55: =-Cockpit!$H$25*'Miete, Cashflow, Steuern'!G14 -> 0 | H55: =-Cockpit!$H$25*'Miete, Cashflow, Steuern'!H14 -> 0 | I55: =-Cockpit!$H$25*'Miete, Cashflow, Steuern'!I14 -> 0 | J55: =-Cockpit!$H$25*'Miete, Cashflow, Steuern'!J14 -> 0 | K55: =-Cockpit!$H$25*'Miete, Cashflow, Steuern'!K14 -> 0 | L55: =-Cockpit!$H$25*'Miete, Cashflow, Steuern'!L14 -> 0 | ... BA55: =-Cockpit!$H$25*'Miete, Cashflow, Steuern'!BA14 -> 0
B56: - Geplante Investitionsmaßnahmen | D56: =-D47/12 -> 0 | E56: =-E47/12 -> 0 | F56: =-F47/12 -> 0 | G56: =-G47/12 -> 0 | H56: =-H47/12 -> 0 | I56: =-I47/12 -> 0 | J56: =-J47/12 -> 0 | K56: =-K47/12 -> 0 | ... BA56: =-BA47/12 -> 0
B57: Summe Bewirtschaftungskosten | D57: =D53+D54+D55+D56 -> -317.82667 | E57: =E53+E54+E55+E56 -> -321.00493 | F57: =F53+F54+F55+F56 -> -324.21498 | G57: =G53+G54+G55+G56 -> -327.45713 | H57: =H53+H54+H55+H56 -> -330.7317 | I57: =I53+I54+I55+I56 -> -334.03902 | J57: =J53+J54+J55+J56 -> -337.37941 | K57: =K53+K54+K55+K56 -> -340.75321 | ... BA57: =BA53+BA54+BA55+BA56 -> -517.53252
B58: - Zinsen | D58: =-'Wert, AfA, Darlehen'!D106/12 -> -524.7 | E58: =-'Wert, AfA, Darlehen'!E106/12 -> -515.51775 | F58: =-'Wert, AfA, Darlehen'!F106/12 -> -506.15369 | G58: =-'Wert, AfA, Darlehen'!G106/12 -> -496.60422 | H58: =-'Wert, AfA, Darlehen'!H106/12 -> -486.86568 | I58: =-'Wert, AfA, Darlehen'!I106/12 -> -476.93431 | J58: =-'Wert, AfA, Darlehen'!J106/12 -> -466.8063 | K58: =-'Wert, AfA, Darlehen'!K106/12 -> -456.47775 | ... BA58: =-'Wert, AfA, Darlehen'!BA106/12 -> 0
B59: - Tilgung | C59: - Tilgung | D59: =-'Wert, AfA, Darlehen'!D110/12 -> -463.75 | E59: =-'Wert, AfA, Darlehen'!E110/12 -> -472.93225 | F59: =-'Wert, AfA, Darlehen'!F110/12 -> -482.29631 | G59: =-'Wert, AfA, Darlehen'!G110/12 -> -491.84578 | H59: =-'Wert, AfA, Darlehen'!H110/12 -> -501.58432 | I59: =-'Wert, AfA, Darlehen'!I110/12 -> -511.51569 | J59: =-'Wert, AfA, Darlehen'!J110/12 -> -521.6437 | K59: =-'Wert, AfA, Darlehen'!K110/12 -> -531.97225 | ... BA59: =-'Wert, AfA, Darlehen'!BA110/12 -> 0
B60: = Cashflow operativ | C60: = Cashflow operativ | D60: =D52+D57+D58+D59 -> 286.21667 | E60: =E52+E57+E58+E59 -> 285.63333 | F60: =F52+F57+F58+F59 -> 315.70317 | G60: =G52+G57+G58+G59 -> 315.10811 | H60: =H52+H57+H58+H59 -> 348.59857 | I60: =I52+I57+I58+I59 -> 347.99156 | J60: =J52+J57+J58+J59 -> 380.92448 | K60: =K52+K57+K58+K59 -> 380.30526 | ... BA60: =BA52+BA57+BA58+BA59 -> 2087.1607
B61: - Steuern | C61: - Steuern | D61: =-D77 -> -96.941657 | E61: =-E77 -> -100.5532 | F61: =-F77 -> -117.11544 | G61: =-G77 -> -120.87629 | H61: =-H77 -> -139.03247 | I61: =-I77 -> -142.9487 | J61: =-J77 -> -161.03429 | K61: =-K77 -> -165.11221 | ... BA61: =-BA77 -> -658.56314
B62: = Cashflow nach Steuern | D62: =D60+D61 -> 189.27501 | E62: =E60+E61 -> 185.08013 | F62: =F60+F61 -> 198.58773 | G62: =G60+G61 -> 194.23182 | H62: =H60+H61 -> 209.5661 | I62: =I60+I61 -> 205.04285 | J62: =J60+J61 -> 219.89018 | K62: =K60+K61 -> 215.19305 | ... BA62: =BA60+BA61 -> 1428.5975
B64: Break Even Rechnung
D65: =D7 -> 2020 | E65: =E7 -> 2021 | F65: =F7 -> 2022 | G65: =G7 -> 2023 | H65: =H7 -> 2024 | I65: =I7 -> 2025 | J65: =J7 -> 2026 | K65: =K7 -> 2027 | ... BA65: =BA7 -> 2069
B66: Kumulierter Cashflow am Jahresende | D66: =12*D62 -> 2271.3001 | E66: =D66+12*E62 -> 4492.2617 | F66: =E66+12*F62 -> 6875.3144 | G66: =F66+12*G62 -> 9206.0963 | H66: =G66+12*H62 -> 11720.889 | I66: =H66+12*I62 -> 14181.404 | J66: =I66+12*J62 -> 16820.086 | K66: =J66+12*K62 -> 19402.403 | L66: =K66+12*L62 -> 22156.402 | ... BA66: =AZ66+12*BA62 -> 309448.48
B67: Kumulierter Cashflow inkl. Eigenkapitaleinsatz | D67: =-Cockpit!$N$10+D66 -> -76256.8 | E67: =-Cockpit!$N$10+E66 -> -74035.838 | F67: =-Cockpit!$N$10+F66 -> -71652.786 | G67: =-Cockpit!$N$10+G66 -> -69322.004 | H67: =-Cockpit!$N$10+H66 -> -66807.211 | I67: =-Cockpit!$N$10+I66 -> -64346.696 | J67: =-Cockpit!$N$10+J66 -> -61708.014 | K67: =-Cockpit!$N$10+K66 -> -59125.697 | ... BA67: =-Cockpit!$N$10+BA66 -> 230920.38
B69: Nebenrechnung Steuer pro Monat
D70: =D7 -> 2020 | E70: =E7 -> 2021 | F70: =F7 -> 2022 | G70: =G7 -> 2023 | H70: =H7 -> 2024 | I70: =I7 -> 2025 | J70: =J7 -> 2026 | K70: =K7 -> 2027 | ... BA70: =BA7 -> 2069
B71: Warmmiete | D71: =D14 -> 1592.4933 | E71: =E14 -> 1595.0883 | F71: =F14 -> 1628.3681 | G71: =G14 -> 1631.0152 | H71: =H14 -> 1667.7803 | I71: =I14 -> 1670.4806 | J71: =J14 -> 1706.7539 | K71: =K14 -> 1709.5085 | ... BA71: =BA14 -> 2604.6932
B72: - Bewirtschaftungskosten ohne eigene Rücklagen | D72: =D57-D54-D55 -> -317.82667 | E72: =E57-E54-E55 -> -321.00493 | F72: =F57-F54-F55 -> -324.21498 | G72: =G57-G54-G55 -> -327.45713 | H72: =H57-H54-H55 -> -330.7317 | I72: =I57-I54-I55 -> -334.03902 | J72: =J57-J54-J55 -> -337.37941 | K72: =K57-K54-K55 -> -340.75321 | ... BA72: =BA57-BA54-BA55 -> -517.53252
B73: - Zinsen | D73: =-'Wert, AfA, Darlehen'!D106/12 -> -524.7 | E73: =-'Wert, AfA, Darlehen'!E106/12 -> -515.51775 | F73: =-'Wert, AfA, Darlehen'!F106/12 -> -506.15369 | G73: =-'Wert, AfA, Darlehen'!G106/12 -> -496.60422 | H73: =-'Wert, AfA, Darlehen'!H106/12 -> -486.86568 | I73: =-'Wert, AfA, Darlehen'!I106/12 -> -476.93431 | J73: =-'Wert, AfA, Darlehen'!J106/12 -> -466.8063 | K73: =-'Wert, AfA, Darlehen'!K106/12 -> -456.47775 | ... BA73: =-'Wert, AfA, Darlehen'!BA106/12 -> 0
B74: - Abschreibung für Abnutzung (AfA) | D74: =-'Wert, AfA, Darlehen'!D21-'Wert, AfA, Darlehen'!D29 -> -519.1532 | E74: =-'Wert, AfA, Darlehen'!E21-'Wert, AfA, Darlehen'!E29 -> -519.1532 | F74: =-'Wert, AfA, Darlehen'!F21-'Wert, AfA, Darlehen'!F29 -> -519.1532 | G74: =-'Wert, AfA, Darlehen'!G21-'Wert, AfA, Darlehen'!G29 -> -519.1532 | H74: =-'Wert, AfA, Darlehen'!H21-'Wert, AfA, Darlehen'!H29 -> -519.1532 | I74: =-'Wert, AfA, Darlehen'!I21-'Wert, AfA, Darlehen'!I29 -> -519.1532 | J74: =-'Wert, AfA, Darlehen'!J21-'Wert, AfA, Darlehen'!J29 -> -519.1532 | K74: =-'Wert, AfA, Darlehen'!K21-'Wert, AfA, Darlehen'!K29 -> -519.1532 | ... BA74: =-'Wert, AfA, Darlehen'!BA21-'Wert, AfA, Darlehen'!BA29 -> -519.1532
B75: = zu versteuernder Cashflow | D75: =SUM(D71:D74) -> 230.81347 | E75: =SUM(E71:E74) -> 239.41239 | F75: =SUM(F71:F74) -> 278.84628 | G75: =SUM(G71:G74) -> 287.80069 | H75: =SUM(H71:H74) -> 331.0297 | I75: =SUM(I71:I74) -> 340.35405 | J75: =SUM(J71:J74) -> 383.41498 | K75: =SUM(K71:K74) -> 393.12431 | ... BA75: =SUM(BA71:BA74) -> 1568.0075
B76: * persönlicher Grenzsteuersatz | D76: =Cockpit!Q33 -> 0.42 | E76: =D76 -> 0.42 | F76: =E76 -> 0.42 | G76: =F76 -> 0.42 | H76: =G76 -> 0.42 | I76: =H76 -> 0.42 | J76: =I76 -> 0.42 | K76: =J76 -> 0.42 | L76: =K76 -> 0.42 | ... BA76: =AZ76 -> 0.42
B77: = Steuern | D77: =D76*D75 -> 96.941657 | E77: =E76*E75 -> 100.5532 | F77: =F76*F75 -> 117.11544 | G77: =G76*G75 -> 120.87629 | H77: =H76*H75 -> 139.03247 | I77: =I76*I75 -> 142.9487 | J77: =J76*J75 -> 161.03429 | K77: =K76*K75 -> 165.11221 | ... BA77: =BA76*BA75 -> 658.56314
B79: Keine Gewähr für die Richtigkeit der Angaben. Dieses Tool ersetzt keine fundierte Rechts-, Steuer- oder Finanzberatung. Mehr Details hier.

Sheet Wert, AfA, Darlehen
B1: zurück zum Cockpit | E1: Wert, Abschreibung und Darlehen | J1: zu Miete, Investments, Cashflow, Steuern wechseln
B6: Wertentwicklung
B7: € | D7: =YEAR(Cockpit!C10) -> 2020 | E7: =D7+1 -> 2021 | F7: =E7+1 -> 2022 | G7: =F7+1 -> 2023 | H7: =G7+1 -> 2024 | I7: =H7+1 -> 2025 | J7: =I7+1 -> 2026 | K7: =J7+1 -> 2027 | L7: =K7+1 -> 2028 | ... BA7: =AZ7+1 -> 2069
B8: Wert der Immobilie (Jahresanfang) | D8: =Cockpit!D14+Cockpit!E30 -> 357400 | E8: =D12 -> 364548 | F8: =E12 -> 371838.96 | G8: =F12 -> 379275.74 | H8: =G12 -> 386861.25 | I8: =H12 -> 394598.48 | J8: =I12 -> 402490.45 | K8: =J12 -> 410540.26 | L8: =K12 -> 418751.06 | ... BA8: =AZ12 -> 943111.33
B9: Nettovermögen (Wert - Restschuld) (Jahresanfang) | D9: =D8-'Wert, AfA, Darlehen'!D102 -> 39400 | E9: =E8-'Wert, AfA, Darlehen'!E102 -> 52113 | F9: =F8-'Wert, AfA, Darlehen'!F102 -> 65079.147 | G9: =G8-'Wert, AfA, Darlehen'!G102 -> 78303.482 | H9: =H8-'Wert, AfA, Darlehen'!H102 -> 91791.146 | I9: =I8-'Wert, AfA, Darlehen'!I102 -> 105547.38 | J9: =J8-'Wert, AfA, Darlehen'!J102 -> 119577.54 | K9: =K8-'Wert, AfA, Darlehen'!K102 -> 133887.07 | ... BA9: =BA8-'Wert, AfA, Darlehen'!BA102 -> 943111.33
B10: Wertentwicklung im Jahr | D10: =Cockpit!$H$32 -> 0.02 | E10: =D10 -> 0.02 | F10: =E10 -> 0.02 | G10: =F10 -> 0.02 | H10: =G10 -> 0.02 | I10: =H10 -> 0.02 | J10: =I10 -> 0.02 | K10: =J10 -> 0.02 | L10: =K10 -> 0.02 | ... BA10: =AZ10 -> 0.02
B11: Wertentwicklung im Jahr | D11: =D8*D10 -> 7148 | E11: =E8*E10 -> 7290.96 | F11: =F8*F10 -> 7436.7792 | G11: =G8*G10 -> 7585.5148 | H11: =H8*H10 -> 7737.2251 | I11: =I8*I10 -> 7891.9696 | J11: =J8*J10 -> 8049.809 | K11: =K8*K10 -> 8210.8052 | ... BA11: =BA8*BA10 -> 18862.227
B12: Wert der Immobilie (Jahresende) | D12: =D8+D11 -> 364548 | E12: =E8+E11 -> 371838.96 | F12: =F8+F11 -> 379275.74 | G12: =G8+G11 -> 386861.25 | H12: =H8+H11 -> 394598.48 | I12: =I8+I11 -> 402490.45 | J12: =J8+J11 -> 410540.26 | K12: =K8+K11 -> 418751.06 | ... BA12: =BA8+BA11 -> 961973.56
B14: Abschreibung Regulär
B15: € | D15: ='Miete, Cashflow, Steuern'!D7 -> 2020 | E15: ='Miete, Cashflow, Steuern'!E7 -> 2021 | F15: ='Miete, Cashflow, Steuern'!F7 -> 2022 | G15: ='Miete, Cashflow, Steuern'!G7 -> 2023 | H15: ='Miete, Cashflow, Steuern'!H7 -> 2024 | I15: ='Miete, Cashflow, Steuern'!I7 -> 2025 | J15: ='Miete, Cashflow, Steuern'!J7 -> 2026 | K15: ='Miete, Cashflow, Steuern'!K7 -> 2027 | ... BA15: ='Miete, Cashflow, Steuern'!BA7 -> 2069
B16: Basis für langfristige Abschreibung | D16: =Cockpit!H22 -> 311491.92 | E16: =D16 -> 311491.92 | F16: =E16 -> 311491.92 | G16: =F16 -> 311491.92 | H16: =G16 -> 311491.92 | I16: =H16 -> 311491.92 | J16: =I16 -> 311491.92 | K16: =J16 -> 311491.92 | L16: =K16 -> 311491.92 | ... BA16: =AZ16 -> 311491.92
B17: - Basis für Denkmal Abschreibung | D17: =-D26 -> 0 | E17: =-E26 -> 0 | F17: =-F26 -> 0 | G17: =-G26 -> 0 | H17: =-H26 -> 0 | I17: =-I26 -> 0 | J17: =-J26 -> 0 | K17: =-K26 -> 0 | ... BA17: =-BA26 -> 0
B18: = Basis für reguläre Abschreibung | D18: =D16+D17 -> 311491.92 | E18: =E16+E17 -> 311491.92 | F18: =F16+F17 -> 311491.92 | G18: =G16+G17 -> 311491.92 | H18: =H16+H17 -> 311491.92 | I18: =I16+I17 -> 311491.92 | J18: =J16+J17 -> 311491.92 | K18: =K16+K17 -> 311491.92 | ... BA18: =BA16+BA17 -> 311491.92
B19: * Abschreibungssatz pro Jahr | D19: =Cockpit!H20 -> 0.02 | E19: =D19 -> 0.02 | F19: =E19 -> 0.02 | G19: =F19 -> 0.02 | H19: =G19 -> 0.02 | I19: =H19 -> 0.02 | J19: =I19 -> 0.02 | K19: =J19 -> 0.02 | L19: =K19 -> 0.02 | ... BA19: =AZ19 -> 0.02
B20: = Abschreibung pro Jahr | D20: =D19*D18 -> 6229.8384 | E20: =MIN(E19*E18,E18-D22) -> 6229.8384 | F20: =MIN(F19*F18,F18-E22) -> 6229.8384 | G20: =MIN(G19*G18,G18-F22) -> 6229.8384 | H20: =MIN(H19*H18,H18-G22) -> 6229.8384 | I20: =MIN(I19*I18,I18-H22) -> 6229.8384 | J20: =MIN(J19*J18,J18-I22) -> 6229.8384 | K20: =MIN(K19*K18,K18-J22) -> 6229.8384 | L20: =MIN(L19*L18,L18-K22) -> 6229.8384 | ... BA20: =MIN(BA19*BA18,BA18-AZ22) -> 6229.8384
B21: = pro Monat | D21: =D20/12 -> 519.1532 | E21: =E20/12 -> 519.1532 | F21: =F20/12 -> 519.1532 | G21: =G20/12 -> 519.1532 | H21: =H20/12 -> 519.1532 | I21: =I20/12 -> 519.1532 | J21: =J20/12 -> 519.1532 | K21: =K20/12 -> 519.1532 | ... BA21: =BA20/12 -> 519.1532
B22: Kumulierte Abschreibung Jahresende | D22: =D20 -> 6229.8384 | E22: =D22+E20 -> 12459.677 | F22: =E22+F20 -> 18689.515 | G22: =F22+G20 -> 24919.353 | H22: =G22+H20 -> 31149.192 | I22: =H22+I20 -> 37379.03 | J22: =I22+J20 -> 43608.869 | K22: =J22+K20 -> 49838.707 | L22: =K22+L20 -> 56068.545 | ... BA22: =AZ22+BA20 -> 311491.92
B24: Abschreibung Denkmal
B25: € | D25: =D7 -> 2020 | E25: =E7 -> 2021 | F25: =F7 -> 2022 | G25: =G7 -> 2023 | H25: =H7 -> 2024 | I25: =I7 -> 2025 | J25: =J7 -> 2026 | K25: =K7 -> 2027 | ... BA25: =BA7 -> 2069
B26: Basis für Denkmal Abschreibung | D26: 0 | E26: =D26 -> 0 | F26: =E26 -> 0 | G26: =F26 -> 0 | H26: =G26 -> 0 | I26: =H26 -> 0 | J26: =I26 -> 0 | K26: =J26 -> 0 | L26: =K26 -> 0 | ... BA26: =AZ26 -> 0
B27: * Abschreibungssatz pro Jahr | D27: 0.09 | E27: 0.09 | F27: 0.09 | G27: 0.09 | H27: 0.09 | I27: 0.09 | J27: 0.09 | K27: 0.09 | L27: 0.07 | M27: 0.07 | N27: 0.07 | O27: 0.07
B28: = Abschreibung pro Jahr | D28: =D27*D26 -> 0 | E28: =MIN(E27*E26,E26-D30) -> 0 | F28: =MIN(F27*F26,F26-E30) -> 0 | G28: =MIN(G27*G26,G26-F30) -> 0 | H28: =MIN(H27*H26,H26-G30) -> 0 | I28: =MIN(I27*I26,I26-H30) -> 0 | J28: =MIN(J27*J26,J26-I30) -> 0 | K28: =MIN(K27*K26,K26-J30) -> 0 | L28: =MIN(L27*L26,L26-K30) -> 0 | ... BA28: =MIN(BA27*BA26,BA26-AZ30) -> 0
B29: = pro Monat | D29: =D28/12 -> 0 | E29: =E28/12 -> 0 | F29: =F28/12 -> 0 | G29: =G28/12 -> 0 | H29: =H28/12 -> 0 | I29: =I28/12 -> 0 | J29: =J28/12 -> 0 | K29: =K28/12 -> 0 | ... BA29: =BA28/12 -> 0
B30: Kumulierte Abschreibung Jahresende | D30: =D28 -> 0 | E30: =D30+E28 -> 0 | F30: =E30+F28 -> 0 | G30: =F30+G28 -> 0 | H30: =G30+H28 -> 0 | I30: =H30+I28 -> 0 | J30: =I30+J28 -> 0 | K30: =J30+K28 -> 0 | L30: =K30+L28 -> 0 | ... BA30: =AZ30+BA28 -> 0
B32: Darlehen I
B33: € | D33: =D$7 -> 2020 | E33: =E$7 -> 2021 | F33: =F$7 -> 2022 | G33: =G$7 -> 2023 | H33: =H$7 -> 2024 | I33: =I$7 -> 2025 | J33: =J$7 -> 2026 | K33: =K$7 -> 2027 | ... BA33: =BA$7 -> 2069
B34: Zinsänderung
B35: Gültiger Zinssatz | D35: =Cockpit!N18 -> 0.0198 | E35: =IF(E34<>"",E34,D35) -> 0.0198 | F35: =IF(F34<>"",F34,E35) -> 0.0198 | G35: =IF(G34<>"",G34,F35) -> 0.0198 | H35: =IF(H34<>"",H34,G35) -> 0.0198 | I35: =IF(I34<>"",I34,H35) -> 0.0198 | J35: =IF(J34<>"",J34,I35) -> 0.0198 | K35: =IF(K34<>"",K34,J35) -> 0.0198 | L35: =IF(L34<>"",L34,K35) -> 0.0198 | ... BA35: =IF(BA34<>"",BA34,AZ35) -> 0.0198
B37: Restschuld Periodenbeginn | D37: =Cockpit!N17 -> 318000 | E37: =D46 -> 312435 | F37: =E46 -> 306759.81 | G37: =F46 -> 300972.26 | H37: =G46 -> 295070.11 | I37: =H46 -> 289051.1 | J37: =I46 -> 282912.91 | K37: =J46 -> 276653.18 | L37: =K46 -> 270269.52 | ... BA37: =AZ46 -> 0
B38: Zinsen | D38: =D35*D37 -> 6296.4 | E38: =E35*E37 -> 6186.213 | F38: =F35*F37 -> 6073.8443 | G38: =G35*G37 -> 5959.2507 | H38: =H35*H37 -> 5842.3881 | I38: =I35*I37 -> 5723.2117 | J38: =J35*J37 -> 5601.6756 | K38: =K35*K37 -> 5477.733 | ... BA38: =BA35*BA37 -> 0
B40: Neue Soll-Tilgung
B41: Effektive Tilgung | D41: =Cockpit!$N$19*D37 -> 5565 | E41: =MIN(D46,IF(E40<>"",E40,MAX(D44-E38,0))) -> 5675.187 | F41: =MIN(E46,IF(F40<>"",F40,MAX(E44-F38,0))) -> 5787.5557 | G41: =MIN(F46,IF(G40<>"",G40,MAX(F44-G38,0))) -> 5902.1493 | H41: =MIN(G46,IF(H40<>"",H40,MAX(G44-H38,0))) -> 6019.0119 | I41: =MIN(H46,IF(I40<>"",I40,MAX(H44-I38,0))) -> 6138.1883 | J41: =MIN(I46,IF(J40<>"",J40,MAX(I44-J38,0))) -> 6259.7244 | K41: =MIN(J46,IF(K40<>"",K40,MAX(J44-K38,0))) -> 6383.667 | L41: =MIN(K46,IF(L40<>"",L40,MAX(K44-L38,0))) -> 6510.0636 | ... BA41: =MIN(AZ46,IF(BA40<>"",BA40,MAX(AZ44-BA38,0))) -> 0
B42: entspricht % der Restschuld | D42: =IF(D37>0,D41/D37,) -> 0.0175 | E42: =IF(E37>0,E41/E37,) -> 0.018164377 | F42: =IF(F37>0,F41/F37,) -> 0.018866734 | G42: =IF(G37>0,G41/G37,) -> 0.019610277 | H42: =IF(H37>0,H41/H37,) -> 0.020398582 | I42: =IF(I37>0,I41/I37,) -> 0.021235651 | J42: =IF(J37>0,J41/J37,) -> 0.022125977 | K42: =IF(K37>0,K41/K37,) -> 0.02307462 | ... BA42: =IF(BA37>0,BA41/BA37,) -> 0
B44: Annuität | D44: =D38+D41 -> 11861.4 | E44: =E38+E41 -> 11861.4 | F44: =F38+F41 -> 11861.4 | G44: =G38+G41 -> 11861.4 | H44: =H38+H41 -> 11861.4 | I44: =I38+I41 -> 11861.4 | J44: =J38+J41 -> 11861.4 | K44: =K38+K41 -> 11861.4 | ... BA44: =BA38+BA41 -> 0
B45: Einmalige Sondertilgung
B46: Restschuld Periodenende | D46: =MAX(D37-D41-D45,0) -> 312435 | E46: =MAX(E37-E41-E45,0) -> 306759.81 | F46: =MAX(F37-F41-F45,0) -> 300972.26 | G46: =MAX(G37-G41-G45,0) -> 295070.11 | H46: =MAX(H37-H41-H45,0) -> 289051.1 | I46: =MAX(I37-I41-I45,0) -> 282912.91 | J46: =MAX(J37-J41-J45,0) -> 276653.18 | K46: =MAX(K37-K41-K45,0) -> 270269.52 | ... BA46: =MAX(BA37-BA41-BA45,0) -> 0
B47: Kapitaldienst pro Monat | D47: =D44/12 -> 988.45 | E47: =E44/12 -> 988.45 | F47: =F44/12 -> 988.45 | G47: =G44/12 -> 988.45 | H47: =H44/12 -> 988.45 | I47: =I44/12 -> 988.45 | J47: =J44/12 -> 988.45 | K47: =K44/12 -> 988.45 | ... BA47: =BA44/12 -> 0
B49: Darlehen II
B50: € | D50: =D$7 -> 2020 | E50: =E$7 -> 2021 | F50: =F$7 -> 2022 | G50: =G$7 -> 2023 | H50: =H$7 -> 2024 | I50: =I$7 -> 2025 | J50: =J$7 -> 2026 | K50: =K$7 -> 2027 | ... BA50: =BA$7 -> 2069
B51: Zinsänderung
B52: Gültiger Zinssatz | D52: =Cockpit!N26 -> 0 | E52: =IF(E51<>"",E51,D52) -> 0 | F52: =IF(F51<>"",F51,E52) -> 0 | G52: =IF(G51<>"",G51,F52) -> 0 | H52: =IF(H51<>"",H51,G52) -> 0 | I52: =IF(I51<>"",I51,H52) -> 0 | J52: =IF(J51<>"",J51,I52) -> 0 | K52: =IF(K51<>"",K51,J52) -> 0 | L52: =IF(L51<>"",L51,K52) -> 0 | ... BA52: =IF(BA51<>"",BA51,AZ52) -> 0
B54: Restschuld Periodenbeginn | D54: =Cockpit!N25 -> 0 | E54: =D63 -> 0 | F54: =E63 -> 0 | G54: =F63 -> 0 | H54: =G63 -> 0 | I54: =H63 -> 0 | J54: =I63 -> 0 | K54: =J63 -> 0 | L54: =K63 -> 0 | ... BA54: =AZ63 -> 0
B55: Zinsen | D55: =D52*D54 -> 0 | E55: =E52*E54 -> 0 | F55: =F52*F54 -> 0 | G55: =G52*G54 -> 0 | H55: =H52*H54 -> 0 | I55: =I52*I54 -> 0 | J55: =J52*J54 -> 0 | K55: =K52*K54 -> 0 | ... BA55: =BA52*BA54 -> 0
B57: Neue Soll-Tilgung
B58: Effektive Tilgung | D58: =Cockpit!$N$27*D54 -> 0 | E58: =MIN(D63,IF(E57<>"",E57,MAX(D61-E55,0))) -> 0 | F58: =MIN(E63,IF(F57<>"",F57,MAX(E61-F55,0))) -> 0 | G58: =MIN(F63,IF(G57<>"",G57,MAX(F61-G55,0))) -> 0 | H58: =MIN(G63,IF(H57<>"",H57,MAX(G61-H55,0))) -> 0 | I58: =MIN(H63,IF(I57<>"",I57,MAX(H61-I55,0))) -> 0 | J58: =MIN(I63,IF(J57<>"",J57,MAX(I61-J55,0))) -> 0 | K58: =MIN(J63,IF(K57<>"",K57,MAX(J61-K55,0))) -> 0 | L58: =MIN(K63,IF(L57<>"",L57,MAX(K61-L55,0))) -> 0 | ... BA58: =MIN(AZ63,IF(BA57<>"",BA57,MAX(AZ61-BA55,0))) -> 0
B59: entspricht % der Restschuld | D59: =IF(D54>0,D58/D54,) -> 0 | E59: =IF(E54>0,E58/E54,) -> 0 | F59: =IF(F54>0,F58/F54,) -> 0 | G59: =IF(G54>0,G58/G54,) -> 0 | H59: =IF(H54>0,H58/H54,) -> 0 | I59: =IF(I54>0,I58/I54,) -> 0 | J59: =IF(J54>0,J58/J54,) -> 0 | K59: =IF(K54>0,K58/K54,) -> 0 | ... BA59: =IF(BA54>0,BA58/BA54,) -> 0
B61: Annuität | D61: =D55+D58 -> 0 | E61: =E55+E58 -> 0 | F61: =F55+F58 -> 0 | G61: =G55+G58 -> 0 | H61: =H55+H58 -> 0 | I61: =I55+I58 -> 0 | J61: =J55+J58 -> 0 | K61: =K55+K58 -> 0 | ... BA61: =BA55+BA58 -> 0
B62: Einmalige Sondertilgung
B63: Restschuld Periodenende | D63: =MAX(D54-D58-D62,0) -> 0 | E63: =MAX(E54-E58-E62,0) -> 0 | F63: =MAX(F54-F58-F62,0) -> 0 | G63: =MAX(G54-G58-G62,0) -> 0 | H63: =MAX(H54-H58-H62,0) -> 0 | I63: =MAX(I54-I58-I62,0) -> 0 | J63: =MAX(J54-J58-J62,0) -> 0 | K63: =MAX(K54-K58-K62,0) -> 0 | ... BA63: =MAX(BA54-BA58-BA62,0) -> 0
B64: Kapitaldienst pro Monat | D64: =D61/12 -> 0 | E64: =E61/12 -> 0 | F64: =F61/12 -> 0 | G64: =G61/12 -> 0 | H64: =H61/12 -> 0 | I64: =I61/12 -> 0 | J64: =J61/12 -> 0 | K64: =K61/12 -> 0 | ... BA64: =BA61/12 -> 0
B66: Darlehen III
B67: € | D67: =D$7 -> 2020 | E67: =E$7 -> 2021 | F67: =F$7 -> 2022 | G67: =G$7 -> 2023 | H67: =H$7 -> 2024 | I67: =I$7 -> 2025 | J67: =J$7 -> 2026 | K67: =K$7 -> 2027 | ... BA67: =BA$7 -> 2069
B68: Zinsänderung
B69: Gültiger Zinssatz | D69: =Cockpit!N33 -> 0 | E69: =IF(E68<>"",E68,D69) -> 0 | F69: =IF(F68<>"",F68,E69) -> 0 | G69: =IF(G68<>"",G68,F69) -> 0 | H69: =IF(H68<>"",H68,G69) -> 0 | I69: =IF(I68<>"",I68,H69) -> 0 | J69: =IF(J68<>"",J68,I69) -> 0 | K69: =IF(K68<>"",K68,J69) -> 0 | L69: =IF(L68<>"",L68,K69) -> 0 | ... BA69: =IF(BA68<>"",BA68,AZ69) -> 0
B71: Restschuld Periodenbeginn | D71: =Cockpit!N32 -> 0 | E71: =D80 -> 0 | F71: =E80 -> 0 | G71: =F80 -> 0 | H71: =G80 -> 0 | I71: =H80 -> 0 | J71: =I80 -> 0 | K71: =J80 -> 0 | L71: =K80 -> 0 | ... BA71: =AZ80 -> 0
B72: Zinsen | D72: =D69*D71 -> 0 | E72: =E69*E71 -> 0 | F72: =F69*F71 -> 0 | G72: =G69*G71 -> 0 | H72: =H69*H71 -> 0 | I72: =I69*I71 -> 0 | J72: =J69*J71 -> 0 | K72: =K69*K71 -> 0 | ... BA72: =BA69*BA71 -> 0
B74: Neue Soll-Tilgung
B75: Effektive Tilgung | D75: =Cockpit!$N$34*D71 -> 0 | E75: =MIN(D80,IF(E74<>"",E74,MAX(D78-E72,0))) -> 0 | F75: =MIN(E80,IF(F74<>"",F74,MAX(E78-F72,0))) -> 0 | G75: =MIN(F80,IF(G74<>"",G74,MAX(F78-G72,0))) -> 0 | H75: =MIN(G80,IF(H74<>"",H74,MAX(G78-H72,0))) -> 0 | I75: =MIN(H80,IF(I74<>"",I74,MAX(H78-I72,0))) -> 0 | J75: =MIN(I80,IF(J74<>"",J74,MAX(I78-J72,0))) -> 0 | K75: =MIN(J80,IF(K74<>"",K74,MAX(J78-K72,0))) -> 0 | L75: =MIN(K80,IF(L74<>"",L74,MAX(K78-L72,0))) -> 0 | ... BA75: =MIN(AZ80,IF(BA74<>"",BA74,MAX(AZ78-BA72,0))) -> 0
B76: entspricht % der Restschuld | D76: =IF(D71>0,D75/D71,) -> 0 | E76: =IF(E71>0,E75/E71,) -> 0 | F76: =IF(F71>0,F75/F71,) -> 0 | G76: =IF(G71>0,G75/G71,) -> 0 | H76: =IF(H71>0,H75/H71,) -> 0 | I76: =IF(I71>0,I75/I71,) -> 0 | J76: =IF(J71>0,J75/J71,) -> 0 | K76: =IF(K71>0,K75/K71,) -> 0 | ... BA76: =IF(BA71>0,BA75/BA71,) -> 0
B78: Annuität | D78: =D72+D75 -> 0 | E78: =E72+E75 -> 0 | F78: =F72+F75 -> 0 | G78: =G72+G75 -> 0 | H78: =H72+H75 -> 0 | I78: =I72+I75 -> 0 | J78: =J72+J75 -> 0 | K78: =K72+K75 -> 0 | ... BA78: =BA72+BA75 -> 0
B79: Einmalige Sondertilgung
B80: Restschuld Periodenende | D80: =MAX(D71-D75-D79,0) -> 0 | E80: =MAX(E71-E75-E79,0) -> 0 | F80: =MAX(F71-F75-F79,0) -> 0 | G80: =MAX(G71-G75-G79,0) -> 0 | H80: =MAX(H71-H75-H79,0) -> 0 | I80: =MAX(I71-I75-I79,0) -> 0 | J80: =MAX(J71-J75-J79,0) -> 0 | K80: =MAX(K71-K75-K79,0) -> 0 | ... BA80: =MAX(BA71-BA75-BA79,0) -> 0
B81: Kapitaldienst pro Monat | D81: =D78/12 -> 0 | E81: =E78/12 -> 0 | F81: =F78/12 -> 0 | G81: =G78/12 -> 0 | H81: =H78/12 -> 0 | I81: =I78/12 -> 0 | J81: =J78/12 -> 0 | K81: =K78/12 -> 0 | ... BA81: =BA78/12 -> 0
B83: Darlehen IV
B84: € | D84: =D$7 -> 2020 | E84: =E$7 -> 2021 | F84: =F$7 -> 2022 | G84: =G$7 -> 2023 | H84: =H$7 -> 2024 | I84: =I$7 -> 2025 | J84: =J$7 -> 2026 | K84: =K$7 -> 2027 | ... BA84: =BA$7 -> 2069
B85: Zinsänderung
B86: Gültiger Zinssatz | D86: =Cockpit!N40 -> 0 | E86: =IF(E85<>"",E85,D86) -> 0 | F86: =IF(F85<>"",F85,E86) -> 0 | G86: =IF(G85<>"",G85,F86) -> 0 | H86: =IF(H85<>"",H85,G86) -> 0 | I86: =IF(I85<>"",I85,H86) -> 0 | J86: =IF(J85<>"",J85,I86) -> 0 | K86: =IF(K85<>"",K85,J86) -> 0 | L86: =IF(L85<>"",L85,K86) -> 0 | ... BA86: =IF(BA85<>"",BA85,AZ86) -> 0
B88: Restschuld Periodenbeginn | D88: =Cockpit!N39 -> 0 | E88: =D97 -> 0 | F88: =E97 -> 0 | G88: =F97 -> 0 | H88: =G97 -> 0 | I88: =H97 -> 0 | J88: =I97 -> 0 | K88: =J97 -> 0 | L88: =K97 -> 0 | ... BA88: =AZ97 -> 0
B89: Zinsen | D89: =D86*D88 -> 0 | E89: =E86*E88 -> 0 | F89: =F86*F88 -> 0 | G89: =G86*G88 -> 0 | H89: =H86*H88 -> 0 | I89: =I86*I88 -> 0 | J89: =J86*J88 -> 0 | K89: =K86*K88 -> 0 | ... BA89: =BA86*BA88 -> 0
B91: Neue Soll-Tilgung
B92: Effektive Tilgung | D92: =Cockpit!$N$41*D88 -> 0 | E92: =MIN(D97,IF(E91<>"",E91,MAX(D95-E89,0))) -> 0 | F92: =MIN(E97,IF(F91<>"",F91,MAX(E95-F89,0))) -> 0 | G92: =MIN(F97,IF(G91<>"",G91,MAX(F95-G89,0))) -> 0 | H92: =MIN(G97,IF(H91<>"",H91,MAX(G95-H89,0))) -> 0 | I92: =MIN(H97,IF(I91<>"",I91,MAX(H95-I89,0))) -> 0 | J92: =MIN(I97,IF(J91<>"",J91,MAX(I95-J89,0))) -> 0 | K92: =MIN(J97,IF(K91<>"",K91,MAX(J95-K89,0))) -> 0 | L92: =MIN(K97,IF(L91<>"",L91,MAX(K95-L89,0))) -> 0 | ... BA92: =MIN(AZ97,IF(BA91<>"",BA91,MAX(AZ95-BA89,0))) -> 0
B93: entspricht % der Restschuld | D93: =IF(D88>0,D92/D88,) -> 0 | E93: =IF(E88>0,E92/E88,) -> 0 | F93: =IF(F88>0,F92/F88,) -> 0 | G93: =IF(G88>0,G92/G88,) -> 0 | H93: =IF(H88>0,H92/H88,) -> 0 | I93: =IF(I88>0,I92/I88,) -> 0 | J93: =IF(J88>0,J92/J88,) -> 0 | K93: =IF(K88>0,K92/K88,) -> 0 | ... BA93: =IF(BA88>0,BA92/BA88,) -> 0
B95: Annuität | D95: =D89+D92 -> 0 | E95: =E89+E92 -> 0 | F95: =F89+F92 -> 0 | G95: =G89+G92 -> 0 | H95: =H89+H92 -> 0 | I95: =I89+I92 -> 0 | J95: =J89+J92 -> 0 | K95: =K89+K92 -> 0 | ... BA95: =BA89+BA92 -> 0
B96: Einmalige Sondertilgung
B97: Restschuld Periodenende | D97: =MAX(D88-D92-D96,0) -> 0 | E97: =MAX(E88-E92-E96,0) -> 0 | F97: =MAX(F88-F92-F96,0) -> 0 | G97: =MAX(G88-G92-G96,0) -> 0 | H97: =MAX(H88-H92-H96,0) -> 0 | I97: =MAX(I88-I92-I96,0) -> 0 | J97: =MAX(J88-J92-J96,0) -> 0 | K97: =MAX(K88-K92-K96,0) -> 0 | ... BA97: =MAX(BA88-BA92-BA96,0) -> 0
B98: Kapitaldienst pro Monat | D98: =D95/12 -> 0 | E98: =E95/12 -> 0 | F98: =F95/12 -> 0 | G98: =G95/12 -> 0 | H98: =H95/12 -> 0 | I98: =I95/12 -> 0 | J98: =J95/12 -> 0 | K98: =K95/12 -> 0 | ... BA98: =BA95/12 -> 0
B100: Summe der Darlehen
B101: € | D101: =D$7 -> 2020 | E101: =E$7 -> 2021 | F101: =F$7 -> 2022 | G101: =G$7 -> 2023 | H101: =H$7 -> 2024 | I101: =I$7 -> 2025 | J101: =J$7 -> 2026 | K101: =K$7 -> 2027 | ... BA101: =BA$7 -> 2069
B102: Restschuld Periodenbeginn | D102: =D37+D54+D71+D88 -> 318000 | E102: =E37+E54+E71+E88 -> 312435 | F102: =F37+F54+F71+F88 -> 306759.81 | G102: =G37+G54+G71+G88 -> 300972.26 | H102: =H37+H54+H71+H88 -> 295070.11 | I102: =I37+I54+I71+I88 -> 289051.1 | J102: =J37+J54+J71+J88 -> 282912.91 | K102: =K37+K54+K71+K88 -> 276653.18 | ... BA102: =BA37+BA54+BA71+BA88 -> 0
B103: davon Hauptdarlehen (I) | D103: =D37 -> 318000 | E103: =E37 -> 312435 | F103: =F37 -> 306759.81 | G103: =G37 -> 300972.26 | H103: =H37 -> 295070.11 | I103: =I37 -> 289051.1 | J103: =J37 -> 282912.91 | K103: =K37 -> 276653.18 | ... BA103: =BA37 -> 0
B104: davon weitere Darlehen (II - IV) | D104: =D54+D71+D88 -> 0 | E104: =E54+E71+E88 -> 0 | F104: =F54+F71+F88 -> 0 | G104: =G54+G71+G88 -> 0 | H104: =H54+H71+H88 -> 0 | I104: =I54+I71+I88 -> 0 | J104: =J54+J71+J88 -> 0 | K104: =K54+K71+K88 -> 0 | ... BA104: =BA54+BA71+BA88 -> 0
B106: Zinsen | D106: =D38+D55+D72+D89 -> 6296.4 | E106: =E38+E55+E72+E89 -> 6186.213 | F106: =F38+F55+F72+F89 -> 6073.8443 | G106: =G38+G55+G72+G89 -> 5959.2507 | H106: =H38+H55+H72+H89 -> 5842.3881 | I106: =I38+I55+I72+I89 -> 5723.2117 | J106: =J38+J55+J72+J89 -> 5601.6756 | K106: =K38+K55+K72+K89 -> 5477.733 | ... BA106: =BA38+BA55+BA72+BA89 -> 0
B107: = kumuliert | D107: =D106 -> 6296.4 | E107: =D107+E106 -> 12482.613 | F107: =E107+F106 -> 18556.457 | G107: =F107+G106 -> 24515.708 | H107: =G107+H106 -> 30358.096 | I107: =H107+I106 -> 36081.308 | J107: =I107+J106 -> 41682.983 | K107: =J107+K106 -> 47160.716 | L107: =K107+L106 -> 52512.053 | ... BA107: =AZ107+BA106 -> 139866.1
B108: = gewichteter Zinssatz | D108: =IF(D102>0,D106/D102,) -> 0.0198 | E108: =IF(E102>0,E106/E102,) -> 0.0198 | F108: =IF(F102>0,F106/F102,) -> 0.0198 | G108: =IF(G102>0,G106/G102,) -> 0.0198 | H108: =IF(H102>0,H106/H102,) -> 0.0198 | I108: =IF(I102>0,I106/I102,) -> 0.0198 | J108: =IF(J102>0,J106/J102,) -> 0.0198 | K108: =IF(K102>0,K106/K102,) -> 0.0198 | ... BA108: =IF(BA102>0,BA106/BA102,) -> 0
B110: Tilgung | D110: =D41+D58+D75+D92 -> 5565 | E110: =E41+E58+E75+E92 -> 5675.187 | F110: =F41+F58+F75+F92 -> 5787.5557 | G110: =G41+G58+G75+G92 -> 5902.1493 | H110: =H41+H58+H75+H92 -> 6019.0119 | I110: =I41+I58+I75+I92 -> 6138.1883 | J110: =J41+J58+J75+J92 -> 6259.7244 | K110: =K41+K58+K75+K92 -> 6383.667 | ... BA110: =BA41+BA58+BA75+BA92 -> 0
B111: entspricht % der Restschuld | D111: =IF(D102>0,D110/D102,) -> 0.0175 | E111: =IF(E102>0,E110/E102,) -> 0.018164377 | F111: =IF(F102>0,F110/F102,) -> 0.018866734 | G111: =IF(G102>0,G110/G102,) -> 0.019610277 | H111: =IF(H102>0,H110/H102,) -> 0.020398582 | I111: =IF(I102>0,I110/I102,) -> 0.021235651 | J111: =IF(J102>0,J110/J102,) -> 0.022125977 | K111: =IF(K102>0,K110/K102,) -> 0.02307462 | ... BA111: =IF(BA102>0,BA110/BA102,) -> 0
B113: Annuität | D113: =D44+D61+D78+D95 -> 11861.4 | E113: =E44+E61+E78+E95 -> 11861.4 | F113: =F44+F61+F78+F95 -> 11861.4 | G113: =G44+G61+G78+G95 -> 11861.4 | H113: =H44+H61+H78+H95 -> 11861.4 | I113: =I44+I61+I78+I95 -> 11861.4 | J113: =J44+J61+J78+J95 -> 11861.4 | K113: =K44+K61+K78+K95 -> 11861.4 | ... BA113: =BA44+BA61+BA78+BA95 -> 0
B114: Restschuld Periodenende | D114: =D46+D63+D80+D97 -> 312435 | E114: =E46+E63+E80+E97 -> 306759.81 | F114: =F46+F63+F80+F97 -> 300972.26 | G114: =G46+G63+G80+G97 -> 295070.11 | H114: =H46+H63+H80+H97 -> 289051.1 | I114: =I46+I63+I80+I97 -> 282912.91 | J114: =J46+J63+J80+J97 -> 276653.18 | K114: =K46+K63+K80+K97 -> 270269.52 | ... BA114: =BA46+BA63+BA80+BA97 -> 0
B115: Kapitaldienst pro Monat | D115: =D47+D64+D81+D98 -> 988.45 | E115: =E47+E64+E81+E98 -> 988.45 | F115: =F47+F64+F81+F98 -> 988.45 | G115: =G47+G64+G81+G98 -> 988.45 | H115: =H47+H64+H81+H98 -> 988.45 | I115: =I47+I64+I81+I98 -> 988.45 | J115: =J47+J64+J81+J98 -> 988.45 | K115: =K47+K64+K81+K98 -> 988.45 | ... BA115: =BA47+BA64+BA81+BA98 -> 0
B117: Keine Gewähr für die Richtigkeit der Angaben. Dieses Tool ersetzt keine fundierte Rechts-, Steuer- oder Finanzberatung. Mehr Details hier.

Sheet Szenarien
C1: zurück zum Cockpit | P1: Szenarien-Vergleich
B6: Sprünge | U6: Sprünge
B7: 5000 | C7: Darlehen I % Kaufpreis | D7: Darlehen I Summe | E7: Darlehen I Zinssatz | F7: Darlehen I Tilgung | G7: Kaltmiete | H7: Warmmiete | I7: Bewirtschaftungskosten | J7: Zinsen | K7: Tilgung | L7: CF operativ | M7: Hausgeld und weitere Kosten | N7: AfA | O7: Steuern | P7: Cashflow nach Steuern (Monat) | R7: Kaufpreis | S7: Darlehen I % Kaufpreis | T7: Darlehen I Summe | U7: 0.001 | V7: Darlehen I Tilgung | W7: Kaltmiete | X7: Warmmiete | Y7: Bewirtschaftungskosten | Z7: Zinsen | AA7: Tilgung | AB7: CF operativ | AC7: Hausgeld und weitere Kosten | AD7: AfA | AE7: Steuern | AF7: Cashflow nach Steuern (Monat) | AH7: Ausgangsdaten
B8: Kaufpreis | U8: Zinssatz
B9: =B10+$B$7 -> 377400 | C9: =$AL$10 -> 0.88975937 | D9: =B9*C9 -> 335795.19 | E9: =$AL$11 -> 0.0198 | F9: =$AL$12 -> 0.0175 | G9: =$AL$13 -> 1333 | H9: =G9+Cockpit!$K$9 -> 1592.4933 | I9: =-Cockpit!$K$12-Cockpit!$H$25*(Szenarien!G9-Szenarien!$AL$13) -> -317.82667 | J9: =Cockpit!$Q$21-E9*(D9-$D13)/12 -> -554.06206 | K9: =Cockpit!$Q$22-F9*(D9-$D13)/12 -> -489.70132 | L9: =H9+I9+J9+K9 -> 230.90329 | M9: =Cockpit!$Q$29 -> -317.82667 | N9: =Cockpit!$Q$31-Cockpit!$H$20*Cockpit!$H$21*(1+Cockpit!$D$21)*(B9-$B13)/12 -> -547.2722 | O9: =(H9+J9+M9+N9)*Cockpit!$Q$33 -> 72.799612 | P9: =L9-O9 -> 158.10368 | R9: =$AL$9 -> 357400 | S9: =$AL$10 -> 0.88975937 | T9: =R9*S9 -> 318000 | U9: =U10+$U$7 -> 0.0238 | V9: =$AL$12 -> 0.0175 | W9: =$AL$13 -> 1333 | X9: =W9+Cockpit!$K$9 -> 1592.4933 | Y9: =-Cockpit!$K$12-Cockpit!$H$25*(Szenarien!W9-Szenarien!$AL$13) -> -317.82667 | Z9: =Cockpit!$Q$21-U9*(T9-$T$13)/12-(U9-$U$13)*$T$13/12 -> -630.7 | AA9: =Cockpit!$Q$22-V9*(T9-$T$13)/12-(V9-$V$13)*$T$13/12 -> -463.75 | AB9: =X9+Y9+Z9+AA9 -> 180.21667 | AC9: =Cockpit!$Q$29 -> -317.82667 | AD9: =Cockpit!$Q$31-Cockpit!$H$20*Cockpit!$H$21*(1+Cockpit!$D$21)*(R9-$R13)/12 -> -519.1532 | AE9: =(X9+Z9+AC9+AD9)*Cockpit!$Q$33 -> 52.421657 | AF9: =AB9-AE9 -> 127.79501 | AH9: Kaufpreis | AL9: =Cockpit!D14 -> 357400
B10: =B11+$B$7 -> 372400 | C10: =$AL$10 -> 0.88975937 | D10: =B10*C10 -> 331346.39 | E10: =$AL$11 -> 0.0198 | F10: =$AL$12 -> 0.0175 | G10: =$AL$13 -> 1333 | H10: =G10+Cockpit!$K$9 -> 1592.4933 | I10: =-Cockpit!$K$12-Cockpit!$H$25*(Szenarien!G10-Szenarien!$AL$13) -> -317.82667 | J10: =Cockpit!$Q$21-E10*(D10-$D13)/12 -> -546.72154 | K10: =Cockpit!$Q$22-F10*(D10-$D13)/12 -> -483.21349 | L10: =H10+I10+J10+K10 -> 244.73164 | M10: =Cockpit!$Q$29 -> -317.82667 | N10: =Cockpit!$Q$31-Cockpit!$H$20*Cockpit!$H$21*(1+Cockpit!$D$21)*(B10-$B13)/12 -> -540.24245 | O10: =(H10+J10+M10+N10)*Cockpit!$Q$33 -> 78.835124 | P10: =L10-O10 -> 165.89651 | R10: =$AL$9 -> 357400 | S10: =$AL$10 -> 0.88975937 | T10: =R10*S10 -> 318000 | U10: =U11+$U$7 -> 0.0228 | V10: =$AL$12 -> 0.0175 | W10: =$AL$13 -> 1333 | X10: =W10+Cockpit!$K$9 -> 1592.4933 | Y10: =-Cockpit!$K$12-Cockpit!$H$25*(Szenarien!W10-Szenarien!$AL$13) -> -317.82667 | Z10: =Cockpit!$Q$21-U10*(T10-$T$13)/12-(U10-$U$13)*$T$13/12 -> -604.2 | AA10: =Cockpit!$Q$22-V10*(T10-$T$13)/12-(V10-$V$13)*$T$13/12 -> -463.75 | AB10: =X10+Y10+Z10+AA10 -> 206.71667 | AC10: =Cockpit!$Q$29 -> -317.82667 | AD10: =Cockpit!$Q$31-Cockpit!$H$20*Cockpit!$H$21*(1+Cockpit!$D$21)*(R10-$R13)/12 -> -519.1532 | AE10: =(X10+Z10+AC10+AD10)*Cockpit!$Q$33 -> 63.551657 | AF10: =AB10-AE10 -> 143.16501 | AH10: Darlehen I % Kaufpreis | AL10: =Cockpit!N17/AL9 -> 0.88975937
B11: =B12+$B$7 -> 367400 | C11: =$AL$10 -> 0.88975937 | D11: =B11*C11 -> 326897.59 | E11: =$AL$11 -> 0.0198 | F11: =$AL$12 -> 0.0175 | G11: =$AL$13 -> 1333 | H11: =G11+Cockpit!$K$9 -> 1592.4933 | I11: =-Cockpit!$K$12-Cockpit!$H$25*(Szenarien!G11-Szenarien!$AL$13) -> -317.82667 | J11: =Cockpit!$Q$21-E11*(D11-$D13)/12 -> -539.38103 | K11: =Cockpit!$Q$22-F11*(D11-$D13)/12 -> -476.72566 | L11: =H11+I11+J11+K11 -> 258.55998 | M11: =Cockpit!$Q$29 -> -317.82667 | N11: =Cockpit!$Q$31-Cockpit!$H$20*Cockpit!$H$21*(1+Cockpit!$D$21)*(B11-$B13)/12 -> -533.2127 | O11: =(H11+J11+M11+N11)*Cockpit!$Q$33 -> 84.870635 | P11: =L11-O11 -> 173.68934 | R11: =$AL$9 -> 357400 | S11: =$AL$10 -> 0.88975937 | T11: =R11*S11 -> 318000 | U11: =U12+$U$7 -> 0.0218 | V11: =$AL$12 -> 0.0175 | W11: =$AL$13 -> 1333 | X11: =W11+Cockpit!$K$9 -> 1592.4933 | Y11: =-Cockpit!$K$12-Cockpit!$H$25*(Szenarien!W11-Szenarien!$AL$13) -> -317.82667 | Z11: =Cockpit!$Q$21-U11*(T11-$T$13)/12-(U11-$U$13)*$T$13/12 -> -577.7 | AA11: =Cockpit!$Q$22-V11*(T11-$T$13)/12-(V11-$V$13)*$T$13/12 -> -463.75 | AB11: =X11+Y11+Z11+AA11 -> 233.21667 | AC11: =Cockpit!$Q$29 -> -317.82667 | AD11: =Cockpit!$Q$31-Cockpit!$H$20*Cockpit!$H$21*(1+Cockpit!$D$21)*(R11-$R13)/12 -> -519.1532 | AE11: =(X11+Z11+AC11+AD11)*Cockpit!$Q$33 -> 74.681657 | AF11: =AB11-AE11 -> 158.53501 | AH11: Zinssatz Darlehen I | AL11: =Cockpit!N18 -> 0.0198
B12: =B13+$B$7 -> 362400 | C12: =$AL$10 -> 0.88975937 | D12: =B12*C12 -> 322448.8 | E12: =$AL$11 -> 0.0198 | F12: =$AL$12 -> 0.0175 | G12: =$AL$13 -> 1333 | H12: =G12+Cockpit!$K$9 -> 1592.4933 | I12: =-Cockpit!$K$12-Cockpit!$H$25*(Szenarien!G12-Szenarien!$AL$13) -> -317.82667 | J12: =Cockpit!$Q$21-E12*(D12-$D13)/12 -> -532.04051 | K12: =Cockpit!$Q$22-F12*(D12-$D13)/12 -> -470.23783 | L12: =H12+I12+J12+K12 -> 272.38832 | M12: =Cockpit!$Q$29 -> -317.82667 | N12: =Cockpit!$Q$31-Cockpit!$H$20*Cockpit!$H$21*(1+Cockpit!$D$21)*(B12-$B13)/12 -> -526.18295 | O12: =(H12+J12+M12+N12)*Cockpit!$Q$33 -> 90.906146 | P12: =L12-O12 -> 181.48218 | R12: =$AL$9 -> 357400 | S12: =$AL$10 -> 0.88975937 | T12: =R12*S12 -> 318000 | U12: =U13+$U$7 -> 0.0208 | V12: =$AL$12 -> 0.0175 | W12: =$AL$13 -> 1333 | X12: =W12+Cockpit!$K$9 -> 1592.4933 | Y12: =-Cockpit!$K$12-Cockpit!$H$25*(Szenarien!W12-Szenarien!$AL$13) -> -317.82667 | Z12: =Cockpit!$Q$21-U12*(T12-$T$13)/12-(U12-$U$13)*$T$13/12 -> -551.2 | AA12: =Cockpit!$Q$22-V12*(T12-$T$13)/12-(V12-$V$13)*$T$13/12 -> -463.75 | AB12: =X12+Y12+Z12+AA12 -> 259.71667 | AC12: =Cockpit!$Q$29 -> -317.82667 | AD12: =Cockpit!$Q$31-Cockpit!$H$20*Cockpit!$H$21*(1+Cockpit!$D$21)*(R12-$R13)/12 -> -519.1532 | AE12: =(X12+Z12+AC12+AD12)*Cockpit!$Q$33 -> 85.811657 | AF12: =AB12-AE12 -> 173.90501 | AH12: Anfängliche Tilgung Darlehen I | AL12: =Cockpit!N19 -> 0.0175
B13: =$AL$9 -> 357400 | C13: =$AL$10 -> 0.88975937 | D13: =B13*C13 -> 318000 | E13: =$AL$11 -> 0.0198 | F13: =$AL$12 -> 0.0175 | G13: =$AL$13 -> 1333 | H13: =G13+Cockpit!$K$9 -> 1592.4933 | I13: =-Cockpit!$K$12-Cockpit!$H$25*(Szenarien!G13-Szenarien!$AL$13) -> -317.82667 | J13: =Cockpit!$Q$21-E13*(D13-$D13)/12 -> -524.7 | K13: =Cockpit!$Q$22-F13*(D13-$D13)/12 -> -463.75 | L13: =H13+I13+J13+K13 -> 286.21667 | M13: =Cockpit!$Q$29 -> -317.82667 | N13: =Cockpit!$Q$31-Cockpit!$H$20*Cockpit!$H$21*(1+Cockpit!$D$21)*(B13-$B13)/12 -> -519.1532 | O13: =(H13+J13+M13+N13)*Cockpit!$Q$33 -> 96.941657 | P13: =L13-O13 -> 189.27501 | R13: =$AL$9 -> 357400 | S13: =$AL$10 -> 0.88975937 | T13: =R13*S13 -> 318000 | U13: =$AL$11 -> 0.0198 | V13: =$AL$12 -> 0.0175 | W13: =$AL$13 -> 1333 | X13: =W13+Cockpit!$K$9 -> 1592.4933 | Y13: =-Cockpit!$K$12-Cockpit!$H$25*(Szenarien!W13-Szenarien!$AL$13) -> -317.82667 | Z13: =Cockpit!$Q$21-U13*(T13-$T$13)/12-(U13-$U$13)*$T$13/12 -> -524.7 | AA13: =Cockpit!$Q$22-V13*(T13-$T$13)/12-(V13-$V$13)*$T$13/12 -> -463.75 | AB13: =X13+Y13+Z13+AA13 -> 286.21667 | AC13: =Cockpit!$Q$29 -> -317.82667 | AD13: =Cockpit!$Q$31-Cockpit!$H$20*Cockpit!$H$21*(1+Cockpit!$D$21)*(R13-$R13)/12 -> -519.1532 | AE13: =(X13+Z13+AC13+AD13)*Cockpit!$Q$33 -> 96.941657 | AF13: =AB13-AE13 -> 189.27501 | AH13: Nettokaltmiete | AL13: =Cockpit!H15 -> 1333
B14: =B13-$B$7 -> 352400 | C14: =$AL$10 -> 0.88975937 | D14: =B14*C14 -> 313551.2 | E14: =$AL$11 -> 0.0198 | F14: =$AL$12 -> 0.0175 | G14: =$AL$13 -> 1333 | H14: =G14+Cockpit!$K$9 -> 1592.4933 | I14: =-Cockpit!$K$12-Cockpit!$H$25*(Szenarien!G14-Szenarien!$AL$13) -> -317.82667 | J14: =Cockpit!$Q$21-E14*(D14-$D13)/12 -> -517.35949 | K14: =Cockpit!$Q$22-F14*(D14-$D13)/12 -> -457.26217 | L14: =H14+I14+J14+K14 -> 300.04501 | M14: =Cockpit!$Q$29 -> -317.82667 | N14: =Cockpit!$Q$31-Cockpit!$H$20*Cockpit!$H$21*(1+Cockpit!$D$21)*(B14-$B13)/12 -> -512.12345 | O14: =(H14+J14+M14+N14)*Cockpit!$Q$33 -> 102.97717 | P14: =L14-O14 -> 197.06784 | R14: =$AL$9 -> 357400 | S14: =$AL$10 -> 0.88975937 | T14: =R14*S14 -> 318000 | U14: =U13-$U$7 -> 0.0188 | V14: =$AL$12 -> 0.0175 | W14: =$AL$13 -> 1333 | X14: =W14+Cockpit!$K$9 -> 1592.4933 | Y14: =-Cockpit!$K$12-Cockpit!$H$25*(Szenarien!W14-Szenarien!$AL$13) -> -317.82667 | Z14: =Cockpit!$Q$21-U14*(T14-$T$13)/12-(U14-$U$13)*$T$13/12 -> -498.2 | AA14: =Cockpit!$Q$22-V14*(T14-$T$13)/12-(V14-$V$13)*$T$13/12 -> -463.75 | AB14: =X14+Y14+Z14+AA14 -> 312.71667 | AC14: =Cockpit!$Q$29 -> -317.82667 | AD14: =Cockpit!$Q$31-Cockpit!$H$20*Cockpit!$H$21*(1+Cockpit!$D$21)*(R14-$R13)/12 -> -519.1532 | AE14: =(X14+Z14+AC14+AD14)*Cockpit!$Q$33 -> 108.07166 | AF14: =AB14-AE14 -> 204.64501
B15: =B14-$B$7 -> 347400 | C15: =$AL$10 -> 0.88975937 | D15: =B15*C15 -> 309102.41 | E15: =$AL$11 -> 0.0198 | F15: =$AL$12 -> 0.0175 | G15: =$AL$13 -> 1333 | H15: =G15+Cockpit!$K$9 -> 1592.4933 | I15: =-Cockpit!$K$12-Cockpit!$H$25*(Szenarien!G15-Szenarien!$AL$13) -> -317.82667 | J15: =Cockpit!$Q$21-E15*(D15-$D13)/12 -> -510.01897 | K15: =Cockpit!$Q$22-F15*(D15-$D13)/12 -> -450.77434 | L15: =H15+I15+J15+K15 -> 313.87335 | M15: =Cockpit!$Q$29 -> -317.82667 | N15: =Cockpit!$Q$31-Cockpit!$H$20*Cockpit!$H$21*(1+Cockpit!$D$21)*(B15-$B13)/12 -> -505.0937 | O15: =(H15+J15+M15+N15)*Cockpit!$Q$33 -> 109.01268 | P15: =L15-O15 -> 204.86067 | R15: =$AL$9 -> 357400 | S15: =$AL$10 -> 0.88975937 | T15: =R15*S15 -> 318000 | U15: =U14-$U$7 -> 0.0178 | V15: =$AL$12 -> 0.0175 | W15: =$AL$13 -> 1333 | X15: =W15+Cockpit!$K$9 -> 1592.4933 | Y15: =-Cockpit!$K$12-Cockpit!$H$25*(Szenarien!W15-Szenarien!$AL$13) -> -317.82667 | Z15: =Cockpit!$Q$21-U15*(T15-$T$13)/12-(U15-$U$13)*$T$13/12 -> -471.7 | AA15: =Cockpit!$Q$22-V15*(T15-$T$13)/12-(V15-$V$13)*$T$13/12 -> -463.75 | AB15: =X15+Y15+Z15+AA15 -> 339.21667 | AC15: =Cockpit!$Q$29 -> -317.82667 | AD15: =Cockpit!$Q$31-Cockpit!$H$20*Cockpit!$H$21*(1+Cockpit!$D$21)*(R15-$R13)/12 -> -519.1532 | AE15: =(X15+Z15+AC15+AD15)*Cockpit!$Q$33 -> 119.20166 | AF15: =AB15-AE15 -> 220.01501
B16: =B15-$B$7 -> 342400 | C16: =$AL$10 -> 0.88975937 | D16: =B16*C16 -> 304653.61 | E16: =$AL$11 -> 0.0198 | F16: =$AL$12 -> 0.0175 | G16: =$AL$13 -> 1333 | H16: =G16+Cockpit!$K$9 -> 1592.4933 | I16: =-Cockpit!$K$12-Cockpit!$H$25*(Szenarien!G16-Szenarien!$AL$13) -> -317.82667 | J16: =Cockpit!$Q$21-E16*(D16-$D13)/12 -> -502.67846 | K16: =Cockpit!$Q$22-F16*(D16-$D13)/12 -> -444.28651 | L16: =H16+I16+J16+K16 -> 327.7017 | M16: =Cockpit!$Q$29 -> -317.82667 | N16: =Cockpit!$Q$31-Cockpit!$H$20*Cockpit!$H$21*(1+Cockpit!$D$21)*(B16-$B13)/12 -> -498.06395 | O16: =(H16+J16+M16+N16)*Cockpit!$Q$33 -> 115.04819 | P16: =L16-O16 -> 212.65351 | R16: =$AL$9 -> 357400 | S16: =$AL$10 -> 0.88975937 | T16: =R16*S16 -> 318000 | U16: =U15-$U$7 -> 0.0168 | V16: =$AL$12 -> 0.0175 | W16: =$AL$13 -> 1333 | X16: =W16+Cockpit!$K$9 -> 1592.4933 | Y16: =-Cockpit!$K$12-Cockpit!$H$25*(Szenarien!W16-Szenarien!$AL$13) -> -317.82667 | Z16: =Cockpit!$Q$21-U16*(T16-$T$13)/12-(U16-$U$13)*$T$13/12 -> -445.2 | AA16: =Cockpit!$Q$22-V16*(T16-$T$13)/12-(V16-$V$13)*$T$13/12 -> -463.75 | AB16: =X16+Y16+Z16+AA16 -> 365.71667 | AC16: =Cockpit!$Q$29 -> -317.82667 | AD16: =Cockpit!$Q$31-Cockpit!$H$20*Cockpit!$H$21*(1+Cockpit!$D$21)*(R16-$R13)/12 -> -519.1532 | AE16: =(X16+Z16+AC16+AD16)*Cockpit!$Q$33 -> 130.33166 | AF16: =AB16-AE16 -> 235.38501
B17: =B16-$B$7 -> 337400 | C17: =$AL$10 -> 0.88975937 | D17: =B17*C17 -> 300204.81 | E17: =$AL$11 -> 0.0198 | F17: =$AL$12 -> 0.0175 | G17: =$AL$13 -> 1333 | H17: =G17+Cockpit!$K$9 -> 1592.4933 | I17: =-Cockpit!$K$12-Cockpit!$H$25*(Szenarien!G17-Szenarien!$AL$13) -> -317.82667 | J17: =Cockpit!$Q$21-E17*(D17-$D13)/12 -> -495.33794 | K17: =Cockpit!$Q$22-F17*(D17-$D13)/12 -> -437.79868 | L17: =H17+I17+J17+K17 -> 341.53004 | M17: =Cockpit!$Q$29 -> -317.82667 | N17: =Cockpit!$Q$31-Cockpit!$H$20*Cockpit!$H$21*(1+Cockpit!$D$21)*(B17-$B13)/12 -> -491.0342 | O17: =(H17+J17+M17+N17)*Cockpit!$Q$33 -> 121.0837 | P17: =L17-O17 -> 220.44634 | R17: =$AL$9 -> 357400 | S17: =$AL$10 -> 0.88975937 | T17: =R17*S17 -> 318000 | U17: =U16-$U$7 -> 0.0158 | V17: =$AL$12 -> 0.0175 | W17: =$AL$13 -> 1333 | X17: =W17+Cockpit!$K$9 -> 1592.4933 | Y17: =-Cockpit!$K$12-Cockpit!$H$25*(Szenarien!W17-Szenarien!$AL$13) -> -317.82667 | Z17: =Cockpit!$Q$21-U17*(T17-$T$13)/12-(U17-$U$13)*$T$13/12 -> -418.7 | AA17: =Cockpit!$Q$22-V17*(T17-$T$13)/12-(V17-$V$13)*$T$13/12 -> -463.75 | AB17: =X17+Y17+Z17+AA17 -> 392.21667 | AC17: =Cockpit!$Q$29 -> -317.82667 | AD17: =Cockpit!$Q$31-Cockpit!$H$20*Cockpit!$H$21*(1+Cockpit!$D$21)*(R17-$R13)/12 -> -519.1532 | AE17: =(X17+Z17+AC17+AD17)*Cockpit!$Q$33 -> 141.46166 | AF17: =AB17-AE17 -> 250.75501
C20: Sprünge | V20: Sprünge | AM20: Sprünge
B21: Kaufpreis | C21: 0.05 | D21: Darlehen I Summe | E21: Darlehen I Zinssatz | F21: Darlehen I Tilgung | G21: Kaltmiete | H21: Warmmiete | I21: Bewirtschaftungskosten | J21: Zinsen | K21: Tilgung | L21: CF operativ | M21: Hausgeld und weitere Kosten | N21: AfA | O21: Steuern | P21: Cashflow nach Steuern (Monat) | R21: Kaufpreis | S21: Darlehen I % Kaufpreis | T21: Darlehen I Summe | U21: Darlehen I Zinssatz | V21: 0.005 | W21: Kaltmiete | X21: Warmmiete | Y21: Bewirtschaftungskosten | Z21: Zinsen | AA21: Tilgung | AB21: CF operativ | AC21: Hausgeld und weitere Kosten | AD21: AfA | AE21: Steuern | AF21: Cashflow nach Steuern (Monat) | AH21: Kaufpreis | AI21: Darlehen I % Kaufpreis | AJ21: Darlehen I Summe | AK21: Darlehen I Zinssatz | AL21: Darlehen I Tilgung | AM21: 26 | AN21: Warmmiete | AO21: Bewirtschaftungskosten | AP21: Zinsen | AQ21: Tilgung | AR21: CF operativ | AS21: Hausgeld und weitere Kosten | AT21: AfA | AU21: Steuern | AV21: Cashflow nach Steuern (Monat)
C22: % Kaufpreis | V22: Tilgung | AM22: Kaltmiete
B23: =$AL$9 -> 357400 | C23: =C24+$C$21 -> 1.0897594 | D23: =C23*B23 -> 389480 | E23: =$AL$11 -> 0.0198 | F23: =$AL$12 -> 0.0175 | G23: =$AL$13 -> 1333 | H23: =G23+Cockpit!$K$9 -> 1592.4933 | I23: =-Cockpit!$K$12-Cockpit!$H$25*(Szenarien!G23-Szenarien!$AL$13) -> -317.82667 | J23: =Cockpit!$Q$21-E23*(D23-$D27)/12 -> -642.642 | K23: =Cockpit!$Q$22-F23*(D23-$D27)/12 -> -567.99167 | L23: =H23+I23+J23+K23 -> 64.033 | M23: =Cockpit!$Q$29 -> -317.82667 | N23: =Cockpit!$Q$31-Cockpit!$H$20*Cockpit!$H$21*(1+Cockpit!$D$21)*(B23-$B27)/12 -> -519.1532 | O23: =(H23+J23+M23+N23)*Cockpit!$Q$33 -> 47.406017 | P23: =L23-O23 -> 16.626983 | R23: =$AL$9 -> 357400 | S23: =$AL$10 -> 0.88975937 | T23: =R23*S23 -> 318000 | U23: =$AL$11 -> 0.0198 | V23: =V24+$V$21 -> 0.0375 | W23: =$AL$13 -> 1333 | X23: =W23+Cockpit!$K$9 -> 1592.4933 | Y23: =-Cockpit!$K$12-Cockpit!$H$25*(Szenarien!W23-Szenarien!$AL$13) -> -317.82667 | Z23: =Cockpit!$Q$21-U23*(T23-$T$13)/12-(U23-$U$13)*$T$13/12 -> -524.7 | AA23: =Cockpit!$Q$22-V23*(T23-$T$13)/12-(V23-$V$13)*$T$13/12 -> -993.75 | AB23: =X23+Y23+Z23+AA23 -> -243.78333 | AC23: =Cockpit!$Q$29 -> -317.82667 | AD23: =Cockpit!$Q$31-Cockpit!$H$20*Cockpit!$H$21*(1+Cockpit!$D$21)*(R23-$R27)/12 -> -519.1532 | AE23: =(X23+Z23+AC23+AD23)*Cockpit!$Q$33 -> 96.941657 | AF23: =AB23-AE23 -> -340.72499 | AH23: =$AL$9 -> 357400 | AI23: =$AL$10 -> 0.88975937 | AJ23: =AH23*AI23 -> 318000 | AK23: =$AL$11 -> 0.0198 | AL23: =$AL$12 -> 0.0175 | AM23: =AM24+$AM$21 -> 1437 | AN23: =AM23+Cockpit!$K$9 -> 1696.4933 | AO23: =-Cockpit!$K$12-Cockpit!$H$25*(Szenarien!AM23-Szenarien!$AL$13) -> -317.82667 | AP23: =Cockpit!$Q$21-AK23*(AJ23-$T$13)/12-(AK23-$U$13)*$T$13/12 -> -524.7 | AQ23: =Cockpit!$Q$22-AL23*(AJ23-$T$13)/12-(AL23-$V$13)*$T$13/12 -> -463.75 | AR23: =AN23+AO23+AP23+AQ23 -> 390.21667 | AS23: =Cockpit!$Q$29 -> -317.82667 | AT23: =Cockpit!$Q$31-Cockpit!$H$20*Cockpit!$H$21*(1+Cockpit!$D$21)*(AH23-$AH27)/12 -> -519.1532 | AU23: =(AN23+AP23+AS23+AT23)*Cockpit!$Q$33 -> 140.62166 | AV23: =AR23-AU23 -> 249.59501
B24: =$AL$9 -> 357400 | C24: =C25+$C$21 -> 1.0397594 | D24: =C24*B24 -> 371610 | E24: =$AL$11 -> 0.0198 | F24: =$AL$12 -> 0.0175 | G24: =$AL$13 -> 1333 | H24: =G24+Cockpit!$K$9 -> 1592.4933 | I24: =-Cockpit!$K$12-Cockpit!$H$25*(Szenarien!G24-Szenarien!$AL$13) -> -317.82667 | J24: =Cockpit!$Q$21-E24*(D24-$D27)/12 -> -613.1565 | K24: =Cockpit!$Q$22-F24*(D24-$D27)/12 -> -541.93125 | L24: =H24+I24+J24+K24 -> 119.57892 | M24: =Cockpit!$Q$29 -> -317.82667 | N24: =Cockpit!$Q$31-Cockpit!$H$20*Cockpit!$H$21*(1+Cockpit!$D$21)*(B24-$B27)/12 -> -519.1532 | O24: =(H24+J24+M24+N24)*Cockpit!$Q$33 -> 59.789927 | P24: =L24-O24 -> 59.788989 | R24: =$AL$9 -> 357400 | S24: =$AL$10 -> 0.88975937 | T24: =R24*S24 -> 318000 | U24: =$AL$11 -> 0.0198 | V24: =V25+$V$21 -> 0.0325 | W24: =$AL$13 -> 1333 | X24: =W24+Cockpit!$K$9 -> 1592.4933 | Y24: =-Cockpit!$K$12-Cockpit!$H$25*(Szenarien!W24-Szenarien!$AL$13) -> -317.82667 | Z24: =Cockpit!$Q$21-U24*(T24-$T$13)/12-(U24-$U$13)*$T$13/12 -> -524.7 | AA24: =Cockpit!$Q$22-V24*(T24-$T$13)/12-(V24-$V$13)*$T$13/12 -> -861.25 | AB24: =X24+Y24+Z24+AA24 -> -111.28333 | AC24: =Cockpit!$Q$29 -> -317.82667 | AD24: =Cockpit!$Q$31-Cockpit!$H$20*Cockpit!$H$21*(1+Cockpit!$D$21)*(R24-$R27)/12 -> -519.1532 | AE24: =(X24+Z24+AC24+AD24)*Cockpit!$Q$33 -> 96.941657 | AF24: =AB24-AE24 -> -208.22499 | AH24: =$AL$9 -> 357400 | AI24: =$AL$10 -> 0.88975937 | AJ24: =AH24*AI24 -> 318000 | AK24: =$AL$11 -> 0.0198 | AL24: =$AL$12 -> 0.0175 | AM24: =AM25+$AM$21 -> 1411 | AN24: =AM24+Cockpit!$K$9 -> 1670.4933 | AO24: =-Cockpit!$K$12-Cockpit!$H$25*(Szenarien!AM24-Szenarien!$AL$13) -> -317.82667 | AP24: =Cockpit!$Q$21-AK24*(AJ24-$T$13)/12-(AK24-$U$13)*$T$13/12 -> -524.7 | AQ24: =Cockpit!$Q$22-AL24*(AJ24-$T$13)/12-(AL24-$V$13)*$T$13/12 -> -463.75 | AR24: =AN24+AO24+AP24+AQ24 -> 364.21667 | AS24: =Cockpit!$Q$29 -> -317.82667 | AT24: =Cockpit!$Q$31-Cockpit!$H$20*Cockpit!$H$21*(1+Cockpit!$D$21)*(AH24-$AH27)/12 -> -519.1532 | AU24: =(AN24+AP24+AS24+AT24)*Cockpit!$Q$33 -> 129.70166 | AV24: =AR24-AU24 -> 234.51501
B25: =$AL$9 -> 357400 | C25: =C26+$C$21 -> 0.98975937 | D25: =C25*B25 -> 353740 | E25: =$AL$11 -> 0.0198 | F25: =$AL$12 -> 0.0175 | G25: =$AL$13 -> 1333 | H25: =G25+Cockpit!$K$9 -> 1592.4933 | I25: =-Cockpit!$K$12-Cockpit!$H$25*(Szenarien!G25-Szenarien!$AL$13) -> -317.82667 | J25: =Cockpit!$Q$21-E25*(D25-$D27)/12 -> -583.671 | K25: =Cockpit!$Q$22-F25*(D25-$D27)/12 -> -515.87083 | L25: =H25+I25+J25+K25 -> 175.12483 | M25: =Cockpit!$Q$29 -> -317.82667 | N25: =Cockpit!$Q$31-Cockpit!$H$20*Cockpit!$H$21*(1+Cockpit!$D$21)*(B25-$B27)/12 -> -519.1532 | O25: =(H25+J25+M25+N25)*Cockpit!$Q$33 -> 72.173837 | P25: =L25-O25 -> 102.951 | R25: =$AL$9 -> 357400 | S25: =$AL$10 -> 0.88975937 | T25: =R25*S25 -> 318000 | U25: =$AL$11 -> 0.0198 | V25: =V26+$V$21 -> 0.0275 | W25: =$AL$13 -> 1333 | X25: =W25+Cockpit!$K$9 -> 1592.4933 | Y25: =-Cockpit!$K$12-Cockpit!$H$25*(Szenarien!W25-Szenarien!$AL$13) -> -317.82667 | Z25: =Cockpit!$Q$21-U25*(T25-$T$13)/12-(U25-$U$13)*$T$13/12 -> -524.7 | AA25: =Cockpit!$Q$22-V25*(T25-$T$13)/12-(V25-$V$13)*$T$13/12 -> -728.75 | AB25: =X25+Y25+Z25+AA25 -> 21.216667 | AC25: =Cockpit!$Q$29 -> -317.82667 | AD25: =Cockpit!$Q$31-Cockpit!$H$20*Cockpit!$H$21*(1+Cockpit!$D$21)*(R25-$R27)/12 -> -519.1532 | AE25: =(X25+Z25+AC25+AD25)*Cockpit!$Q$33 -> 96.941657 | AF25: =AB25-AE25 -> -75.724991 | AH25: =$AL$9 -> 357400 | AI25: =$AL$10 -> 0.88975937 | AJ25: =AH25*AI25 -> 318000 | AK25: =$AL$11 -> 0.0198 | AL25: =$AL$12 -> 0.0175 | AM25: =AM26+$AM$21 -> 1385 | AN25: =AM25+Cockpit!$K$9 -> 1644.4933 | AO25: =-Cockpit!$K$12-Cockpit!$H$25*(Szenarien!AM25-Szenarien!$AL$13) -> -317.82667 | AP25: =Cockpit!$Q$21-AK25*(AJ25-$T$13)/12-(AK25-$U$13)*$T$13/12 -> -524.7 | AQ25: =Cockpit!$Q$22-AL25*(AJ25-$T$13)/12-(AL25-$V$13)*$T$13/12 -> -463.75 | AR25: =AN25+AO25+AP25+AQ25 -> 338.21667 | AS25: =Cockpit!$Q$29 -> -317.82667 | AT25: =Cockpit!$Q$31-Cockpit!$H$20*Cockpit!$H$21*(1+Cockpit!$D$21)*(AH25-$AH27)/12 -> -519.1532 | AU25: =(AN25+AP25+AS25+AT25)*Cockpit!$Q$33 -> 118.78166 | AV25: =AR25-AU25 -> 219.43501
B26: =$AL$9 -> 357400 | C26: =C27+$C$21 -> 0.93975937 | D26: =C26*B26 -> 335870 | E26: =$AL$11 -> 0.0198 | F26: =$AL$12 -> 0.0175 | G26: =$AL$13 -> 1333 | H26: =G26+Cockpit!$K$9 -> 1592.4933 | I26: =-Cockpit!$K$12-Cockpit!$H$25*(Szenarien!G26-Szenarien!$AL$13) -> -317.82667 | J26: =Cockpit!$Q$21-E26*(D26-$D27)/12 -> -554.1855 | K26: =Cockpit!$Q$22-F26*(D26-$D27)/12 -> -489.81042 | L26: =H26+I26+J26+K26 -> 230.67075 | M26: =Cockpit!$Q$29 -> -317.82667 | N26: =Cockpit!$Q$31-Cockpit!$H$20*Cockpit!$H$21*(1+Cockpit!$D$21)*(B26-$B27)/12 -> -519.1532 | O26: =(H26+J26+M26+N26)*Cockpit!$Q$33 -> 84.557747 | P26: =L26-O26 -> 146.113 | R26: =$AL$9 -> 357400 | S26: =$AL$10 -> 0.88975937 | T26: =R26*S26 -> 318000 | U26: =$AL$11 -> 0.0198 | V26: =V27+$V$21 -> 0.0225 | W26: =$AL$13 -> 1333 | X26: =W26+Cockpit!$K$9 -> 1592.4933 | Y26: =-Cockpit!$K$12-Cockpit!$H$25*(Szenarien!W26-Szenarien!$AL$13) -> -317.82667 | Z26: =Cockpit!$Q$21-U26*(T26-$T$13)/12-(U26-$U$13)*$T$13/12 -> -524.7 | AA26: =Cockpit!$Q$22-V26*(T26-$T$13)/12-(V26-$V$13)*$T$13/12 -> -596.25 | AB26: =X26+Y26+Z26+AA26 -> 153.71667 | AC26: =Cockpit!$Q$29 -> -317.82667 | AD26: =Cockpit!$Q$31-Cockpit!$H$20*Cockpit!$H$21*(1+Cockpit!$D$21)*(R26-$R27)/12 -> -519.1532 | AE26: =(X26+Z26+AC26+AD26)*Cockpit!$Q$33 -> 96.941657 | AF26: =AB26-AE26 -> 56.775009 | AH26: =$AL$9 -> 357400 | AI26: =$AL$10 -> 0.88975937 | AJ26: =AH26*AI26 -> 318000 | AK26: =$AL$11 -> 0.0198 | AL26: =$AL$12 -> 0.0175 | AM26: =AM27+$AM$21 -> 1359 | AN26: =AM26+Cockpit!$K$9 -> 1618.4933 | AO26: =-Cockpit!$K$12-Cockpit!$H$25*(Szenarien!AM26-Szenarien!$AL$13) -> -317.82667 | AP26: =Cockpit!$Q$21-AK26*(AJ26-$T$13)/12-(AK26-$U$13)*$T$13/12 -> -524.7 | AQ26: =Cockpit!$Q$22-AL26*(AJ26-$T$13)/12-(AL26-$V$13)*$T$13/12 -> -463.75 | AR26: =AN26+AO26+AP26+AQ26 -> 312.21667 | AS26: =Cockpit!$Q$29 -> -317.82667 | AT26: =Cockpit!$Q$31-Cockpit!$H$20*Cockpit!$H$21*(1+Cockpit!$D$21)*(AH26-$AH27)/12 -> -519.1532 | AU26: =(AN26+AP26+AS26+AT26)*Cockpit!$Q$33 -> 107.86166 | AV26: =AR26-AU26 -> 204.35501
B27: =$AL$9 -> 357400 | C27: =$AL$10 -> 0.88975937 | D27: =C27*B27 -> 318000 | E27: =$AL$11 -> 0.0198 | F27: =$AL$12 -> 0.0175 | G27: =$AL$13 -> 1333 | H27: =G27+Cockpit!$K$9 -> 1592.4933 | I27: =-Cockpit!$K$12-Cockpit!$H$25*(Szenarien!G27-Szenarien!$AL$13) -> -317.82667 | J27: =Cockpit!$Q$21-E27*(D27-$D27)/12 -> -524.7 | K27: =Cockpit!$Q$22-F27*(D27-$D27)/12 -> -463.75 | L27: =H27+I27+J27+K27 -> 286.21667 | M27: =Cockpit!$Q$29 -> -317.82667 | N27: =Cockpit!$Q$31-Cockpit!$H$20*Cockpit!$H$21*(1+Cockpit!$D$21)*(B27-$B27)/12 -> -519.1532 | O27: =(H27+J27+M27+N27)*Cockpit!$Q$33 -> 96.941657 | P27: =L27-O27 -> 189.27501 | R27: =$AL$9 -> 357400 | S27: =$AL$10 -> 0.88975937 | T27: =R27*S27 -> 318000 | U27: =$AL$11 -> 0.0198 | V27: =$AL$12 -> 0.0175 | W27: =$AL$13 -> 1333 | X27: =W27+Cockpit!$K$9 -> 1592.4933 | Y27: =-Cockpit!$K$12-Cockpit!$H$25*(Szenarien!W27-Szenarien!$AL$13) -> -317.82667 | Z27: =Cockpit!$Q$21-U27*(T27-$T$13)/12-(U27-$U$13)*$T$13/12 -> -524.7 | AA27: =Cockpit!$Q$22-V27*(T27-$T$13)/12-(V27-$V$13)*$T$13/12 -> -463.75 | AB27: =X27+Y27+Z27+AA27 -> 286.21667 | AC27: =Cockpit!$Q$29 -> -317.82667 | AD27: =Cockpit!$Q$31-Cockpit!$H$20*Cockpit!$H$21*(1+Cockpit!$D$21)*(R27-$R27)/12 -> -519.1532 | AE27: =(X27+Z27+AC27+AD27)*Cockpit!$Q$33 -> 96.941657 | AF27: =AB27-AE27 -> 189.27501 | AH27: =$AL$9 -> 357400 | AI27: =$AL$10 -> 0.88975937 | AJ27: =AH27*AI27 -> 318000 | AK27: =$AL$11 -> 0.0198 | AL27: =$AL$12 -> 0.0175 | AM27: =$AL$13 -> 1333 | AN27: =AM27+Cockpit!$K$9 -> 1592.4933 | AO27: =-Cockpit!$K$12-Cockpit!$H$25*(Szenarien!AM27-Szenarien!$AL$13) -> -317.82667 | AP27: =Cockpit!$Q$21-AK27*(AJ27-$T$13)/12-(AK27-$U$13)*$T$13/12 -> -524.7 | AQ27: =Cockpit!$Q$22-AL27*(AJ27-$T$13)/12-(AL27-$V$13)*$T$13/12 -> -463.75 | AR27: =AN27+AO27+AP27+AQ27 -> 286.21667 | AS27: =Cockpit!$Q$29 -> -317.82667 | AT27: =Cockpit!$Q$31-Cockpit!$H$20*Cockpit!$H$21*(1+Cockpit!$D$21)*(AH27-$AH27)/12 -> -519.1532 | AU27: =(AN27+AP27+AS27+AT27)*Cockpit!$Q$33 -> 96.941657 | AV27: =AR27-AU27 -> 189.27501
B28: =$AL$9 -> 357400 | C28: =C27-$C$21 -> 0.83975937 | D28: =C28*B28 -> 300130 | E28: =$AL$11 -> 0.0198 | F28: =$AL$12 -> 0.0175 | G28: =$AL$13 -> 1333 | H28: =G28+Cockpit!$K$9 -> 1592.4933 | I28: =-Cockpit!$K$12-Cockpit!$H$25*(Szenarien!G28-Szenarien!$AL$13) -> -317.82667 | J28: =Cockpit!$Q$21-E28*(D28-$D27)/12 -> -495.2145 | K28: =Cockpit!$Q$22-F28*(D28-$D27)/12 -> -437.68958 | L28: =H28+I28+J28+K28 -> 341.76258 | M28: =Cockpit!$Q$29 -> -317.82667 | N28: =Cockpit!$Q$31-Cockpit!$H$20*Cockpit!$H$21*(1+Cockpit!$D$21)*(B28-$B27)/12 -> -519.1532 | O28: =(H28+J28+M28+N28)*Cockpit!$Q$33 -> 109.32557 | P28: =L28-O28 -> 232.43702 | R28: =$AL$9 -> 357400 | S28: =$AL$10 -> 0.88975937 | T28: =R28*S28 -> 318000 | U28: =$AL$11 -> 0.0198 | V28: =V27-$V$21 -> 0.0125 | W28: =$AL$13 -> 1333 | X28: =W28+Cockpit!$K$9 -> 1592.4933 | Y28: =-Cockpit!$K$12-Cockpit!$H$25*(Szenarien!W28-Szenarien!$AL$13) -> -317.82667 | Z28: =Cockpit!$Q$21-U28*(T28-$T$13)/12-(U28-$U$13)*$T$13/12 -> -524.7 | AA28: =Cockpit!$Q$22-V28*(T28-$T$13)/12-(V28-$V$13)*$T$13/12 -> -331.25 | AB28: =X28+Y28+Z28+AA28 -> 418.71667 | AC28: =Cockpit!$Q$29 -> -317.82667 | AD28: =Cockpit!$Q$31-Cockpit!$H$20*Cockpit!$H$21*(1+Cockpit!$D$21)*(R28-$R27)/12 -> -519.1532 | AE28: =(X28+Z28+AC28+AD28)*Cockpit!$Q$33 -> 96.941657 | AF28: =AB28-AE28 -> 321.77501 | AH28: =$AL$9 -> 357400 | AI28: =$AL$10 -> 0.88975937 | AJ28: =AH28*AI28 -> 318000 | AK28: =$AL$11 -> 0.0198 | AL28: =$AL$12 -> 0.0175 | AM28: =AM27-$AM$21 -> 1307 | AN28: =AM28+Cockpit!$K$9 -> 1566.4933 | AO28: =-Cockpit!$K$12-Cockpit!$H$25*(Szenarien!AM28-Szenarien!$AL$13) -> -317.82667 | AP28: =Cockpit!$Q$21-AK28*(AJ28-$T$13)/12-(AK28-$U$13)*$T$13/12 -> -524.7 | AQ28: =Cockpit!$Q$22-AL28*(AJ28-$T$13)/12-(AL28-$V$13)*$T$13/12 -> -463.75 | AR28: =AN28+AO28+AP28+AQ28 -> 260.21667 | AS28: =Cockpit!$Q$29 -> -317.82667 | AT28: =Cockpit!$Q$31-Cockpit!$H$20*Cockpit!$H$21*(1+Cockpit!$D$21)*(AH28-$AH27)/12 -> -519.1532 | AU28: =(AN28+AP28+AS28+AT28)*Cockpit!$Q$33 -> 86.021657 | AV28: =AR28-AU28 -> 174.19501
B29: =$AL$9 -> 357400 | C29: =C28-$C$21 -> 0.78975937 | D29: =C29*B29 -> 282260 | E29: =$AL$11 -> 0.0198 | F29: =$AL$12 -> 0.0175 | G29: =$AL$13 -> 1333 | H29: =G29+Cockpit!$K$9 -> 1592.4933 | I29: =-Cockpit!$K$12-Cockpit!$H$25*(Szenarien!G29-Szenarien!$AL$13) -> -317.82667 | J29: =Cockpit!$Q$21-E29*(D29-$D27)/12 -> -465.729 | K29: =Cockpit!$Q$22-F29*(D29-$D27)/12 -> -411.62917 | L29: =H29+I29+J29+K29 -> 397.3085 | M29: =Cockpit!$Q$29 -> -317.82667 | N29: =Cockpit!$Q$31-Cockpit!$H$20*Cockpit!$H$21*(1+Cockpit!$D$21)*(B29-$B27)/12 -> -519.1532 | O29: =(H29+J29+M29+N29)*Cockpit!$Q$33 -> 121.70948 | P29: =L29-O29 -> 275.59902 | R29: =$AL$9 -> 357400 | S29: =$AL$10 -> 0.88975937 | T29: =R29*S29 -> 318000 | U29: =$AL$11 -> 0.0198 | V29: =V28-$V$21 -> 0.0075 | W29: =$AL$13 -> 1333 | X29: =W29+Cockpit!$K$9 -> 1592.4933 | Y29: =-Cockpit!$K$12-Cockpit!$H$25*(Szenarien!W29-Szenarien!$AL$13) -> -317.82667 | Z29: =Cockpit!$Q$21-U29*(T29-$T$13)/12-(U29-$U$13)*$T$13/12 -> -524.7 | AA29: =Cockpit!$Q$22-V29*(T29-$T$13)/12-(V29-$V$13)*$T$13/12 -> -198.75 | AB29: =X29+Y29+Z29+AA29 -> 551.21667 | AC29: =Cockpit!$Q$29 -> -317.82667 | AD29: =Cockpit!$Q$31-Cockpit!$H$20*Cockpit!$H$21*(1+Cockpit!$D$21)*(R29-$R27)/12 -> -519.1532 | AE29: =(X29+Z29+AC29+AD29)*Cockpit!$Q$33 -> 96.941657 | AF29: =AB29-AE29 -> 454.27501 | AH29: =$AL$9 -> 357400 | AI29: =$AL$10 -> 0.88975937 | AJ29: =AH29*AI29 -> 318000 | AK29: =$AL$11 -> 0.0198 | AL29: =$AL$12 -> 0.0175 | AM29: =AM28-$AM$21 -> 1281 | AN29: =AM29+Cockpit!$K$9 -> 1540.4933 | AO29: =-Cockpit!$K$12-Cockpit!$H$25*(Szenarien!AM29-Szenarien!$AL$13) -> -317.82667 | AP29: =Cockpit!$Q$21-AK29*(AJ29-$T$13)/12-(AK29-$U$13)*$T$13/12 -> -524.7 | AQ29: =Cockpit!$Q$22-AL29*(AJ29-$T$13)/12-(AL29-$V$13)*$T$13/12 -> -463.75 | AR29: =AN29+AO29+AP29+AQ29 -> 234.21667 | AS29: =Cockpit!$Q$29 -> -317.82667 | AT29: =Cockpit!$Q$31-Cockpit!$H$20*Cockpit!$H$21*(1+Cockpit!$D$21)*(AH29-$AH27)/12 -> -519.1532 | AU29: =(AN29+AP29+AS29+AT29)*Cockpit!$Q$33 -> 75.101657 | AV29: =AR29-AU29 -> 159.11501
B30: =$AL$9 -> 357400 | C30: =C29-$C$21 -> 0.73975937 | D30: =C30*B30 -> 264390 | E30: =$AL$11 -> 0.0198 | F30: =$AL$12 -> 0.0175 | G30: =$AL$13 -> 1333 | H30: =G30+Cockpit!$K$9 -> 1592.4933 | I30: =-Cockpit!$K$12-Cockpit!$H$25*(Szenarien!G30-Szenarien!$AL$13) -> -317.82667 | J30: =Cockpit!$Q$21-E30*(D30-$D27)/12 -> -436.2435 | K30: =Cockpit!$Q$22-F30*(D30-$D27)/12 -> -385.56875 | L30: =H30+I30+J30+K30 -> 452.85442 | M30: =Cockpit!$Q$29 -> -317.82667 | N30: =Cockpit!$Q$31-Cockpit!$H$20*Cockpit!$H$21*(1+Cockpit!$D$21)*(B30-$B27)/12 -> -519.1532 | O30: =(H30+J30+M30+N30)*Cockpit!$Q$33 -> 134.09339 | P30: =L30-O30 -> 318.76103 | R30: =$AL$9 -> 357400 | S30: =$AL$10 -> 0.88975937 | T30: =R30*S30 -> 318000 | U30: =$AL$11 -> 0.0198 | V30: =V29-$V$21 -> 0.0025 | W30: =$AL$13 -> 1333 | X30: =W30+Cockpit!$K$9 -> 1592.4933 | Y30: =-Cockpit!$K$12-Cockpit!$H$25*(Szenarien!W30-Szenarien!$AL$13) -> -317.82667 | Z30: =Cockpit!$Q$21-U30*(T30-$T$13)/12-(U30-$U$13)*$T$13/12 -> -524.7 | AA30: =Cockpit!$Q$22-V30*(T30-$T$13)/12-(V30-$V$13)*$T$13/12 -> -66.25 | AB30: =X30+Y30+Z30+AA30 -> 683.71667 | AC30: =Cockpit!$Q$29 -> -317.82667 | AD30: =Cockpit!$Q$31-Cockpit!$H$20*Cockpit!$H$21*(1+Cockpit!$D$21)*(R30-$R27)/12 -> -519.1532 | AE30: =(X30+Z30+AC30+AD30)*Cockpit!$Q$33 -> 96.941657 | AF30: =AB30-AE30 -> 586.77501 | AH30: =$AL$9 -> 357400 | AI30: =$AL$10 -> 0.88975937 | AJ30: =AH30*AI30 -> 318000 | AK30: =$AL$11 -> 0.0198 | AL30: =$AL$12 -> 0.0175 | AM30: =AM29-$AM$21 -> 1255 | AN30: =AM30+Cockpit!$K$9 -> 1514.4933 | AO30: =-Cockpit!$K$12-Cockpit!$H$25*(Szenarien!AM30-Szenarien!$AL$13) -> -317.82667 | AP30: =Cockpit!$Q$21-AK30*(AJ30-$T$13)/12-(AK30-$U$13)*$T$13/12 -> -524.7 | AQ30: =Cockpit!$Q$22-AL30*(AJ30-$T$13)/12-(AL30-$V$13)*$T$13/12 -> -463.75 | AR30: =AN30+AO30+AP30+AQ30 -> 208.21667 | AS30: =Cockpit!$Q$29 -> -317.82667 | AT30: =Cockpit!$Q$31-Cockpit!$H$20*Cockpit!$H$21*(1+Cockpit!$D$21)*(AH30-$AH27)/12 -> -519.1532 | AU30: =(AN30+AP30+AS30+AT30)*Cockpit!$Q$33 -> 64.181657 | AV30: =AR30-AU30 -> 144.03501
B31: =$AL$9 -> 357400 | C31: =C30-$C$21 -> 0.68975937 | D31: =C31*B31 -> 246520 | E31: =$AL$11 -> 0.0198 | F31: =$AL$12 -> 0.0175 | G31: =$AL$13 -> 1333 | H31: =G31+Cockpit!$K$9 -> 1592.4933 | I31: =-Cockpit!$K$12-Cockpit!$H$25*(Szenarien!G31-Szenarien!$AL$13) -> -317.82667 | J31: =Cockpit!$Q$21-E31*(D31-$D27)/12 -> -406.758 | K31: =Cockpit!$Q$22-F31*(D31-$D27)/12 -> -359.50833 | L31: =H31+I31+J31+K31 -> 508.40033 | M31: =Cockpit!$Q$29 -> -317.82667 | N31: =Cockpit!$Q$31-Cockpit!$H$20*Cockpit!$H$21*(1+Cockpit!$D$21)*(B31-$B27)/12 -> -519.1532 | O31: =(H31+J31+M31+N31)*Cockpit!$Q$33 -> 146.4773 | P31: =L31-O31 -> 361.92304 | R31: =$AL$9 -> 357400 | S31: =$AL$10 -> 0.88975937 | T31: =R31*S31 -> 318000 | U31: =$AL$11 -> 0.0198 | V31: =V30-$V$21 -> -0.0025 | W31: =$AL$13 -> 1333 | X31: =W31+Cockpit!$K$9 -> 1592.4933 | Y31: =-Cockpit!$K$12-Cockpit!$H$25*(Szenarien!W31-Szenarien!$AL$13) -> -317.82667 | Z31: =Cockpit!$Q$21-U31*(T31-$T$13)/12-(U31-$U$13)*$T$13/12 -> -524.7 | AA31: =Cockpit!$Q$22-V31*(T31-$T$13)/12-(V31-$V$13)*$T$13/12 -> 66.25 | AB31: =X31+Y31+Z31+AA31 -> 816.21667 | AC31: =Cockpit!$Q$29 -> -317.82667 | AD31: =Cockpit!$Q$31-Cockpit!$H$20*Cockpit!$H$21*(1+Cockpit!$D$21)*(R31-$R27)/12 -> -519.1532 | AE31: =(X31+Z31+AC31+AD31)*Cockpit!$Q$33 -> 96.941657 | AF31: =AB31-AE31 -> 719.27501 | AH31: =$AL$9 -> 357400 | AI31: =$AL$10 -> 0.88975937 | AJ31: =AH31*AI31 -> 318000 | AK31: =$AL$11 -> 0.0198 | AL31: =$AL$12 -> 0.0175 | AM31: =AM30-$AM$21 -> 1229 | AN31: =AM31+Cockpit!$K$9 -> 1488.4933 | AO31: =-Cockpit!$K$12-Cockpit!$H$25*(Szenarien!AM31-Szenarien!$AL$13) -> -317.82667 | AP31: =Cockpit!$Q$21-AK31*(AJ31-$T$13)/12-(AK31-$U$13)*$T$13/12 -> -524.7 | AQ31: =Cockpit!$Q$22-AL31*(AJ31-$T$13)/12-(AL31-$V$13)*$T$13/12 -> -463.75 | AR31: =AN31+AO31+AP31+AQ31 -> 182.21667 | AS31: =Cockpit!$Q$29 -> -317.82667 | AT31: =Cockpit!$Q$31-Cockpit!$H$20*Cockpit!$H$21*(1+Cockpit!$D$21)*(AH31-$AH27)/12 -> -519.1532 | AU31: =(AN31+AP31+AS31+AT31)*Cockpit!$Q$33 -> 53.261657 | AV31: =AR31-AU31 -> 128.95501
B33: Keine Gewähr für die Richtigkeit der Angaben. Dieses Tool ersetzt keine fundierte Rechts-, Steuer- oder Finanzberatung. Mehr Details hier.

Sheet Diagramme
B1: zurück zum Cockpit | E1: Diagramme
B6: =Cockpit!C9 -> Andréstraße 19-21
M9: Einnahmen | N9: Ausgaben
C10: Kaufpreis | D10: =Cockpit!D14 -> 357400 | H10: Hauptdarlehen | I10: =IF((Cockpit!N17)=0,#N/A,Cockpit!N17) -> 318000 | L10: Warmmiete | M10: =Cockpit!Q19 -> 1592.4933
C11: Nebenkosten | D11: =IF(Cockpit!E21=0,#N/A,Cockpit!E21) -> 29128.1 | H11: Weitere Darlehen | I11: =IF((Cockpit!N9-Cockpit!N17)=0,#N/A,Cockpit!N9-Cockpit!N17) -> #N/A | L11: Bewirtschaftungskosten | N11: =-Cockpit!Q20 -> 317.82667
C12: Anfängl. Invest. | D12: =IF(Cockpit!C30=0,#N/A,Cockpit!C30) -> 10000 | H12: Eigenkapital | I12: =Cockpit!N10 -> 78528.1 | L12: Zinsen | N12: =-Cockpit!Q21 -> 524.7
L13: Tilgung | N13: =-Cockpit!Q22 -> 463.75
L14: Steuern | N14: =-Cockpit!Q24 -> 96.941657
B107: Keine Gewähr für die Richtigkeit der Angaben. Dieses Tool ersetzt keine fundierte Rechts-, Steuer- oder Finanzberatung. Mehr Details hier.

Sheet MFH-Kalkulator
B1: zurück zum Cockpit | F1: Mehrfamilienhaus-Kalkulator
B6: Mieten von diesem Blatt verwenden | C6: Aus | E6: =IF(C6="Aus","Achtung: Die Mieten von diesem Tabellenblatt werden derzeit nicht im Rest des Tools berücksichtigt. Hierzu bitte links auf 'Ein' schalten.","") -> Achtung: Die Mieten von diesem Tabellenblatt werden derzeit nicht im Rest des Tools berücksichtigt. Hierzu bitte links auf 'Ein' schalten.
B8: Summe aller Einheiten | E8: =IF(ROUND(C9,0)<>ROUND(Cockpit!C11,0),"Achtung: Wohnfläche der Einheiten entspricht nicht der Gesamt-Wohnfläche des Hauses (Reiter 'Cockpit')","") -> Achtung: Wohnfläche der Einheiten entspricht nicht der Gesamt-Wohnfläche des Hauses (Reiter 'Cockpit')
B9: Wohnfläche | C9: =C16+C23+C30+C37+C44+C51+C58+C65+C72+C79+C86+C93+C100+C107+C114+C121+C128+C135+C142+C149+C156+C163+C170+C177+C184+C191+C198+C205+C212+C219 -> 100 | E9: ='Wert, AfA, Darlehen'!D7 -> 2020 | F9: ='Wert, AfA, Darlehen'!E7 -> 2021 | G9: ='Wert, AfA, Darlehen'!F7 -> 2022 | H9: ='Wert, AfA, Darlehen'!G7 -> 2023 | I9: ='Wert, AfA, Darlehen'!H7 -> 2024 | J9: ='Wert, AfA, Darlehen'!I7 -> 2025 | K9: ='Wert, AfA, Darlehen'!J7 -> 2026 | L9: ='Wert, AfA, Darlehen'!K7 -> 2027 | ... BB9: ='Wert, AfA, Darlehen'!BA7 -> 2069
B10: Nettokaltmiete vor Erhöhung | E10: =E17+E24+E31+E38+E45+E52+E59+E66+E73+E80+E87+E94+E101+E108+E115+E122+E129+E136+E143+E150+E157+E164+E171+E178+E185+E192+E199+E206+E213+E220 -> 1250 | F10: =F17+F24+F31+F38+F45+F52+F59+F66+F73+F80+F87+F94+F101+F108+F115+F122+F129+F136+F143+F150+F157+F164+F171+F178+F185+F192+F199+F206+F213+F220 -> 1268.75 | G10: =G17+G24+G31+G38+G45+G52+G59+G66+G73+G80+G87+G94+G101+G108+G115+G122+G129+G136+G143+G150+G157+G164+G171+G178+G185+G192+G199+G206+G213+G220 -> 1287.7812 | H10: =H17+H24+H31+H38+H45+H52+H59+H66+H73+H80+H87+H94+H101+H108+H115+H122+H129+H136+H143+H150+H157+H164+H171+H178+H185+H192+H199+H206+H213+H220 -> 1307.098 | I10: =I17+I24+I31+I38+I45+I52+I59+I66+I73+I80+I87+I94+I101+I108+I115+I122+I129+I136+I143+I150+I157+I164+I171+I178+I185+I192+I199+I206+I213+I220 -> 1326.7044 | J10: =J17+J24+J31+J38+J45+J52+J59+J66+J73+J80+J87+J94+J101+J108+J115+J122+J129+J136+J143+J150+J157+J164+J171+J178+J185+J192+J199+J206+J213+J220 -> 1346.605 | K10: =K17+K24+K31+K38+K45+K52+K59+K66+K73+K80+K87+K94+K101+K108+K115+K122+K129+K136+K143+K150+K157+K164+K171+K178+K185+K192+K199+K206+K213+K220 -> 1366.8041 | L10: =L17+L24+L31+L38+L45+L52+L59+L66+L73+L80+L87+L94+L101+L108+L115+L122+L129+L136+L143+L150+L157+L164+L171+L178+L185+L192+L199+L206+L213+L220 -> 1387.3061 | ... BB10: =BB17+BB24+BB31+BB38+BB45+BB52+BB59+BB66+BB73+BB80+BB87+BB94+BB101+BB108+BB115+BB122+BB129+BB136+BB143+BB150+BB157+BB164+BB171+BB178+BB185+BB192+BB199+BB206+BB213+BB220 -> 2592.6631
B11: + geplante Mieterhöhung | E11: =E12/E10-1 -> 0.015 | F11: =F12/F10-1 -> 0.015 | G11: =G12/G10-1 -> 0.015 | H11: =H12/H10-1 -> 0.015 | I11: =I12/I10-1 -> 0.015 | J11: =J12/J10-1 -> 0.015 | K11: =K12/K10-1 -> 0.015 | L11: =L12/L10-1 -> 0.015 | ... BB11: =BB12/BB10-1 -> 0.015
B12: = Nettokaltmiete | E12: =E19+E26+E33+E40+E47+E54+E61+E68+E75+E82+E89+E96+E103+E110+E117+E124+E131+E138+E145+E152+E159+E166+E173+E180+E187+E194+E201+E208+E215+E222 -> 1268.75 | F12: =F19+F26+F33+F40+F47+F54+F61+F68+F75+F82+F89+F96+F103+F110+F117+F124+F131+F138+F145+F152+F159+F166+F173+F180+F187+F194+F201+F208+F215+F222 -> 1287.7812 | G12: =G19+G26+G33+G40+G47+G54+G61+G68+G75+G82+G89+G96+G103+G110+G117+G124+G131+G138+G145+G152+G159+G166+G173+G180+G187+G194+G201+G208+G215+G222 -> 1307.098 | H12: =H19+H26+H33+H40+H47+H54+H61+H68+H75+H82+H89+H96+H103+H110+H117+H124+H131+H138+H145+H152+H159+H166+H173+H180+H187+H194+H201+H208+H215+H222 -> 1326.7044 | I12: =I19+I26+I33+I40+I47+I54+I61+I68+I75+I82+I89+I96+I103+I110+I117+I124+I131+I138+I145+I152+I159+I166+I173+I180+I187+I194+I201+I208+I215+I222 -> 1346.605 | J12: =J19+J26+J33+J40+J47+J54+J61+J68+J75+J82+J89+J96+J103+J110+J117+J124+J131+J138+J145+J152+J159+J166+J173+J180+J187+J194+J201+J208+J215+J222 -> 1366.8041 | K12: =K19+K26+K33+K40+K47+K54+K61+K68+K75+K82+K89+K96+K103+K110+K117+K124+K131+K138+K145+K152+K159+K166+K173+K180+K187+K194+K201+K208+K215+K222 -> 1387.3061 | L12: =L19+L26+L33+L40+L47+L54+L61+L68+L75+L82+L89+L96+L103+L110+L117+L124+L131+L138+L145+L152+L159+L166+L173+L180+L187+L194+L201+L208+L215+L222 -> 1408.1157 | ... BB12: =BB19+BB26+BB33+BB40+BB47+BB54+BB61+BB68+BB75+BB82+BB89+BB96+BB103+BB110+BB117+BB124+BB131+BB138+BB145+BB152+BB159+BB166+BB173+BB180+BB187+BB194+BB201+BB208+BB215+BB222 -> 2631.553
B13: = pro m² Wohnfläche | E13: =E12/$C9 -> 12.6875 | F13: =F12/$C9 -> 12.877812 | G13: =G12/$C9 -> 13.07098 | H13: =H12/$C9 -> 13.267044 | I13: =I12/$C9 -> 13.46605 | J13: =J12/$C9 -> 13.668041 | K13: =K12/$C9 -> 13.873061 | L13: =L12/$C9 -> 14.081157 | ... BB13: =BB12/$C9 -> 26.31553
B15: Einheit 1: EG vo. li. / Meyer
B16: Wohnfläche | C16: 40 | E16: =E$9 -> 2020 | F16: =F$9 -> 2021 | G16: =G$9 -> 2022 | H16: =H$9 -> 2023 | I16: =I$9 -> 2024 | J16: =J$9 -> 2025 | K16: =K$9 -> 2026 | L16: =L$9 -> 2027 | ... BB16: =BB$9 -> 2069
B17: Nettokaltmiete vor Erhöhung | E17: 300 | F17: =E19 -> 304.5 | G17: =F19 -> 309.0675 | H17: =G19 -> 313.70351 | I17: =H19 -> 318.40907 | J17: =I19 -> 323.1852 | K17: =J19 -> 328.03298 | L17: =K19 -> 332.95347 | M17: =L19 -> 337.94778 | ... BB17: =BA19 -> 622.23914
B18: + geplante Mieterhöhung | E18: =Cockpit!$H$31 -> 0.015 | F18: =Cockpit!$H$31 -> 0.015 | G18: =Cockpit!$H$31 -> 0.015 | H18: =Cockpit!$H$31 -> 0.015 | I18: =Cockpit!$H$31 -> 0.015 | J18: =Cockpit!$H$31 -> 0.015 | K18: =Cockpit!$H$31 -> 0.015 | L18: =Cockpit!$H$31 -> 0.015 | ... BB18: =Cockpit!$H$31 -> 0.015
B19: = Nettokaltmiete | E19: =E17*(1+E18) -> 304.5 | F19: =F17*(1+F18) -> 309.0675 | G19: =G17*(1+G18) -> 313.70351 | H19: =H17*(1+H18) -> 318.40907 | I19: =I17*(1+I18) -> 323.1852 | J19: =J17*(1+J18) -> 328.03298 | K19: =K17*(1+K18) -> 332.95347 | L19: =L17*(1+L18) -> 337.94778 | ... BB19: =BB17*(1+BB18) -> 631.57273
B20: = pro m² Wohnfläche | E20: =E19/$C16 -> 7.6125 | F20: =F19/$C16 -> 7.7266875 | G20: =G19/$C16 -> 7.8425878 | H20: =H19/$C16 -> 7.9602266 | I20: =I19/$C16 -> 8.07963 | J20: =J19/$C16 -> 8.2008245 | K20: =K19/$C16 -> 8.3238368 | L20: =L19/$C16 -> 8.4486944 | ... BB20: =BB19/$C16 -> 15.789318
B22: Einheit 2: EG hi. li. / Müller
B23: Wohnfläche | C23: 20 | D23: 25 | E23: =E$9 -> 2020 | F23: =F$9 -> 2021 | G23: =G$9 -> 2022 | H23: =H$9 -> 2023 | I23: =I$9 -> 2024 | J23: =J$9 -> 2025 | K23: =K$9 -> 2026 | L23: =L$9 -> 2027 | ... BB23: =BB$9 -> 2069
B24: Nettokaltmiete vor Erhöhung | E24: 350 | F24: =E26 -> 355.25 | G24: =F26 -> 360.57875 | H24: =G26 -> 365.98743 | I24: =H26 -> 371.47724 | J24: =I26 -> 377.0494 | K24: =J26 -> 382.70514 | L24: =K26 -> 388.44572 | M24: =L26 -> 394.27241 | ... BB24: =BA26 -> 725.94566
B25: + geplante Mieterhöhung | E25: =Cockpit!$H$31 -> 0.015 | F25: =Cockpit!$H$31 -> 0.015 | G25: =Cockpit!$H$31 -> 0.015 | H25: =Cockpit!$H$31 -> 0.015 | I25: =Cockpit!$H$31 -> 0.015 | J25: =Cockpit!$H$31 -> 0.015 | K25: =Cockpit!$H$31 -> 0.015 | L25: =Cockpit!$H$31 -> 0.015 | ... BB25: =Cockpit!$H$31 -> 0.015
B26: = Nettokaltmiete | E26: =E24*(1+E25) -> 355.25 | F26: =F24*(1+F25) -> 360.57875 | G26: =G24*(1+G25) -> 365.98743 | H26: =H24*(1+H25) -> 371.47724 | I26: =I24*(1+I25) -> 377.0494 | J26: =J24*(1+J25) -> 382.70514 | K26: =K24*(1+K25) -> 388.44572 | L26: =L24*(1+L25) -> 394.27241 | ... BB26: =BB24*(1+BB25) -> 736.83485
B27: = pro m² Wohnfläche | E27: =E26/$C23 -> 17.7625 | F27: =F26/$C23 -> 18.028937 | G27: =G26/$C23 -> 18.299372 | H27: =H26/$C23 -> 18.573862 | I27: =I26/$C23 -> 18.85247 | J27: =J26/$C23 -> 19.135257 | K27: =K26/$C23 -> 19.422286 | L27: =L26/$C23 -> 19.71362 | ... BB27: =BB26/$C23 -> 36.841742
B29: Einheit 3: EG vo. re. / Schulze
B30: Wohnfläche | C30: 20 | E30: =E$9 -> 2020 | F30: =F$9 -> 2021 | G30: =G$9 -> 2022 | H30: =H$9 -> 2023 | I30: =I$9 -> 2024 | J30: =J$9 -> 2025 | K30: =K$9 -> 2026 | L30: =L$9 -> 2027 | ... BB30: =BB$9 -> 2069
B31: Nettokaltmiete vor Erhöhung | E31: 300 | F31: =E33 -> 304.5 | G31: =F33 -> 309.0675 | H31: =G33 -> 313.70351 | I31: =H33 -> 318.40907 | J31: =I33 -> 323.1852 | K31: =J33 -> 328.03298 | L31: =K33 -> 332.95347 | M31: =L33 -> 337.94778 | ... BB31: =BA33 -> 622.23914
B32: + geplante Mieterhöhung | E32: =Cockpit!$H$31 -> 0.015 | F32: =Cockpit!$H$31 -> 0.015 | G32: =Cockpit!$H$31 -> 0.015 | H32: =Cockpit!$H$31 -> 0.015 | I32: =Cockpit!$H$31 -> 0.015 | J32: =Cockpit!$H$31 -> 0.015 | K32: =Cockpit!$H$31 -> 0.015 | L32: =Cockpit!$H$31 -> 0.015 | ... BB32: =Cockpit!$H$31 -> 0.015
B33: = Nettokaltmiete | E33: =E31*(1+E32) -> 304.5 | F33: =F31*(1+F32) -> 309.0675 | G33: =G31*(1+G32) -> 313.70351 | H33: =H31*(1+H32) -> 318.40907 | I33: =I31*(1+I32) -> 323.1852 | J33: =J31*(1+J32) -> 328.03298 | K33: =K31*(1+K32) -> 332.95347 | L33: =L31*(1+L32) -> 337.94778 | ... BB33: =BB31*(1+BB32) -> 631.57273
B34: = pro m² Wohnfläche | E34: =E33/$C30 -> 15.225 | F34: =F33/$C30 -> 15.453375 | G34: =G33/$C30 -> 15.685176 | H34: =H33/$C30 -> 15.920453 | I34: =I33/$C30 -> 16.15926 | J34: =J33/$C30 -> 16.401649 | K34: =K33/$C30 -> 16.647674 | L34: =L33/$C30 -> 16.897389 | ... BB34: =BB33/$C30 -> 31.578636
B36: Einheit 4: EG vor. li. / Mustermann
B37: Wohnfläche | C37: 20 | E37: =E$9 -> 2020 | F37: =F$9 -> 2021 | G37: =G$9 -> 2022 | H37: =H$9 -> 2023 | I37: =I$9 -> 2024 | J37: =J$9 -> 2025 | K37: =K$9 -> 2026 | L37: =L$9 -> 2027 | ... BB37: =BB$9 -> 2069
B38: Nettokaltmiete vor Erhöhung | E38: 300 | F38: =E40 -> 304.5 | G38: =F40 -> 309.0675 | H38: =G40 -> 313.70351 | I38: =H40 -> 318.40907 | J38: =I40 -> 323.1852 | K38: =J40 -> 328.03298 | L38: =K40 -> 332.95347 | M38: =L40 -> 337.94778 | ... BB38: =BA40 -> 622.23914
B39: + geplante Mieterhöhung | E39: =Cockpit!$H$31 -> 0.015 | F39: =Cockpit!$H$31 -> 0.015 | G39: =Cockpit!$H$31 -> 0.015 | H39: =Cockpit!$H$31 -> 0.015 | I39: =Cockpit!$H$31 -> 0.015 | J39: =Cockpit!$H$31 -> 0.015 | K39: =Cockpit!$H$31 -> 0.015 | L39: =Cockpit!$H$31 -> 0.015 | ... BB39: =Cockpit!$H$31 -> 0.015
B40: = Nettokaltmiete | E40: =E38*(1+E39) -> 304.5 | F40: =F38*(1+F39) -> 309.0675 | G40: =G38*(1+G39) -> 313.70351 | H40: =H38*(1+H39) -> 318.40907 | I40: =I38*(1+I39) -> 323.1852 | J40: =J38*(1+J39) -> 328.03298 | K40: =K38*(1+K39) -> 332.95347 | L40: =L38*(1+L39) -> 337.94778 | ... BB40: =BB38*(1+BB39) -> 631.57273
B41: = pro m² Wohnfläche | E41: =E40/$C37 -> 15.225 | F41: =F40/$C37 -> 15.453375 | G41: =G40/$C37 -> 15.685176 | H41: =H40/$C37 -> 15.920453 | I41: =I40/$C37 -> 16.15926 | J41: =J40/$C37 -> 16.401649 | K41: =K40/$C37 -> 16.647674 | L41: =L40/$C37 -> 16.897389 | ... BB41: =BB40/$C37 -> 31.578636
B43: Einheit 5:
B44: Wohnfläche | C44: 0 | E44: =E$9 -> 2020 | F44: =F$9 -> 2021 | G44: =G$9 -> 2022 | H44: =H$9 -> 2023 | I44: =I$9 -> 2024 | J44: =J$9 -> 2025 | K44: =K$9 -> 2026 | L44: =L$9 -> 2027 | ... BB44: =BB$9 -> 2069
B45: Nettokaltmiete vor Erhöhung | E45: 0 | F45: =E47 -> 0 | G45: =F47 -> 0 | H45: =G47 -> 0 | I45: =H47 -> 0 | J45: =I47 -> 0 | K45: =J47 -> 0 | L45: =K47 -> 0 | M45: =L47 -> 0 | ... BB45: =BA47 -> 0
B46: + geplante Mieterhöhung | E46: =Cockpit!$H$31 -> 0.015 | F46: =Cockpit!$H$31 -> 0.015 | G46: =Cockpit!$H$31 -> 0.015 | H46: =Cockpit!$H$31 -> 0.015 | I46: =Cockpit!$H$31 -> 0.015 | J46: =Cockpit!$H$31 -> 0.015 | K46: =Cockpit!$H$31 -> 0.015 | L46: =Cockpit!$H$31 -> 0.015 | ... BB46: =Cockpit!$H$31 -> 0.015
B47: = Nettokaltmiete | E47: =E45*(1+E46) -> 0 | F47: =F45*(1+F46) -> 0 | G47: =G45*(1+G46) -> 0 | H47: =H45*(1+H46) -> 0 | I47: =I45*(1+I46) -> 0 | J47: =J45*(1+J46) -> 0 | K47: =K45*(1+K46) -> 0 | L47: =L45*(1+L46) -> 0 | ... BB47: =BB45*(1+BB46) -> 0
B48: = pro m² Wohnfläche | E48: =IFERROR(E47/$C44,"-") -> - | F48: =IFERROR(F47/$C44,"-") -> - | G48: =IFERROR(G47/$C44,"-") -> - | H48: =IFERROR(H47/$C44,"-") -> - | I48: =IFERROR(I47/$C44,"-") -> - | J48: =IFERROR(J47/$C44,"-") -> - | K48: =IFERROR(K47/$C44,"-") -> - | L48: =IFERROR(L47/$C44,"-") -> - | ... BB48: =IFERROR(BB47/$C44,"-") -> -
B50: Einheit 6:
B51: Wohnfläche | C51: 0 | E51: =E$9 -> 2020 | F51: =F$9 -> 2021 | G51: =G$9 -> 2022 | H51: =H$9 -> 2023 | I51: =I$9 -> 2024 | J51: =J$9 -> 2025 | K51: =K$9 -> 2026 | L51: =L$9 -> 2027 | ... BB51: =BB$9 -> 2069
B52: Nettokaltmiete vor Erhöhung | E52: 0 | F52: =E54 -> 0 | G52: =F54 -> 0 | H52: =G54 -> 0 | I52: =H54 -> 0 | J52: =I54 -> 0 | K52: =J54 -> 0 | L52: =K54 -> 0 | M52: =L54 -> 0 | ... BB52: =BA54 -> 0
B53: + geplante Mieterhöhung | E53: =Cockpit!$H$31 -> 0.015 | F53: =Cockpit!$H$31 -> 0.015 | G53: =Cockpit!$H$31 -> 0.015 | H53: =Cockpit!$H$31 -> 0.015 | I53: =Cockpit!$H$31 -> 0.015 | J53: =Cockpit!$H$31 -> 0.015 | K53: =Cockpit!$H$31 -> 0.015 | L53: =Cockpit!$H$31 -> 0.015 | ... BB53: =Cockpit!$H$31 -> 0.015
B54: = Nettokaltmiete | E54: =E52*(1+E53) -> 0 | F54: =F52*(1+F53) -> 0 | G54: =G52*(1+G53) -> 0 | H54: =H52*(1+H53) -> 0 | I54: =I52*(1+I53) -> 0 | J54: =J52*(1+J53) -> 0 | K54: =K52*(1+K53) -> 0 | L54: =L52*(1+L53) -> 0 | ... BB54: =BB52*(1+BB53) -> 0
B55: = pro m² Wohnfläche | E55: =IFERROR(E54/$C51,"-") -> - | F55: =IFERROR(F54/$C51,"-") -> - | G55: =IFERROR(G54/$C51,"-") -> - | H55: =IFERROR(H54/$C51,"-") -> - | I55: =IFERROR(I54/$C51,"-") -> - | J55: =IFERROR(J54/$C51,"-") -> - | K55: =IFERROR(K54/$C51,"-") -> - | L55: =IFERROR(L54/$C51,"-") -> - | ... BB55: =IFERROR(BB54/$C51,"-") -> -
B57: Einheit 7:
B58: Wohnfläche | C58: 0 | E58: =E$9 -> 2020 | F58: =F$9 -> 2021 | G58: =G$9 -> 2022 | H58: =H$9 -> 2023 | I58: =I$9 -> 2024 | J58: =J$9 -> 2025 | K58: =K$9 -> 2026 | L58: =L$9 -> 2027 | ... BB58: =BB$9 -> 2069
B59: Nettokaltmiete vor Erhöhung | E59: 0 | F59: =E61 -> 0 | G59: =F61 -> 0 | H59: =G61 -> 0 | I59: =H61 -> 0 | J59: =I61 -> 0 | K59: =J61 -> 0 | L59: =K61 -> 0 | M59: =L61 -> 0 | ... BB59: =BA61 -> 0
B60: + geplante Mieterhöhung | E60: =Cockpit!$H$31 -> 0.015 | F60: =Cockpit!$H$31 -> 0.015 | G60: =Cockpit!$H$31 -> 0.015 | H60: =Cockpit!$H$31 -> 0.015 | I60: =Cockpit!$H$31 -> 0.015 | J60: =Cockpit!$H$31 -> 0.015 | K60: =Cockpit!$H$31 -> 0.015 | L60: =Cockpit!$H$31 -> 0.015 | ... BB60: =Cockpit!$H$31 -> 0.015
B61: = Nettokaltmiete | E61: =E59*(1+E60) -> 0 | F61: =F59*(1+F60) -> 0 | G61: =G59*(1+G60) -> 0 | H61: =H59*(1+H60) -> 0 | I61: =I59*(1+I60) -> 0 | J61: =J59*(1+J60) -> 0 | K61: =K59*(1+K60) -> 0 | L61: =L59*(1+L60) -> 0 | ... BB61: =BB59*(1+BB60) -> 0
B62: = pro m² Wohnfläche | E62: =IFERROR(E61/$C58,"-") -> - | F62: =IFERROR(F61/$C58,"-") -> - | G62: =IFERROR(G61/$C58,"-") -> - | H62: =IFERROR(H61/$C58,"-") -> - | I62: =IFERROR(I61/$C58,"-") -> - | J62: =IFERROR(J61/$C58,"-") -> - | K62: =IFERROR(K61/$C58,"-") -> - | L62: =IFERROR(L61/$C58,"-") -> - | ... BB62: =IFERROR(BB61/$C58,"-") -> -
B64: Einheit 8:
B65: Wohnfläche | C65: 0 | E65: =E$9 -> 2020 | F65: =F$9 -> 2021 | G65: =G$9 -> 2022 | H65: =H$9 -> 2023 | I65: =I$9 -> 2024 | J65: =J$9 -> 2025 | K65: =K$9 -> 2026 | L65: =L$9 -> 2027 | ... BB65: =BB$9 -> 2069
B66: Nettokaltmiete vor Erhöhung | E66: 0 | F66: =E68 -> 0 | G66: =F68 -> 0 | H66: =G68 -> 0 | I66: =H68 -> 0 | J66: =I68 -> 0 | K66: =J68 -> 0 | L66: =K68 -> 0 | M66: =L68 -> 0 | ... BB66: =BA68 -> 0
B67: + geplante Mieterhöhung | E67: =Cockpit!$H$31 -> 0.015 | F67: =Cockpit!$H$31 -> 0.015 | G67: =Cockpit!$H$31 -> 0.015 | H67: =Cockpit!$H$31 -> 0.015 | I67: =Cockpit!$H$31 -> 0.015 | J67: =Cockpit!$H$31 -> 0.015 | K67: =Cockpit!$H$31 -> 0.015 | L67: =Cockpit!$H$31 -> 0.015 | ... BB67: =Cockpit!$H$31 -> 0.015
B68: = Nettokaltmiete | E68: =E66*(1+E67) -> 0 | F68: =F66*(1+F67) -> 0 | G68: =G66*(1+G67) -> 0 | H68: =H66*(1+H67) -> 0 | I68: =I66*(1+I67) -> 0 | J68: =J66*(1+J67) -> 0 | K68: =K66*(1+K67) -> 0 | L68: =L66*(1+L67) -> 0 | ... BB68: =BB66*(1+BB67) -> 0
B69: = pro m² Wohnfläche | E69: =IFERROR(E68/$C65,"-") -> - | F69: =IFERROR(F68/$C65,"-") -> - | G69: =IFERROR(G68/$C65,"-") -> - | H69: =IFERROR(H68/$C65,"-") -> - | I69: =IFERROR(I68/$C65,"-") -> - | J69: =IFERROR(J68/$C65,"-") -> - | K69: =IFERROR(K68/$C65,"-") -> - | L69: =IFERROR(L68/$C65,"-") -> - | ... BB69: =IFERROR(BB68/$C65,"-") -> -
B71: Einheit 9:
B72: Wohnfläche | C72: 0 | E72: =E$9 -> 2020 | F72: =F$9 -> 2021 | G72: =G$9 -> 2022 | H72: =H$9 -> 2023 | I72: =I$9 -> 2024 | J72: =J$9 -> 2025 | K72: =K$9 -> 2026 | L72: =L$9 -> 2027 | ... BB72: =BB$9 -> 2069
B73: Nettokaltmiete vor Erhöhung | E73: 0 | F73: =E75 -> 0 | G73: =F75 -> 0 | H73: =G75 -> 0 | I73: =H75 -> 0 | J73: =I75 -> 0 | K73: =J75 -> 0 | L73: =K75 -> 0 | M73: =L75 -> 0 | ... BB73: =BA75 -> 0
B74: + geplante Mieterhöhung | E74: =Cockpit!$H$31 -> 0.015 | F74: =Cockpit!$H$31 -> 0.015 | G74: =Cockpit!$H$31 -> 0.015 | H74: =Cockpit!$H$31 -> 0.015 | I74: =Cockpit!$H$31 -> 0.015 | J74: =Cockpit!$H$31 -> 0.015 | K74: =Cockpit!$H$31 -> 0.015 | L74: =Cockpit!$H$31 -> 0.015 | ... BB74: =Cockpit!$H$31 -> 0.015
B75: = Nettokaltmiete | E75: =E73*(1+E74) -> 0 | F75: =F73*(1+F74) -> 0 | G75: =G73*(1+G74) -> 0 | H75: =H73*(1+H74) -> 0 | I75: =I73*(1+I74) -> 0 | J75: =J73*(1+J74) -> 0 | K75: =K73*(1+K74) -> 0 | L75: =L73*(1+L74) -> 0 | ... BB75: =BB73*(1+BB74) -> 0
B76: = pro m² Wohnfläche | E76: =IFERROR(E75/$C72,"-") -> - | F76: =IFERROR(F75/$C72,"-") -> - | G76: =IFERROR(G75/$C72,"-") -> - | H76: =IFERROR(H75/$C72,"-") -> - | I76: =IFERROR(I75/$C72,"-") -> - | J76: =IFERROR(J75/$C72,"-") -> - | K76: =IFERROR(K75/$C72,"-") -> - | L76: =IFERROR(L75/$C72,"-") -> - | ... BB76: =IFERROR(BB75/$C72,"-") -> -
B78: Einheit 10:
B79: Wohnfläche | C79: 0 | E79: =E$9 -> 2020 | F79: =F$9 -> 2021 | G79: =G$9 -> 2022 | H79: =H$9 -> 2023 | I79: =I$9 -> 2024 | J79: =J$9 -> 2025 | K79: =K$9 -> 2026 | L79: =L$9 -> 2027 | ... BB79: =BB$9 -> 2069
B80: Nettokaltmiete vor Erhöhung | E80: 0 | F80: =E82 -> 0 | G80: =F82 -> 0 | H80: =G82 -> 0 | I80: =H82 -> 0 | J80: =I82 -> 0 | K80: =J82 -> 0 | L80: =K82 -> 0 | M80: =L82 -> 0 | ... BB80: =BA82 -> 0
B81: + geplante Mieterhöhung | E81: =Cockpit!$H$31 -> 0.015 | F81: =Cockpit!$H$31 -> 0.015 | G81: =Cockpit!$H$31 -> 0.015 | H81: =Cockpit!$H$31 -> 0.015 | I81: =Cockpit!$H$31 -> 0.015 | J81: =Cockpit!$H$31 -> 0.015 | K81: =Cockpit!$H$31 -> 0.015 | L81: =Cockpit!$H$31 -> 0.015 | ... BB81: =Cockpit!$H$31 -> 0.015
B82: = Nettokaltmiete | E82: =E80*(1+E81) -> 0 | F82: =F80*(1+F81) -> 0 | G82: =G80*(1+G81) -> 0 | H82: =H80*(1+H81) -> 0 | I82: =I80*(1+I81) -> 0 | J82: =J80*(1+J81) -> 0 | K82: =K80*(1+K81) -> 0 | L82: =L80*(1+L81) -> 0 | ... BB82: =BB80*(1+BB81) -> 0
B83: = pro m² Wohnfläche | E83: =IFERROR(E82/$C79,"-") -> - | F83: =IFERROR(F82/$C79,"-") -> - | G83: =IFERROR(G82/$C79,"-") -> - | H83: =IFERROR(H82/$C79,"-") -> - | I83: =IFERROR(I82/$C79,"-") -> - | J83: =IFERROR(J82/$C79,"-") -> - | K83: =IFERROR(K82/$C79,"-") -> - | L83: =IFERROR(L82/$C79,"-") -> - | ... BB83: =IFERROR(BB82/$C79,"-") -> -
B85: Einheit 11:
B86: Wohnfläche | C86: 0 | E86: =E$9 -> 2020 | F86: =F$9 -> 2021 | G86: =G$9 -> 2022 | H86: =H$9 -> 2023 | I86: =I$9 -> 2024 | J86: =J$9 -> 2025 | K86: =K$9 -> 2026 | L86: =L$9 -> 2027 | ... BB86: =BB$9 -> 2069
B87: Nettokaltmiete vor Erhöhung | E87: 0 | F87: =E89 -> 0 | G87: =F89 -> 0 | H87: =G89 -> 0 | I87: =H89 -> 0 | J87: =I89 -> 0 | K87: =J89 -> 0 | L87: =K89 -> 0 | M87: =L89 -> 0 | ... BB87: =BA89 -> 0
B88: + geplante Mieterhöhung | E88: =Cockpit!$H$31 -> 0.015 | F88: =Cockpit!$H$31 -> 0.015 | G88: =Cockpit!$H$31 -> 0.015 | H88: =Cockpit!$H$31 -> 0.015 | I88: =Cockpit!$H$31 -> 0.015 | J88: =Cockpit!$H$31 -> 0.015 | K88: =Cockpit!$H$31 -> 0.015 | L88: =Cockpit!$H$31 -> 0.015 | ... BB88: =Cockpit!$H$31 -> 0.015
B89: = Nettokaltmiete | E89: =E87*(1+E88) -> 0 | F89: =F87*(1+F88) -> 0 | G89: =G87*(1+G88) -> 0 | H89: =H87*(1+H88) -> 0 | I89: =I87*(1+I88) -> 0 | J89: =J87*(1+J88) -> 0 | K89: =K87*(1+K88) -> 0 | L89: =L87*(1+L88) -> 0 | ... BB89: =BB87*(1+BB88) -> 0
B90: = pro m² Wohnfläche | E90: =IFERROR(E89/$C86,"-") -> - | F90: =IFERROR(F89/$C86,"-") -> - | G90: =IFERROR(G89/$C86,"-") -> - | H90: =IFERROR(H89/$C86,"-") -> - | I90: =IFERROR(I89/$C86,"-") -> - | J90: =IFERROR(J89/$C86,"-") -> - | K90: =IFERROR(K89/$C86,"-") -> - | L90: =IFERROR(L89/$C86,"-") -> - | ... BB90: =IFERROR(BB89/$C86,"-") -> -
B92: Einheit 12:
B93: Wohnfläche | C93: 0 | E93: =E$9 -> 2020 | F93: =F$9 -> 2021 | G93: =G$9 -> 2022 | H93: =H$9 -> 2023 | I93: =I$9 -> 2024 | J93: =J$9 -> 2025 | K93: =K$9 -> 2026 | L93: =L$9 -> 2027 | ... BB93: =BB$9 -> 2069
B94: Nettokaltmiete vor Erhöhung | E94: 0 | F94: =E96 -> 0 | G94: =F96 -> 0 | H94: =G96 -> 0 | I94: =H96 -> 0 | J94: =I96 -> 0 | K94: =J96 -> 0 | L94: =K96 -> 0 | M94: =L96 -> 0 | ... BB94: =BA96 -> 0
B95: + geplante Mieterhöhung | E95: =Cockpit!$H$31 -> 0.015 | F95: =Cockpit!$H$31 -> 0.015 | G95: =Cockpit!$H$31 -> 0.015 | H95: =Cockpit!$H$31 -> 0.015 | I95: =Cockpit!$H$31 -> 0.015 | J95: =Cockpit!$H$31 -> 0.015 | K95: =Cockpit!$H$31 -> 0.015 | L95: =Cockpit!$H$31 -> 0.015 | ... BB95: =Cockpit!$H$31 -> 0.015
B96: = Nettokaltmiete | E96: =E94*(1+E95) -> 0 | F96: =F94*(1+F95) -> 0 | G96: =G94*(1+G95) -> 0 | H96: =H94*(1+H95) -> 0 | I96: =I94*(1+I95) -> 0 | J96: =J94*(1+J95) -> 0 | K96: =K94*(1+K95) -> 0 | L96: =L94*(1+L95) -> 0 | ... BB96: =BB94*(1+BB95) -> 0
B97: = pro m² Wohnfläche | E97: =IFERROR(E96/$C93,"-") -> - | F97: =IFERROR(F96/$C93,"-") -> - | G97: =IFERROR(G96/$C93,"-") -> - | H97: =IFERROR(H96/$C93,"-") -> - | I97: =IFERROR(I96/$C93,"-") -> - | J97: =IFERROR(J96/$C93,"-") -> - | K97: =IFERROR(K96/$C93,"-") -> - | L97: =IFERROR(L96/$C93,"-") -> - | ... BB97: =IFERROR(BB96/$C93,"-") -> -
B99: Einheit 13:
B100: Wohnfläche | C100: 0 | E100: =E$9 -> 2020 | F100: =F$9 -> 2021 | G100: =G$9 -> 2022 | H100: =H$9 -> 2023 | I100: =I$9 -> 2024 | J100: =J$9 -> 2025 | K100: =K$9 -> 2026 | L100: =L$9 -> 2027 | ... BB100: =BB$9 -> 2069
B101: Nettokaltmiete vor Erhöhung | E101: 0 | F101: =E103 -> 0 | G101: =F103 -> 0 | H101: =G103 -> 0 | I101: =H103 -> 0 | J101: =I103 -> 0 | K101: =J103 -> 0 | L101: =K103 -> 0 | M101: =L103 -> 0 | ... BB101: =BA103 -> 0
B102: + geplante Mieterhöhung | E102: =Cockpit!$H$31 -> 0.015 | F102: =Cockpit!$H$31 -> 0.015 | G102: =Cockpit!$H$31 -> 0.015 | H102: =Cockpit!$H$31 -> 0.015 | I102: =Cockpit!$H$31 -> 0.015 | J102: =Cockpit!$H$31 -> 0.015 | K102: =Cockpit!$H$31 -> 0.015 | L102: =Cockpit!$H$31 -> 0.015 | ... BB102: =Cockpit!$H$31 -> 0.015
B103: = Nettokaltmiete | E103: =E101*(1+E102) -> 0 | F103: =F101*(1+F102) -> 0 | G103: =G101*(1+G102) -> 0 | H103: =H101*(1+H102) -> 0 | I103: =I101*(1+I102) -> 0 | J103: =J101*(1+J102) -> 0 | K103: =K101*(1+K102) -> 0 | L103: =L101*(1+L102) -> 0 | ... BB103: =BB101*(1+BB102) -> 0
B104: = pro m² Wohnfläche | E104: =IFERROR(E103/$C100,"-") -> - | F104: =IFERROR(F103/$C100,"-") -> - | G104: =IFERROR(G103/$C100,"-") -> - | H104: =IFERROR(H103/$C100,"-") -> - | I104: =IFERROR(I103/$C100,"-") -> - | J104: =IFERROR(J103/$C100,"-") -> - | K104: =IFERROR(K103/$C100,"-") -> - | L104: =IFERROR(L103/$C100,"-") -> - | ... BB104: =IFERROR(BB103/$C100,"-") -> -
B106: Einheit 14:
B107: Wohnfläche | C107: 0 | E107: =E$9 -> 2020 | F107: =F$9 -> 2021 | G107: =G$9 -> 2022 | H107: =H$9 -> 2023 | I107: =I$9 -> 2024 | J107: =J$9 -> 2025 | K107: =K$9 -> 2026 | L107: =L$9 -> 2027 | ... BB107: =BB$9 -> 2069
B108: Nettokaltmiete vor Erhöhung | E108: 0 | F108: =E110 -> 0 | G108: =F110 -> 0 | H108: =G110 -> 0 | I108: =H110 -> 0 | J108: =I110 -> 0 | K108: =J110 -> 0 | L108: =K110 -> 0 | M108: =L110 -> 0 | ... BB108: =BA110 -> 0
B109: + geplante Mieterhöhung | E109: =Cockpit!$H$31 -> 0.015 | F109: =Cockpit!$H$31 -> 0.015 | G109: =Cockpit!$H$31 -> 0.015 | H109: =Cockpit!$H$31 -> 0.015 | I109: =Cockpit!$H$31 -> 0.015 | J109: =Cockpit!$H$31 -> 0.015 | K109: =Cockpit!$H$31 -> 0.015 | L109: =Cockpit!$H$31 -> 0.015 | ... BB109: =Cockpit!$H$31 -> 0.015
B110: = Nettokaltmiete | E110: =E108*(1+E109) -> 0 | F110: =F108*(1+F109) -> 0 | G110: =G108*(1+G109) -> 0 | H110: =H108*(1+H109) -> 0 | I110: =I108*(1+I109) -> 0 | J110: =J108*(1+J109) -> 0 | K110: =K108*(1+K109) -> 0 | L110: =L108*(1+L109) -> 0 | ... BB110: =BB108*(1+BB109) -> 0
B111: = pro m² Wohnfläche | E111: =IFERROR(E110/$C107,"-") -> - | F111: =IFERROR(F110/$C107,"-") -> - | G111: =IFERROR(G110/$C107,"-") -> - | H111: =IFERROR(H110/$C107,"-") -> - | I111: =IFERROR(I110/$C107,"-") -> - | J111: =IFERROR(J110/$C107,"-") -> - | K111: =IFERROR(K110/$C107,"-") -> - | L111: =IFERROR(L110/$C107,"-") -> - | ... BB111: =IFERROR(BB110/$C107,"-") -> -
B113: Einheit 15:
B114: Wohnfläche | C114: 0 | E114: =E$9 -> 2020 | F114: =F$9 -> 2021 | G114: =G$9 -> 2022 | H114: =H$9 -> 2023 | I114: =I$9 -> 2024 | J114: =J$9 -> 2025 | K114: =K$9 -> 2026 | L114: =L$9 -> 2027 | ... BB114: =BB$9 -> 2069
B115: Nettokaltmiete vor Erhöhung | E115: 0 | F115: =E117 -> 0 | G115: =F117 -> 0 | H115: =G117 -> 0 | I115: =H117 -> 0 | J115: =I117 -> 0 | K115: =J117 -> 0 | L115: =K117 -> 0 | M115: =L117 -> 0 | ... BB115: =BA117 -> 0
B116: + geplante Mieterhöhung | E116: =Cockpit!$H$31 -> 0.015 | F116: =Cockpit!$H$31 -> 0.015 | G116: =Cockpit!$H$31 -> 0.015 | H116: =Cockpit!$H$31 -> 0.015 | I116: =Cockpit!$H$31 -> 0.015 | J116: =Cockpit!$H$31 -> 0.015 | K116: =Cockpit!$H$31 -> 0.015 | L116: =Cockpit!$H$31 -> 0.015 | ... BB116: =Cockpit!$H$31 -> 0.015
B117: = Nettokaltmiete | E117: =E115*(1+E116) -> 0 | F117: =F115*(1+F116) -> 0 | G117: =G115*(1+G116) -> 0 | H117: =H115*(1+H116) -> 0 | I117: =I115*(1+I116) -> 0 | J117: =J115*(1+J116) -> 0 | K117: =K115*(1+K116) -> 0 | L117: =L115*(1+L116) -> 0 | ... BB117: =BB115*(1+BB116) -> 0
B118: = pro m² Wohnfläche | E118: =IFERROR(E117/$C114,"-") -> - | F118: =IFERROR(F117/$C114,"-") -> - | G118: =IFERROR(G117/$C114,"-") -> - | H118: =IFERROR(H117/$C114,"-") -> - | I118: =IFERROR(I117/$C114,"-") -> - | J118: =IFERROR(J117/$C114,"-") -> - | K118: =IFERROR(K117/$C114,"-") -> - | L118: =IFERROR(L117/$C114,"-") -> - | ... BB118: =IFERROR(BB117/$C114,"-") -> -
B120: Einheit 16:
B121: Wohnfläche | C121: 0 | E121: =E$9 -> 2020 | F121: =F$9 -> 2021 | G121: =G$9 -> 2022 | H121: =H$9 -> 2023 | I121: =I$9 -> 2024 | J121: =J$9 -> 2025 | K121: =K$9 -> 2026 | L121: =L$9 -> 2027 | ... BB121: =BB$9 -> 2069
...

Sheet Sanierungsplaner
B1: zurück zum Cockpit | C1: Sanierungsplaner
A5: ↓ | B5: Filter
B6: Tätigkeit | C6: Einheit | D6: Kosten pro Einheit | E6: Typische Schwankung | F6: Geplanter Aufwand (Einheiten) | G6: Kosten | H6: Kosten min | I6: Kosten max | J6: Kommentar
A7: Nur Tätigkeiten mit geplantem Aufwand
B8: Dieser Planer funktioniert wie (d)ein persönlicher wachsender Sanierungskatalog. Du füllst ihn nach und nach mit den für deine Investments relevanten Tätigkeiten und den für deinen Standort realistischen Preisen. In Zukunft schätzt du dann vor Sanierungen / Renovierungen nur noch, wie viele Einheiten du von welcher Tätigkeit benötigst. Du kannst die Tätigkeitsgruppen (bspw. "Fassade / Außenhülle") umbenennen und deinen Bedürfnissen anpassen. Möchtest du dir nur die Tätigkeiten anzeigen lassen, für die du tatsächlich Arbeit eingeplant hast? Dann klicke oben Links auf den Filter und wähle "Nur Tätigkeiten mit geplantem Aufwand" aus. Möchtest du Maßnahmen finanziell im Zeitverlauf deines Investments berücksichtigen? Dies kannst du im Bereich "Kennzahlen im Verlauf -> Miete, Cashflow, Steuern" tun.
A16: =IF(COUNTIF(A17:A31,"Nur Tätigkeiten mit geplantem Aufwand")>0,"Nur Tätigkeiten mit geplantem Aufwand","") -> Nur Tätigkeiten mit geplantem Aufwand | B16: Fassade / Gebäudehülle | G16: =SUM(G17:G31) -> 5810 | H16: =SUM(H17:H31) -> 4887 | I16: =SUM(I17:I31) -> 6733
A17: =IF(OR(H17>0,I17>0),"Nur Tätigkeiten mit geplantem Aufwand","") -> Nur Tätigkeiten mit geplantem Aufwand | B17: Gerüst: Aufstellen, 4 Wochen, Abbau (ohne Staubschutz) | C17: m² Wandfläche | D17: 11.4 | E17: 30 | F17: 150 | G17: =D17*F17 -> 1710 | H17: =G17*(100-E17)/100 -> 1197 | I17: =G17*(100+E17)/100 -> 2223
A18: =IF(OR(H18>0,I18>0),"Nur Tätigkeiten mit geplantem Aufwand","") -> Nur Tätigkeiten mit geplantem Aufwand | B18: Anstrich und einfache Beschichtung auf Altplutz inkl. Gerüst | C18: m² Wandfläche | D18: 20.5 | E18: 10 | F18: 200 | G18: =D18*F18 -> 4100 | H18: =G18*(100-E18)/100 -> 3690 | I18: =G18*(100+E18)/100 -> 4510
A19: =IF(OR(H19>0,I19>0),"Nur Tätigkeiten mit geplantem Aufwand","") | G19: =D19*F19 -> 0 | H19: =G19*(100-E19)/100 -> 0 | I19: =G19*(100+E19)/100 -> 0
A20: =IF(OR(H20>0,I20>0),"Nur Tätigkeiten mit geplantem Aufwand","") | G20: =D20*F20 -> 0 | H20: =G20*(100-E20)/100 -> 0 | I20: =G20*(100+E20)/100 -> 0
A21: =IF(OR(H21>0,I21>0),"Nur Tätigkeiten mit geplantem Aufwand","") | G21: =D21*F21 -> 0 | H21: =G21*(100-E21)/100 -> 0 | I21: =G21*(100+E21)/100 -> 0
A22: =IF(OR(H22>0,I22>0),"Nur Tätigkeiten mit geplantem Aufwand","") | G22: =D22*F22 -> 0 | H22: =G22*(100-E22)/100 -> 0 | I22: =G22*(100+E22)/100 -> 0
A23: =IF(OR(H23>0,I23>0),"Nur Tätigkeiten mit geplantem Aufwand","") | G23: =D23*F23 -> 0 | H23: =G23*(100-E23)/100 -> 0 | I23: =G23*(100+E23)/100 -> 0
A24: =IF(OR(H24>0,I24>0),"Nur Tätigkeiten mit geplantem Aufwand","") | G24: =D24*F24 -> 0 | H24: =G24*(100-E24)/100 -> 0 | I24: =G24*(100+E24)/100 -> 0
A25: =IF(OR(H25>0,I25>0),"Nur Tätigkeiten mit geplantem Aufwand","") | G25: =D25*F25 -> 0 | H25: =G25*(100-E25)/100 -> 0 | I25: =G25*(100+E25)/100 -> 0
A26: =IF(OR(H26>0,I26>0),"Nur Tätigkeiten mit geplantem Aufwand","") | G26: =D26*F26 -> 0 | H26: =G26*(100-E26)/100 -> 0 | I26: =G26*(100+E26)/100 -> 0
A27: =IF(OR(H27>0,I27>0),"Nur Tätigkeiten mit geplantem Aufwand","") | G27: =D27*F27 -> 0 | H27: =G27*(100-E27)/100 -> 0 | I27: =G27*(100+E27)/100 -> 0
A28: =IF(OR(H28>0,I28>0),"Nur Tätigkeiten mit geplantem Aufwand","") | G28: =D28*F28 -> 0 | H28: =G28*(100-E28)/100 -> 0 | I28: =G28*(100+E28)/100 -> 0
A29: =IF(OR(H29>0,I29>0),"Nur Tätigkeiten mit geplantem Aufwand","") | G29: =D29*F29 -> 0 | H29: =G29*(100-E29)/100 -> 0 | I29: =G29*(100+E29)/100 -> 0
A30: =IF(OR(H30>0,I30>0),"Nur Tätigkeiten mit geplantem Aufwand","") | G30: =D30*F30 -> 0 | H30: =G30*(100-E30)/100 -> 0 | I30: =G30*(100+E30)/100 -> 0
A31: =IF(OR(H31>0,I31>0),"Nur Tätigkeiten mit geplantem Aufwand","") | G31: =D31*F31 -> 0 | H31: =G31*(100-E31)/100 -> 0 | I31: =G31*(100+E31)/100 -> 0
A32: =IF(COUNTIF(A34:A48,"Nur Tätigkeiten mit geplantem Aufwand")>0,"Nur Tätigkeiten mit geplantem Aufwand","")
A33: =IF(COUNTIF(A34:A48,"Nur Tätigkeiten mit geplantem Aufwand")>0,"Nur Tätigkeiten mit geplantem Aufwand","") | B33: Dach (inkl. Dachfenster / Ausbau) | G33: =SUM(G34:G48) -> 0 | H33: =SUM(H34:H48) -> 0 | I33: =SUM(I34:I48) -> 0
A34: =IF(OR(H34>0,I34>0),"Nur Tätigkeiten mit geplantem Aufwand","") | G34: =D34*F34 -> 0 | H34: =G34*(100-E34)/100 -> 0 | I34: =G34*(100+E34)/100 -> 0
A35: =IF(OR(H35>0,I35>0),"Nur Tätigkeiten mit geplantem Aufwand","") | G35: =D35*F35 -> 0 | H35: =G35*(100-E35)/100 -> 0 | I35: =G35*(100+E35)/100 -> 0
A36: =IF(OR(H36>0,I36>0),"Nur Tätigkeiten mit geplantem Aufwand","") | G36: =D36*F36 -> 0 | H36: =G36*(100-E36)/100 -> 0 | I36: =G36*(100+E36)/100 -> 0
A37: =IF(OR(H37>0,I37>0),"Nur Tätigkeiten mit geplantem Aufwand","") | G37: =D37*F37 -> 0 | H37: =G37*(100-E37)/100 -> 0 | I37: =G37*(100+E37)/100 -> 0
A38: =IF(OR(H38>0,I38>0),"Nur Tätigkeiten mit geplantem Aufwand","") | G38: =D38*F38 -> 0 | H38: =G38*(100-E38)/100 -> 0 | I38: =G38*(100+E38)/100 -> 0
A39: =IF(OR(H39>0,I39>0),"Nur Tätigkeiten mit geplantem Aufwand","") | G39: =D39*F39 -> 0 | H39: =G39*(100-E39)/100 -> 0 | I39: =G39*(100+E39)/100 -> 0
A40: =IF(OR(H40>0,I40>0),"Nur Tätigkeiten mit geplantem Aufwand","") | G40: =D40*F40 -> 0 | H40: =G40*(100-E40)/100 -> 0 | I40: =G40*(100+E40)/100 -> 0
A41: =IF(OR(H41>0,I41>0),"Nur Tätigkeiten mit geplantem Aufwand","") | G41: =D41*F41 -> 0 | H41: =G41*(100-E41)/100 -> 0 | I41: =G41*(100+E41)/100 -> 0
A42: =IF(OR(H42>0,I42>0),"Nur Tätigkeiten mit geplantem Aufwand","") | G42: =D42*F42 -> 0 | H42: =G42*(100-E42)/100 -> 0 | I42: =G42*(100+E42)/100 -> 0
A43: =IF(OR(H43>0,I43>0),"Nur Tätigkeiten mit geplantem Aufwand","") | G43: =D43*F43 -> 0 | H43: =G43*(100-E43)/100 -> 0 | I43: =G43*(100+E43)/100 -> 0
A44: =IF(OR(H44>0,I44>0),"Nur Tätigkeiten mit geplantem Aufwand","") | G44: =D44*F44 -> 0 | H44: =G44*(100-E44)/100 -> 0 | I44: =G44*(100+E44)/100 -> 0
A45: =IF(OR(H45>0,I45>0),"Nur Tätigkeiten mit geplantem Aufwand","") | G45: =D45*F45 -> 0 | H45: =G45*(100-E45)/100 -> 0 | I45: =G45*(100+E45)/100 -> 0
... A48: =IF(OR(H48>0,I48>0),"Nur Tätigkeiten mit geplantem Aufwand","") | G48: =D48*F48 -> 0 | H48: =G48*(100-E48)/100 -> 0 | I48: =G48*(100+E48)/100 -> 0
A49: =IF(COUNTIF(A51:A65,"Nur Tätigkeiten mit geplantem Aufwand")>0,"Nur Tätigkeiten mit geplantem Aufwand","")
A50: =IF(COUNTIF(A51:A65,"Nur Tätigkeiten mit geplantem Aufwand")>0,"Nur Tätigkeiten mit geplantem Aufwand","") | B50: Keller | G50: =SUM(G51:G65) -> 0 | H50: =SUM(H51:H65) -> 0 | I50: =SUM(I51:I65) -> 0
A51: =IF(OR(H51>0,I51>0),"Nur Tätigkeiten mit geplantem Aufwand","") | G51: =D51*F51 -> 0 | H51: =G51*(100-E51)/100 -> 0 | I51: =G51*(100+E51)/100 -> 0
A52: =IF(OR(H52>0,I52>0),"Nur Tätigkeiten mit geplantem Aufwand","") | G52: =D52*F52 -> 0 | H52: =G52*(100-E52)/100 -> 0 | I52: =G52*(100+E52)/100 -> 0
A53: =IF(OR(H53>0,I53>0),"Nur Tätigkeiten mit geplantem Aufwand","") | G53: =D53*F53 -> 0 | H53: =G53*(100-E53)/100 -> 0 | I53: =G53*(100+E53)/100 -> 0
A54: =IF(OR(H54>0,I54>0),"Nur Tätigkeiten mit geplantem Aufwand","") | G54: =D54*F54 -> 0 | H54: =G54*(100-E54)/100 -> 0 | I54: =G54*(100+E54)/100 -> 0
A55: =IF(OR(H55>0,I55>0),"Nur Tätigkeiten mit geplantem Aufwand","") | G55: =D55*F55 -> 0 | H55: =G55*(100-E55)/100 -> 0 | I55: =G55*(100+E55)/100 -> 0
A56: =IF(OR(H56>0,I56>0),"Nur Tätigkeiten mit geplantem Aufwand","") | G56: =D56*F56 -> 0 | H56: =G56*(100-E56)/100 -> 0 | I56: =G56*(100+E56)/100 -> 0
A57: =IF(OR(H57>0,I57>0),"Nur Tätigkeiten mit geplantem Aufwand","") | G57: =D57*F57 -> 0 | H57: =G57*(100-E57)/100 -> 0 | I57: =G57*(100+E57)/100 -> 0
A58: =IF(OR(H58>0,I58>0),"Nur Tätigkeiten mit geplantem Aufwand","") | G58: =D58*F58 -> 0 | H58: =G58*(100-E58)/100 -> 0 | I58: =G58*(100+E58)/100 -> 0
A59: =IF(OR(H59>0,I59>0),"Nur Tätigkeiten mit geplantem Aufwand","") | G59: =D59*F59 -> 0 | H59: =G59*(100-E59)/100 -> 0 | I59: =G59*(100+E59)/100 -> 0
A60: =IF(OR(H60>0,I60>0),"Nur Tätigkeiten mit geplantem Aufwand","") | G60: =D60*F60 -> 0 | H60: =G60*(100-E60)/100 -> 0 | I60: =G60*(100+E60)/100 -> 0
A61: =IF(OR(H61>0,I61>0),"Nur Tätigkeiten mit geplantem Aufwand","") | G61: =D61*F61 -> 0 | H61: =G61*(100-E61)/100 -> 0 | I61: =G61*(100+E61)/100 -> 0
A62: =IF(OR(H62>0,I62>0),"Nur Tätigkeiten mit geplantem Aufwand","") | G62: =D62*F62 -> 0 | H62: =G62*(100-E62)/100 -> 0 | I62: =G62*(100+E62)/100 -> 0
... A65: =IF(OR(H65>0,I65>0),"Nur Tätigkeiten mit geplantem Aufwand","") | G65: =D65*F65 -> 0 | H65: =G65*(100-E65)/100 -> 0 | I65: =G65*(100+E65)/100 -> 0
A66: =IF(COUNTIF(A68:A82,"Nur Tätigkeiten mit geplantem Aufwand")>0,"Nur Tätigkeiten mit geplantem Aufwand","")
A67: =IF(COUNTIF(A68:A82,"Nur Tätigkeiten mit geplantem Aufwand")>0,"Nur Tätigkeiten mit geplantem Aufwand","") | B67: Heizung (inkl. zentrales Warmwasser) | G67: =SUM(G68:G82) -> 0 | H67: =SUM(H68:H82) -> 0 | I67: =SUM(I68:I82) -> 0
A68: =IF(OR(H68>0,I68>0),"Nur Tätigkeiten mit geplantem Aufwand","") | G68: =D68*F68 -> 0 | H68: =G68*(100-E68)/100 -> 0 | I68: =G68*(100+E68)/100 -> 0
A69: =IF(OR(H69>0,I69>0),"Nur Tätigkeiten mit geplantem Aufwand","") | G69: =D69*F69 -> 0 | H69: =G69*(100-E69)/100 -> 0 | I69: =G69*(100+E69)/100 -> 0
A70: =IF(OR(H70>0,I70>0),"Nur Tätigkeiten mit geplantem Aufwand","") | G70: =D70*F70 -> 0 | H70: =G70*(100-E70)/100 -> 0 | I70: =G70*(100+E70)/100 -> 0
A71: =IF(OR(H71>0,I71>0),"Nur Tätigkeiten mit geplantem Aufwand","") | G71: =D71*F71 -> 0 | H71: =G71*(100-E71)/100 -> 0 | I71: =G71*(100+E71)/100 -> 0
A72: =IF(OR(H72>0,I72>0),"Nur Tätigkeiten mit geplantem Aufwand","") | G72: =D72*F72 -> 0 | H72: =G72*(100-E72)/100 -> 0 | I72: =G72*(100+E72)/100 -> 0
A73: =IF(OR(H73>0,I73>0),"Nur Tätigkeiten mit geplantem Aufwand","") | G73: =D73*F73 -> 0 | H73: =G73*(100-E73)/100 -> 0 | I73: =G73*(100+E73)/100 -> 0
A74: =IF(OR(H74>0,I74>0),"Nur Tätigkeiten mit geplantem Aufwand","") | G74: =D74*F74 -> 0 | H74: =G74*(100-E74)/100 -> 0 | I74: =G74*(100+E74)/100 -> 0
A75: =IF(OR(H75>0,I75>0),"Nur Tätigkeiten mit geplantem Aufwand","") | G75: =D75*F75 -> 0 | H75: =G75*(100-E75)/100 -> 0 | I75: =G75*(100+E75)/100 -> 0
A76: =IF(OR(H76>0,I76>0),"Nur Tätigkeiten mit geplantem Aufwand","") | G76: =D76*F76 -> 0 | H76: =G76*(100-E76)/100 -> 0 | I76: =G76*(100+E76)/100 -> 0
A77: =IF(OR(H77>0,I77>0),"Nur Tätigkeiten mit geplantem Aufwand","") | G77: =D77*F77 -> 0 | H77: =G77*(100-E77)/100 -> 0 | I77: =G77*(100+E77)/100 -> 0
A78: =IF(OR(H78>0,I78>0),"Nur Tätigkeiten mit geplantem Aufwand","") | G78: =D78*F78 -> 0 | H78: =G78*(100-E78)/100 -> 0 | I78: =G78*(100+E78)/100 -> 0
A79: =IF(OR(H79>0,I79>0),"Nur Tätigkeiten mit geplantem Aufwand","") | G79: =D79*F79 -> 0 | H79: =G79*(100-E79)/100 -> 0 | I79: =G79*(100+E79)/100 -> 0
... A82: =IF(OR(H82>0,I82>0),"Nur Tätigkeiten mit geplantem Aufwand","") | G82: =D82*F82 -> 0 | H82: =G82*(100-E82)/100 -> 0 | I82: =G82*(100+E82)/100 -> 0
A83: =IF(COUNTIF(A85:A98,"Nur Tätigkeiten mit geplantem Aufwand")>0,"Nur Tätigkeiten mit geplantem Aufwand","")
A84: =IF(COUNTIF(A85:A98,"Nur Tätigkeiten mit geplantem Aufwand")>0,"Nur Tätigkeiten mit geplantem Aufwand","") | B84: Elektrik | G84: =SUM(G85:G99) -> 0 | H84: =SUM(H85:H99) -> 0 | I84: =SUM(I85:I99) -> 0
A85: =IF(OR(H85>0,I85>0),"Nur Tätigkeiten mit geplantem Aufwand","") | G85: =D85*F85 -> 0 | H85: =G85*(100-E85)/100 -> 0 | I85: =G85*(100+E85)/100 -> 0
A86: =IF(OR(H86>0,I86>0),"Nur Tätigkeiten mit geplantem Aufwand","") | G86: =D86*F86 -> 0 | H86: =G86*(100-E86)/100 -> 0 | I86: =G86*(100+E86)/100 -> 0
A87: =IF(OR(H87>0,I87>0),"Nur Tätigkeiten mit geplantem Aufwand","") | G87: =D87*F87 -> 0 | H87: =G87*(100-E87)/100 -> 0 | I87: =G87*(100+E87)/100 -> 0
A88: =IF(OR(H88>0,I88>0),"Nur Tätigkeiten mit geplantem Aufwand","") | G88: =D88*F88 -> 0 | H88: =G88*(100-E88)/100 -> 0 | I88: =G88*(100+E88)/100 -> 0
A89: =IF(OR(H89>0,I89>0),"Nur Tätigkeiten mit geplantem Aufwand","") | G89: =D89*F89 -> 0 | H89: =G89*(100-E89)/100 -> 0 | I89: =G89*(100+E89)/100 -> 0
A90: =IF(OR(H90>0,I90>0),"Nur Tätigkeiten mit geplantem Aufwand","") | G90: =D90*F90 -> 0 | H90: =G90*(100-E90)/100 -> 0 | I90: =G90*(100+E90)/100 -> 0
A91: =IF(OR(H91>0,I91>0),"Nur Tätigkeiten mit geplantem Aufwand","") | G91: =D91*F91 -> 0 | H91: =G91*(100-E91)/100 -> 0 | I91: =G91*(100+E91)/100 -> 0
A92: =IF(OR(H92>0,I92>0),"Nur Tätigkeiten mit geplantem Aufwand","") | G92: =D92*F92 -> 0 | H92: =G92*(100-E92)/100 -> 0 | I92: =G92*(100+E92)/100 -> 0
A93: =IF(OR(H93>0,I93>0),"Nur Tätigkeiten mit geplantem Aufwand","") | G93: =D93*F93 -> 0 | H93: =G93*(100-E93)/100 -> 0 | I93: =G93*(100+E93)/100 -> 0
A94: =IF(OR(H94>0,I94>0),"Nur Tätigkeiten mit geplantem Aufwand","") | G94: =D94*F94 -> 0 | H94: =G94*(100-E94)/100 -> 0 | I94: =G94*(100+E94)/100 -> 0
A95: =IF(OR(H95>0,I95>0),"Nur Tätigkeiten mit geplantem Aufwand","") | G95: =D95*F95 -> 0 | H95: =G95*(100-E95)/100 -> 0 | I95: =G95*(100+E95)/100 -> 0
A96: =IF(OR(H96>0,I96>0),"Nur Tätigkeiten mit geplantem Aufwand","") | G96: =D96*F96 -> 0 | H96: =G96*(100-E96)/100 -> 0 | I96: =G96*(100+E96)/100 -> 0
... A99: =IF(OR(H99>0,I99>0),"Nur Tätigkeiten mit geplantem Aufwand","") | G99: =D99*F99 -> 0 | H99: =G99*(100-E99)/100 -> 0 | I99: =G99*(100+E99)/100 -> 0
A100: =IF(COUNTIF(A102:A115,"Nur Tätigkeiten mit geplantem Aufwand")>0,"Nur Tätigkeiten mit geplantem Aufwand","")
A101: =IF(COUNTIF(A102:A115,"Nur Tätigkeiten mit geplantem Aufwand")>0,"Nur Tätigkeiten mit geplantem Aufwand","") | B101: Fenster/Türen | G101: =SUM(G102:G116) -> 0 | H101: =SUM(H102:H116) -> 0 | I101: =SUM(I102:I116) -> 0
A102: =IF(OR(H102>0,I102>0),"Nur Tätigkeiten mit geplantem Aufwand","") | G102: =D102*F102 -> 0 | H102: =G102*(100-E102)/100 -> 0 | I102: =G102*(100+E102)/100 -> 0
A103: =IF(OR(H103>0,I103>0),"Nur Tätigkeiten mit geplantem Aufwand","") | G103: =D103*F103 -> 0 | H103: =G103*(100-E103)/100 -> 0 | I103: =G103*(100+E103)/100 -> 0
A104: =IF(OR(H104>0,I104>0),"Nur Tätigkeiten mit geplantem Aufwand","") | G104: =D104*F104 -> 0 | H104: =G104*(100-E104)/100 -> 0 | I104: =G104*(100+E104)/100 -> 0
A105: =IF(OR(H105>0,I105>0),"Nur Tätigkeiten mit geplantem Aufwand","") | G105: =D105*F105 -> 0 | H105: =G105*(100-E105)/100 -> 0 | I105: =G105*(100+E105)/100 -> 0
A106: =IF(OR(H106>0,I106>0),"Nur Tätigkeiten mit geplantem Aufwand","") | G106: =D106*F106 -> 0 | H106: =G106*(100-E106)/100 -> 0 | I106: =G106*(100+E106)/100 -> 0
A107: =IF(OR(H107>0,I107>0),"Nur Tätigkeiten mit geplantem Aufwand","") | G107: =D107*F107 -> 0 | H107: =G107*(100-E107)/100 -> 0 | I107: =G107*(100+E107)/100 -> 0
A108: =IF(OR(H108>0,I108>0),"Nur Tätigkeiten mit geplantem Aufwand","") | G108: =D108*F108 -> 0 | H108: =G108*(100-E108)/100 -> 0 | I108: =G108*(100+E108)/100 -> 0
A109: =IF(OR(H109>0,I109>0),"Nur Tätigkeiten mit geplantem Aufwand","") | G109: =D109*F109 -> 0 | H109: =G109*(100-E109)/100 -> 0 | I109: =G109*(100+E109)/100 -> 0
A110: =IF(OR(H110>0,I110>0),"Nur Tätigkeiten mit geplantem Aufwand","") | G110: =D110*F110 -> 0 | H110: =G110*(100-E110)/100 -> 0 | I110: =G110*(100+E110)/100 -> 0
A111: =IF(OR(H111>0,I111>0),"Nur Tätigkeiten mit geplantem Aufwand","") | G111: =D111*F111 -> 0 | H111: =G111*(100-E111)/100 -> 0 | I111: =G111*(100+E111)/100 -> 0
A112: =IF(OR(H112>0,I112>0),"Nur Tätigkeiten mit geplantem Aufwand","") | G112: =D112*F112 -> 0 | H112: =G112*(100-E112)/100 -> 0 | I112: =G112*(100+E112)/100 -> 0
A113: =IF(OR(H113>0,I113>0),"Nur Tätigkeiten mit geplantem Aufwand","") | G113: =D113*F113 -> 0 | H113: =G113*(100-E113)/100 -> 0 | I113: =G113*(100+E113)/100 -> 0
... A116: =IF(OR(H116>0,I116>0),"Nur Tätigkeiten mit geplantem Aufwand","") | G116: =D116*F116 -> 0 | H116: =G116*(100-E116)/100 -> 0 | I116: =G116*(100+E116)/100 -> 0
A117: =IF(COUNTIF(A119:A133,"Nur Tätigkeiten mit geplantem Aufwand")>0,"Nur Tätigkeiten mit geplantem Aufwand","") -> Nur Tätigkeiten mit geplantem Aufwand
A118: =IF(COUNTIF(A119:A133,"Nur Tätigkeiten mit geplantem Aufwand")>0,"Nur Tätigkeiten mit geplantem Aufwand","") -> Nur Tätigkeiten mit geplantem Aufwand | B118: Estrich/Boden/Wandfliesen | G118: =SUM(G119:G133) -> 1260 | H118: =SUM(H119:H133) -> 1008 | I118: =SUM(I119:I133) -> 1512
A119: =IF(OR(H119>0,I119>0),"Nur Tätigkeiten mit geplantem Aufwand","") -> Nur Tätigkeiten mit geplantem Aufwand | B119: Verklebten Teppich/PVC entfernen, Boden neu grundieren, komplett | C119: m² Fläche | D119: 10 | E119: 20 | F119: 30 | G119: =D119*F119 -> 300 | H119: =G119*(100-E119)/100 -> 240 | I119: =G119*(100+E119)/100 -> 360
A120: =IF(OR(H120>0,I120>0),"Nur Tätigkeiten mit geplantem Aufwand","") -> Nur Tätigkeiten mit geplantem Aufwand | B120: Vinyl Material und Verlegen auf Estrich (mittel) | C120: m² Fläche | D120: 32 | E120: 20 | F120: 30 | G120: =D120*F120 -> 960 | H120: =G120*(100-E120)/100 -> 768 | I120: =G120*(100+E120)/100 -> 1152
...

Sheet Konfiguration
B1: zurück zum Cockpit | E1: Konfiguration
B6: Schwellwerte für Kennzahlen-Farben
B7: Kennzahl | C7: Grün | D7: Gelb | E7: Rot
B8: Bruttomietrendite | C8: 0.05 | D8: 0.04 | E8: 0.03 | F8: =IF(NOT(AND(C8>D8,D8>E8)),"Ungültige Kombination. Grün muss > gelb muss > rot sein.","")
B9: Nettomietrendite | C9: 0.04 | D9: 0.03 | E9: 0.02 | F9: =IF(NOT(AND(C9>D9,D9>E9)),"Ungültige Kombination. Grün muss > gelb muss > rot sein.","")
B10: Eigenkapitalrendite | C10: 0.2 | D10: 0.1 | E10: 0.05 | F10: =IF(NOT(AND(C10>D10,D10>E10)),"Ungültige Kombination. Grün muss > gelb muss > rot sein.","")
B11: Cashflow operativ | C11: =Cockpit!Q22/4 -> -115.9375 | D11: =Cockpit!Q22/2 -> -231.875 | E11: =Cockpit!Q22 -> -463.75 | F11: =IF(NOT(AND(C11>D11,D11>E11)),"Ungültige Kombination. Grün muss > gelb muss > rot sein.","")
B12: Cashflow nach Steuern | C12: =Cockpit!Q22/4 -> -115.9375 | D12: =Cockpit!Q22/2 -> -231.875 | E12: =Cockpit!Q22 -> -463.75 | F12: =IF(NOT(AND(C12>D12,D12>E12)),"Ungültige Kombination. Grün muss > gelb muss > rot sein.","")
B14: Keine Gewähr für die Richtigkeit der Angaben. Dieses Tool ersetzt keine fundierte Rechts-, Steuer- oder Finanzberatung. Mehr Details hier.

Sheet Haushaltsrechnung
B1: zurück zum Bankgespräch | G1: Vorlage: Haushaltsrechnung
C7: Haushaltsrechnung
C8: Max Mustermann | O8: Stichtag: 01.01.2017
C10: Persönliche Angaben
C11: Name: | D11: Max Mustermann | K11: Familienstand: | M11: Verheiratet
C12: Anschrift: | D12: Musterstraße 11 | K12: Güterstand: | M12: Gesetzlich
D13: 12345 Musterstadt | K13: Kinder: | M13: Keine
C15: Einkommensverhältnisse
C17: Einkünfte | H17: Betrag p.a. | I17: mntl. | K17: Kommentar
C18: Lohn / Gehalt (netto) I | H18: =12*I18 -> 26400 | I18: 2200
C19: Lohn / Gehalt (netto) II | H19: =12*I19 -> 2400 | I19: 200
C20: Einkünfte aus selbstständiger Arbeit | H20: =12*I20 -> 0 | I20: 0
C21: Rente / Pension | H21: =12*I21 -> 0 | I21: 0
C22: Zinsen | H22: =12*I22 -> 600 | I22: 50
C23: Miet- / Pachteinnahmen (netto/kalt) | H23: =12*I23 -> 3600 | I23: 300
C24: Staatliche Leistungen | H24: =12*I24 -> 0 | I24: 0
C25: Sonstige Einkünfte | H25: =12*I25 -> 0 | I25: 0
C26: Summe | H26: =12*I26 -> 33000 | I26: =SUM(I18:I25) -> 2750
C28: Ausgaben | H28: Betrag p.a. | I28: mntl. | K28: Kommentar
C29: Wohnen inkl. Nebenkosten | H29: =I29*12 -> 7800 | I29: 650 | K29: inkl. Strom, Internet, TV etc.
C30: Nahrungs- und Genussmittel | H30: =I30*12 -> 2400 | I30: 200
C31: Anschaffungen | H31: =I31*12 -> 1200 | I31: 100 | K31: inkl. Bekleidung
C32: Freizeit, Kultur und Hobby | H32: =I32*12 -> 1200 | I32: 100 | K32: Fitness-Center, Fotografie-Ausstattung
C33: Urlaub | H33: =I33*12 -> 900 | I33: 75
C34: Mobilität | H34: =I34*12 -> 1800 | I34: 150 | K34: PKW in Eigentum
C35: Kommunikation | H35: =I35*12 -> 300 | I35: 25
C36: Spenden | H36: =I36*12 -> 600 | I36: 50
C37: Laufende Sparverträge | H37: =I37*12 -> 600 | I37: 50 | K37: Aktienanlage
C38: Beiträge zur Altersvorsorge | H38: =I38*12 -> 1944 | I38: 162 | K38: Riester
C39: Private Versicherungen | H39: =I39*12 -> 960 | I39: 80 | K39: BU, Unfall, Risiko-Leben
C40: Vermietete Immobilien: Bewirtschaftung | H40: =I40*12 -> 1044 | I40: 87 | K40: nicht umagefähig, inkl. Rücklagen
C41: Vermietete Immobilien: Kapitaldienst | H41: =I41*12 -> 2244 | I41: 187
C42: Ausgaben aus selbstständiger Arbeit | H42: =I42*12 -> 0 | I42: 0
C43: Unterhaltszahlungen | H43: =I43*12 -> 0 | I43: 0
C44: Sonstiges | H44: =I44*12 -> 1200 | I44: 100
C45: Summe | H45: =I45*12 -> 24192 | I45: =SUM(I29:I44) -> 2016
C47: Haushaltsüberschuss | H47: Betrag p.a. | I47: mntl. | K47: Kommentar
C48: Einnahmen | H48: =12*I48 -> 33000 | I48: =I26 -> 2750
C49: Ausgaben | H49: =12*I49 -> 24192 | I49: =I45 -> 2016
C50: Differenz | H50: =12*I50 -> 8808 | I50: =I48-I49 -> 734 | K50: = Haushaltsüberschuss
B53: Keine Gewähr für die Richtigkeit der Angaben. Dieses Tool ersetzt keine fundierte Rechts-, Steuer- oder Finanzberatung. Mehr Details hier.

Sheet Vermögensaufstellung
B1: zurück zum Bankgespräch | G1: Vorlage: Vermögensaufstellung
C7: Vermögensaufstellung
C8: Max Mustermann | O8: Stichtag: 01.01.2017
C10: Persönliche Angaben
C11: Name: | D11: Max Mustermann | K11: Familienstand: | M11: Verheiratet
C12: Anschrift: | D12: Musterstraße 11 | K12: Güterstand: | M12: Gesetzlich
D13: 12345 Musterstadt | K13: Kinder: | M13: Keine
C15: Vermögensverhältnisse
C17: Vermögensgegenstände | H17: Betrag | I17: Verpfändet | K17: Kommentar
C18: Girokonto Deutsche Bank | H18: 5100 | I18: Nein
C19: Girokonto Postbank | H19: 4200 | I19: Nein | K19: Ehe-Konto
C20: Wertpapier Depot Deutsche Bank | H20: 22000 | I20: Nein | K20: aktueller Kurswert
C21: Tagesgeldkonto Deutsche Bank | H21: 4500 | I21: Nein
C22: Immobilienvermögen | H22: 179000 | I22: Nein | K22: siehe separate Übersicht
C23: Lebensversicherung Allianz | H23: 24000 | I23: Nein | K23: aktueller Rückkaufswert
C24: Bausparvertrag Schwäbisch Hall | H24: 22000 | I24: Nein | K24: aktuelles Guthaben
C25: Summe | H25: =SUM(H18:H24) -> 260800
C27: Verbindlichkeiten | H27: Valuta | K27: Kommentar
C28: Dispositionskredite | H28: 0 | K28: keine
C29: Konsumkredite | H29: 16000 | K29: Finanzierung PKW
C30: Immobiliendarlehen | H30: 122000 | K30: siehe separate Übersicht
C31: Übernommene Bürgschaften | H31: 0 | K31: keine
C32: Steuerschulden | H32: 0 | K32: keine
C33: Summe | H33: =SUM(H28:H32) -> 138000
C35: Vermögensaufstellung | H35: Betrag | K35: Kommentar
C36: Vermögensgegenstände | H36: =H25 -> 260800
C37: Verbindlichkeiten | H37: =-H33 -> -138000
C38: Differenz | H38: =SUM(H36:H37) -> 122800 | K38: = Netto-Vermögen
B41: Keine Gewähr für die Richtigkeit der Angaben. Dieses Tool ersetzt keine fundierte Rechts-, Steuer- oder Finanzberatung. Mehr Details hier.
